Workbook
Name FG: #REF!
Name vbg: #REF!
Name XDO: #REF!
Name XDO_?ACTDOMCODE?: #REF!
Name XDO_?ACTDOMCODE?: #REF!
Name XDO_?ACTDOMNAME?: #REF!
Name XDO_?BELONG210FL?: #REF!
Name XDO_?CSMCTGY_NAME?: #REF!
Name XDO_?CSMCTGY_NAME?: #REF!
Name XDO_?inst_Fullname?: #REF!
Name XDO_?inst_Fullname?: #REF!
Name XDO_?INST_NAME?: #REF!
Name XDO_?INST_NAME?: #REF!
Name XDO_?INSTKND_NAME?: #REF!
Name XDO_?LGLACT_APPROVEDBY?: #REF!
Name XDO_?LGLACT_APPRVDAT?: #REF!
Name XDO_?LGLACT_NAME?: #REF!
Name XDO_?NAME_1?: #REF!
Name XDO_?NAME_1?: #REF!
Name XDO_?NAME_2?: #REF!
Name XDO_?NAME_2?: #REF!
Name XDO_?NAME_CODE?: #REF!
Name XDO_?NAME_CODE?: #REF!
Name XDO_?NAME_NAME?: #REF!
Name XDO_?NAME_NAME?: #REF!
Name XDO_?NCSRLYBELONG210FL?: #REF!
Name XDO_?NPA_DESCRIPTIONS?: #REF!
Name XDO_?NPA_DESCRIPTIONS?: #REF!
Name XDO_?PBL_NAMES?: #REF!
Name XDO_?QI_NAME?: #REF!
Name XDO_?QI_NAME?: #REF!
Name XDO_?RCA_CODE?: #REF!
Name XDO_?RCA_CODE?: #REF!
Name XDO_?REGRNUMBER?: #REF!
Name XDO_?REGRNUMBER?: #REF!
Name XDO_?ROWNUMBER?: #REF!
Name XDO_?RUCLSPRECACS_CODE?: #REF!
Name XDO_?SC_NAME_1?: #REF!
Name XDO_?SC_NAME_1?: #REF!
Name XDO_?SC_NAME_2?: #REF!
Name XDO_?SC_NAME_2?: #REF!
Name XDO_?SC_NAME_3?: #REF!
Name XDO_?SC_NAME_3?: #REF!
Name XDO_?Service_Belong210FL?: #REF!
Name XDO_?Service_Belong210FL?: #REF!
Name XDO_?Service_NcsrlyBelong210FL?: #REF!
Name XDO_?Service_NcsrlyBelong210FL?: #REF!
Name XDO_?SVCKIND?: #REF!
Name XDO_?SVCKIND?: #REF!
Name XDO_?SVCPAID?: #REF!
Name XDO_?SVCPAID?: #REF!
Name XDO_?VOLIND_NAME?: #REF!
Name XDO_?VOLIND_NAME?: #REF!
Name XDO_?XDOFIELD1?: #REF!
Name XDO_?XDOFIELD1?: #REF!
Name XDO_?XDOFIELD2?: #REF!
Name XDO_?XDOFIELD2?: #REF!
Name XDO_?XDOFIELD3?: #REF!
Name XDO_?XDOFIELD3?: #REF!
Name XDO_GROUP_?HEADER?: #REF!

Sheet часть 1.1 ПК
A1: Часть 1. Сведения об оказываемых государственных услугах
G2: Раздел | H2: 1
A4: 1. Наименование государственной услуги | L4: Код по общероссийскому базовому перечню услуг или региональному перечню государственных (муниципальных) услуг и работ | N4: ББ60
A5: Реализация дополнительных профессиональных программ повышения квалификации
A6: (из общероссийских базовых перечней услуг или регионального перечня государственных (муниципальных) услуг и работ)
A7: 2. Категории потребителей государственной услуги
A8: Физические лица, имеющие или получающие среднее профессиональное и (или) высшее образование
A10: 3. Показатели, характеризующие объем и (или) качество государственной услуги
A11: 3.1. Показатели, характеризующие качество государственной услуги
A13: Уникальный номер реестровой записи | B13: Показатель, характеризующий содержание государственной услуги (по справочникам) | E13: Показатель, характеризующий условия (формы) оказания государственной услуги (по справочникам) | G13: Показатель качества государственной услуги | J13: Значения показателей качества государственной услуги | M13: Допустимые (возможные) отклонения от установленных показателей качества государственной услуги
B14: ____________ (наименование показателя ) | C14: ____________ (наименование показателя ) | D14: ____________ (наименование показателя ) | E14: ____________ (наименование показателя ) | F14: ____________ (наименование показателя ) | G14: наименование показателя | H14: единица измерения | J14: 2026 год (очередной финансовый год) | K14: 2027 год (1-й год планового периода) | L14: 2028 год (2-й год планового периода) | M14: в процентах | N14: в абсолютных показателях
H15: наимено-вание | I15: код по ОКЕИ | K15: (1-й год планового периода)
A17: 1 | B17: 2 | C17: 3 | D17: 4 | E17: 5 | F17: 6 | G17: 7 | H17: 8 | I17: 9 | J17: 10 | K17: 11 | L17: 12 | M17: 13 | N17: 14
A21: 3.2. Показатели, характеризующие объем государственной услуги
A23: Уникальный номер реестровой записи | B23: Показатель, характеризующий содержание государственной услуги (по справочникам) | E23: Показатель, характеризующий условия (формы) оказания государственной услуги (по справочникам) | G23: Показатель объема государственной услуги | J23: Значение показателя объема государственной услуги | M23: Допустимые (возможные) отклонения от установленных показателей объема государственной услуги
B24: Содержание услуги 1 (Категория потребителей) | C24: Содержание услуги 2 (Виды образовательных программ) | D24: Содержание услуги 3 (наименование показателя ) | E24: Условия (формы) оказания услуги 1 (Формы образования и формы реализации образовательных программ) | F24: Условия (формы) оказания услуги 2 (наименование показателя) | G24: наименование показателя | H24: единица измерения | J24: 2026 год (очередной финансовый год) | K24: 2027 год (1-й год планового периода) | L24: 2028 год (2-й год планового периода) | M24: в процентах | N24: в абсолютных показателях
H25: наименование | I25: код по ОКЕИ | K25: (1-й год планового периода)
A27: 1 | B27: 2 | C27: 3 | D27: 4 | E27: 5 | F27: 6 | G27: 7 | H27: 8 | I27: 9 | J27: 10 | K27: 11 | L27: 12 | M27: 13 | N27: 14
A28: 804200О.99.0.ББ60АБ25001 | B28: не указано | C28: не указано | E28: очно-заочная с применением дистанционных образовательных технологий | G28: количество человеко-часов | H28: человеко-час | I28: 539 | J28: 228600 | K28: 228600 | L28: 228600 | M28: =ROUND(N28/J28*100,1) -> 5 | N28: =ROUNDDOWN(J28*0.05,0) -> 11430
A29: 804200О.99.0.ББ60АБ24001 | B29: не указано | C29: не указано | E29: очно-заочная | G29: количество человеко-часов | H29: человеко-час | I29: 539 | J29: 35100 | K29: 35100 | L29: 35100 | M29: =ROUND(N29/J29*100,1) -> 5 | N29: =ROUNDDOWN(J29*0.05,0) -> 1755
A30: 804200О.99.0.ББ60АБ31001 | B30: не указано | C30: не указано | E30: заочная с применением дистанционных образовательных технологий и электронного обучения | G30: количество человеко-часов | H30: человеко-час | I30: 539 | J30: 1800 | K30: 1800 | L30: 1800 | M30: =ROUND(N30/J30*100,1) -> 5 | N30: =ROUNDDOWN(J30*0.05,0) -> 90
A31: 804200О.99.0.ББ60АБ28001 | B31: не указано | C31: не указано | E31: заочная | G31: количество человеко-часов | H31: человеко-час | I31: 539 | J31: 1584 | K31: 1584 | L31: 1584 | M31: =ROUND(N31/J31*100,1) -> 5 | N31: =ROUNDDOWN(J31*0.05,0) -> 79
R32: =SUM(#REF!) -> #REF! | S32: =SUM(#REF!) -> #REF! | T32: =SUM(#REF!) -> #REF!
A33: 4. Нормативные правовые акты, устанавливающие размер платы (цену, тариф) либо порядок ее (его) установления | R33: =R32+#REF! -> #REF! | S33: =S32+#REF! -> #REF! | T33: =T32+#REF! -> #REF!
A35: Нормативный правовой акт
A36: вид | D36: принявший орган | F36: дата | H36: номер | K36: наименование
A37: 1 | D37: 2 | F37: 3 | H37: 4 | K37: 5
A40: 4.1. Предельные значения цен (тарифов)
A42: Наименование услуги | D42: Цена (тариф), единица измерения
A43: 1 | D43: 2
A46: 5. Порядок оказания государственной услуги
A47: 5.1. Нормативные правовые акты, регулирующие порядок оказания государственной услуги
A49: Федеральный закон от 21.12.2021 №414-ФЗ "Об общих принципах организации законодательных (представительных) и исполнительных органов государственной власти субъектов Российской Федерации"
A50: Федеральный закон от 29.12.2012 №273-ФЗ "Об образовании в Российской Федерации"
A51: Федеральный закон от 06.10.2003 №131-ФЗ "Об общих принципах организации местного самоуправления в Российской Федерации"
A52: Приказ Минобрнауки РФ от 01.07.2013 №499 "Об утверждении Порядка организации и осуществления образовательной деятельности по дополнительным профессиональным программам"
A53: (наименование, номер и дата нормативного правового акта)
A55: 5.2. Порядок информирования потенциальных потребителей государственной услуги
A57: Способ информирования | E57: Состав размещаемой (доводимой) информации | M57: Частота обновления информации
A58: 1 | E58: 2 | M58: 3
A59: Информационно-телекоммуникационные сети общего пользования (веб-сайт, веб-портал) | E59: Информация об условиях приема и обучения, образцы требуемых документов; нормативные документы | M59: не реже 1 раза в год
A60: Средства массовой информации | E60: Информация об условиях приема и обучения, образцы требуемых документов; нормативные документы | M60: не реже 1 раза в год
A61: Информационные стенды | E61: Информация об условиях приема и обучения, образцы требуемых документов; нормативные документы | M61: не реже 1 раза в год
A62: Иные предусмотренные способы информирования | E62: Информация об условиях приема и обучения, образцы требуемых документов; нормативные документы | M62: не реже 1 раза в год

Sheet часть 1.2 ПМПК НО
A1: Часть 1. Сведения об оказываемых государственных услугах
G2: Раздел | H2: 2
A4: 1. Наименование государственной услуги | L4: Код по общероссийскому базовому перечню услуг или региональному перечню государственных (муниципальных) услуг и работ | N4: БА84
A5: Психолого-медико-педагогическое обследование детей
A6: (из общероссийских базовых перечней услуг или регионального перечня государственных (муниципальных) услуг и работ)
A7: 2. Категории потребителей государственной услуги
A8: Физические лица
A10: 3. Показатели, характеризующие объем и (или) качество государственной услуги
A11: 3.1. Показатели, характеризующие качество государственной услуги
A13: Уникальный номер реестровой записи | B13: Показатель, характеризующий содержание государственной услуги (по справочникам) | E13: Показатель, характеризующий условия (формы) оказания государственной услуги (по справочникам) | G13: Показатель качества государственной услуги | J13: Значения показателей качества государственной услуги | M13: Допустимые (возможные) отклонения от установленных показателей качества государственной услуги
B14: ____________ (наименование показателя ) | C14: ____________ (наименование показателя ) | D14: ____________ (наименование показателя ) | E14: ____________ (наименование показателя ) | F14: ____________ (наименование показателя ) | G14: наименование показателя | H14: единица измерения | J14: 2026 год (очередной финансовый год) | K14: 2027 год (1-й год планового периода) | L14: 2028 год (2-й год планового периода) | M14: в процентах | N14: в абсолютных показателях
H15: наимено-вание | I15: код по ОКЕИ | K15: (1-й год планового периода)
A17: 1 | B17: 2 | C17: 3 | D17: 4 | E17: 5 | F17: 6 | G17: 7 | H17: 8 | I17: 9 | J17: 10 | K17: 11 | L17: 12 | M17: 13 | N17: 14
A21: 3.2. Показатели, характеризующие объем государственной услуги
A23: Уникальный номер реестровой записи | B23: Показатель, характеризующий содержание государственной услуги (по справочникам) | E23: Показатель, характеризующий условия (формы) оказания государственной услуги (по справочникам) | G23: Показатель объема государственной услуги | J23: Значение показателя объема государственной услуги | M23: Допустимые (возможные) отклонения от установленных показателей объема государственной услуги
B24: Содержание услуги 1 (наименование показателя ) | C24: Содержание услуги 2 (наименование показателя ) | D24: Содержание услуги 3 (наименование показателя ) | E24: Условия (формы) оказания услуги 1 (Условие 1 для 34 вида деятельности) | F24: Условия (формы) оказания услуги 2 (наименование показателя) | G24: наименование показателя | H24: единица измерения | J24: 2026 год (очередной финансовый год) | K24: 2027 год (1-й год планового периода) | L24: 2028 год (2-й год планового периода) | M24: в процентах | N24: в абсолютных показателях
H25: наименование | I25: код по ОКЕИ | K25: (1-й год планового периода)
A27: 1 | B27: 2 | C27: 3 | D27: 4 | E27: 5 | F27: 6 | G27: 7 | H27: 8 | I27: 9 | J27: 10 | K27: 11 | L27: 12 | M27: 13 | N27: 14
A28: 880900О.99.0.БА84АА00000 | E28: не указано | G28: число обучающихся | H28: человек | I28: 792 | J28: =200+6 -> 206 | K28: =200+6 -> 206 | L28: =200+6 -> 206 | M28: =ROUND(N28/J28*100,1) -> 4.9 | N28: =ROUNDDOWN(J28*0.05,0) -> 10
R29: =SUM(#REF!) -> #REF! | S29: =SUM(#REF!) -> #REF! | T29: =SUM(#REF!) -> #REF!
A30: 4. Нормативные правовые акты, устанавливающие размер платы (цену, тариф) либо порядок ее (его) установления | R30: =R29+#REF! -> #REF! | S30: =S29+#REF! -> #REF! | T30: =T29+#REF! -> #REF!
A32: Нормативный правовой акт
A33: вид | D33: принявший орган | F33: дата | H33: номер | K33: наименование
A34: 1 | D34: 2 | F34: 3 | H34: 4 | K34: 5
A44: 4.1. Предельные значения цен (тарифов)
A46: Наименование услуги | D46: Цена (тариф), единица измерения
A47: 1 | D47: 2
A50: 5. Порядок оказания государственной услуги
A51: 5.1. Нормативные правовые акты, регулирующие порядок оказания государственной услуги
A53: Федеральный закон от 29.12.2012 №273-ФЗ "Об образовании в Российской Федерации"
A54: Федеральный закон от 24.06.1999 №120-ФЗ "Об основах системы профилактики безнадзорности и правонарушений несовершеннолетних"
A57: (наименование, номер и дата нормативного правового акта)
A59: 5.2. Порядок информирования потенциальных потребителей государственной услуги
A61: Способ информирования | E61: Состав размещаемой (доводимой) информации | M61: Частота обновления информации
A62: 1 | E62: 2 | M62: 3
A63: Информационно-телекоммуникационные сети общего пользования (веб-сайт, веб-портал) | E63: Информация об условиях приема и обучения, образцы требуемых документов; нормативные документы | M63: не реже 1 раза в год
A64: Средства массовой информации | E64: Информация об условиях приема и обучения, образцы требуемых документов; нормативные документы | M64: не реже 1 раза в год
A65: Информационные стенды | E65: Информация об условиях приема и обучения, образцы требуемых документов; нормативные документы | M65: не реже 1 раза в год
A66: Иные предусмотренные способы информирования | E66: Информация об условиях приема и обучения, образцы требуемых документов; нормативные документы | M66: не реже 1 раза в год

Sheet часть 1.3 ПМПК ОО
A1: Часть 1. Сведения об оказываемых государственных услугах
G2: Раздел | H2: 3
A4: 1. Наименование государственной услуги | L4: Код по общероссийскому базовому перечню услуг или региональному перечню государственных (муниципальных) услуг и работ | N4: БА98
A5: Психолого-медико-педагогическое обследование детей
A6: (из общероссийских базовых перечней услуг или регионального перечня государственных (муниципальных) услуг и работ)
A7: 2. Категории потребителей государственной услуги
A8: Физические лица
A10: 3. Показатели, характеризующие объем и (или) качество государственной услуги
A11: 3.1. Показатели, характеризующие качество государственной услуги
A13: Уникальный номер реестровой записи | B13: Показатель, характеризующий содержание государственной услуги (по справочникам) | E13: Показатель, характеризующий условия (формы) оказания государственной услуги (по справочникам) | G13: Показатель качества государственной услуги | J13: Значения показателей качества государственной услуги | M13: Допустимые (возможные) отклонения от установленных показателей качества государственной услуги
B14: ____________ (наименование показателя ) | C14: ____________ (наименование показателя ) | D14: ____________ (наименование показателя ) | E14: ____________ (наименование показателя ) | F14: ____________ (наименование показателя ) | G14: наименование показателя | H14: единица измерения | J14: 2026 год (очередной финансовый год) | K14: 2027 год (1-й год планового периода) | L14: 2028 год (2-й год планового периода) | M14: в процентах | N14: в абсолютных показателях
H15: наимено-вание | I15: код по ОКЕИ | K15: (1-й год планового периода)
A17: 1 | B17: 2 | C17: 3 | D17: 4 | E17: 5 | F17: 6 | G17: 7 | H17: 8 | I17: 9 | J17: 10 | K17: 11 | L17: 12 | M17: 13 | N17: 14
A21: 3.2. Показатели, характеризующие объем государственной услуги
A23: Уникальный номер реестровой записи | B23: Показатель, характеризующий содержание государственной услуги (по справочникам) | E23: Показатель, характеризующий условия (формы) оказания государственной услуги (по справочникам) | G23: Показатель объема государственной услуги | J23: Значение показателя объема государственной услуги | M23: Допустимые (возможные) отклонения от установленных показателей объема государственной услуги
B24: Содержание услуги 1 (наименование показателя ) | C24: Содержание услуги 2 (наименование показателя ) | D24: Содержание услуги 3 (наименование показателя ) | E24: Условия (формы) оказания услуги 1 (Место получения услуги) | F24: Условия (формы) оказания услуги 2 (наименование показателя) | G24: наименование показателя | H24: единица измерения | J24: 2026 год (очередной финансовый год) | K24: 2027 год (1-й год планового периода) | L24: 2028 год (2-й год планового периода) | M24: в процентах | N24: в абсолютных показателях
H25: наименование | I25: код по ОКЕИ | K25: (1-й год планового периода)
A27: 1 | B27: 2 | C27: 3 | D27: 4 | E27: 5 | F27: 6 | G27: 7 | H27: 8 | I27: 9 | J27: 10 | K27: 11 | L27: 12 | M27: 13 | N27: 14
A28: 880900О.99.0.БА98АА00000 | E28: не указано | G28: число обучающихся | H28: человек | I28: 792 | J28: =280+31 -> 311 | K28: =280+31 -> 311 | L28: =280+31 -> 311 | M28: =ROUND(N28/J28*100,1) -> 4.8 | N28: =ROUNDDOWN(J28*0.05,0) -> 15
R29: =SUM(#REF!) -> #REF! | S29: =SUM(#REF!) -> #REF! | T29: =SUM(#REF!) -> #REF!
A30: 4. Нормативные правовые акты, устанавливающие размер платы (цену, тариф) либо порядок ее (его) установления | R30: =R29+#REF! -> #REF! | S30: =S29+#REF! -> #REF! | T30: =T29+#REF! -> #REF!
A32: Нормативный правовой акт
A33: вид | D33: принявший орган | F33: дата | H33: номер | K33: наименование
A34: 1 | D34: 2 | F34: 3 | H34: 4 | K34: 5
A44: 4.1. Предельные значения цен (тарифов)
A46: Наименование услуги | D46: Цена (тариф), единица измерения
A47: 1 | D47: 2
A50: 5. Порядок оказания государственной услуги
A51: 5.1. Нормативные правовые акты, регулирующие порядок оказания государственной услуги
A53: Федеральный закон от 29.12.2012 №273-ФЗ "Об образовании в Российской Федерации"
A54: Федеральный закон от 24.06.1999 №120-ФЗ "Об основах системы профилактики безнадзорности и правонарушений несовершеннолетних"
A57: (наименование, номер и дата нормативного правового акта)
A59: 5.2. Порядок информирования потенциальных потребителей государственной услуги
A61: Способ информирования | E61: Состав размещаемой (доводимой) информации | M61: Частота обновления информации
A62: 1 | E62: 2 | M62: 3
A63: Информационно-телекоммуникационные сети общего пользования (веб-сайт, веб-портал) | E63: Информация об условиях приема и обучения, образцы требуемых документов; нормативные документы | M63: не реже 1 раза в год
A64: Средства массовой информации | E64: Информация об условиях приема и обучения, образцы требуемых документов; нормативные документы | M64: не реже 1 раза в год
A65: Информационные стенды | E65: Информация об условиях приема и обучения, образцы требуемых документов; нормативные документы | M65: не реже 1 раза в год
A66: Иные предусмотренные способы информирования | E66: Информация об условиях приема и обучения, образцы требуемых документов; нормативные документы | M66: не реже 1 раза в год

Sheet часть 1.4 ПМПК СО
A1: Часть 1. Сведения об оказываемых государственных услугах
G2: Раздел | H2: 4
A4: 1. Наименование государственной услуги | L4: Код по общероссийскому базовому перечню услуг или региональному перечню государственных (муниципальных) услуг и работ | N4: ББ13
A5: Психолого-медико-педагогическое обследование детей
A6: (из общероссийских базовых перечней услуг или регионального перечня государственных (муниципальных) услуг и работ)
A7: 2. Категории потребителей государственной услуги
A8: Физические лица
A10: 3. Показатели, характеризующие объем и (или) качество государственной услуги
A11: 3.1. Показатели, характеризующие качество государственной услуги
A13: Уникальный номер реестровой записи | B13: Показатель, характеризующий содержание государственной услуги (по справочникам) | E13: Показатель, характеризующий условия (формы) оказания государственной услуги (по справочникам) | G13: Показатель качества государственной услуги | J13: Значения показателей качества государственной услуги | M13: Допустимые (возможные) отклонения от установленных показателей качества государственной услуги
B14: ____________ (наименование показателя ) | C14: ____________ (наименование показателя ) | D14: ____________ (наименование показателя ) | E14: ____________ (наименование показателя ) | F14: ____________ (наименование показателя ) | G14: наименование показателя | H14: единица измерения | J14: 2026 год (очередной финансовый год) | K14: 2027 год (1-й год планового периода) | L14: 2028 год (2-й год планового периода) | M14: в процентах | N14: в абсолютных показателях
H15: наимено-вание | I15: код по ОКЕИ | K15: (1-й год планового периода)
A17: 1 | B17: 2 | C17: 3 | D17: 4 | E17: 5 | F17: 6 | G17: 7 | H17: 8 | I17: 9 | J17: 10 | K17: 11 | L17: 12 | M17: 13 | N17: 14
A21: 3.2. Показатели, характеризующие объем государственной услуги
A23: Уникальный номер реестровой записи | B23: Показатель, характеризующий содержание государственной услуги (по справочникам) | E23: Показатель, характеризующий условия (формы) оказания государственной услуги (по справочникам) | G23: Показатель объема государственной услуги | J23: Значение показателя объема государственной услуги | M23: Допустимые (возможные) отклонения от установленных показателей объема государственной услуги
B24: Содержание услуги 1 (наименование показателя ) | C24: Содержание услуги 2 (наименование показателя ) | D24: Содержание услуги 3 (наименование показателя ) | E24: Условия (формы) оказания услуги 1 (Условие 1 для 36 вида деятельности) | F24: Условия (формы) оказания услуги 2 (наименование показателя) | G24: наименование показателя | H24: единица измерения | J24: 2026 год (очередной финансовый год) | K24: 2027 год (1-й год планового периода) | L24: 2028 год (2-й год планового периода) | M24: в процентах | N24: в абсолютных показателях
H25: наименование | I25: код по ОКЕИ | K25: (1-й год планового периода)
A27: 1 | B27: 2 | C27: 3 | D27: 4 | E27: 5 | F27: 6 | G27: 7 | H27: 8 | I27: 9 | J27: 10 | K27: 11 | L27: 12 | M27: 13 | N27: 14
A28: 880900О.99.0.ББ13АА00000 | E28: не указано | G28: число обучающихся | H28: человек | I28: 792 | J28: =80-10 -> 70 | K28: =80-10 -> 70 | L28: =80-10 -> 70 | M28: =ROUND(N28/J28*100,1) -> 4.3 | N28: =ROUNDDOWN(J28*0.05,0) -> 3
R29: =SUM(#REF!) -> #REF! | S29: =SUM(#REF!) -> #REF! | T29: =SUM(#REF!) -> #REF!
A30: 4. Нормативные правовые акты, устанавливающие размер платы (цену, тариф) либо порядок ее (его) установления | R30: =R29+#REF! -> #REF! | S30: =S29+#REF! -> #REF! | T30: =T29+#REF! -> #REF!
A32: Нормативный правовой акт
A33: вид | D33: принявший орган | F33: дата | H33: номер | K33: наименование
A34: 1 | D34: 2 | F34: 3 | H34: 4 | K34: 5
A44: 4.1. Предельные значения цен (тарифов)
A46: Наименование услуги | D46: Цена (тариф), единица измерения
A47: 1 | D47: 2
A50: 5. Порядок оказания государственной услуги
A51: 5.1. Нормативные правовые акты, регулирующие порядок оказания государственной услуги
A53: Федеральный закон от 29.12.2012 №273-ФЗ "Об образовании в Российской Федерации"
A54: Федеральный закон от 24.06.1999 №120-ФЗ "Об основах системы профилактики безнадзорности и правонарушений несовершеннолетних"
A57: (наименование, номер и дата нормативного правового акта)
A59: 5.2. Порядок информирования потенциальных потребителей государственной услуги
A61: Способ информирования | E61: Состав размещаемой (доводимой) информации | M61: Частота обновления информации
A62: 1 | E62: 2 | M62: 3
A63: Информационно-телекоммуникационные сети общего пользования (веб-сайт, веб-портал) | E63: Информация об условиях приема и обучения, образцы требуемых документов; нормативные документы | M63: не реже 1 раза в год
A64: Средства массовой информации | E64: Информация об условиях приема и обучения, образцы требуемых документов; нормативные документы | M64: не реже 1 раза в год
A65: Информационные стенды | E65: Информация об условиях приема и обучения, образцы требуемых документов; нормативные документы | M65: не реже 1 раза в год
A66: Иные предусмотренные способы информирования | E66: Информация об условиях приема и обучения, образцы требуемых документов; нормативные документы | M66: не реже 1 раза в год

Sheet часть 1.5 ПМПК ДО
B1: Часть 1. Сведения об оказываемых государственных услугах
H2: Раздел | I2: 5
B4: 1. Наименование государственной услуги | M4: Код по общероссийскому базовому перечню услуг или региональному перечню государственных (муниципальных) услуг и работ | O4: БВ20
B5: Психолого-медико-педагогическое обследование детей
B6: (из общероссийских базовых перечней услуг или регионального перечня государственных (муниципальных) услуг и работ)
B7: 2. Категории потребителей государственной услуги
B8: Физические лица
B10: 3. Показатели, характеризующие объем и (или) качество государственной услуги
B11: 3.1. Показатели, характеризующие качество государственной услуги
B13: Уникальный номер реестровой записи | C13: Показатель, характеризующий содержание государственной услуги (по справочникам) | F13: Показатель, характеризующий условия (формы) оказания государственной услуги (по справочникам) | H13: Показатель качества государственной услуги | K13: Значения показателей качества государственной услуги | N13: Допустимые (возможные) отклонения от установленных показателей качества государственной услуги
C14: ____________ (наименование показателя ) | D14: ____________ (наименование показателя ) | E14: ____________ (наименование показателя ) | F14: ____________ (наименование показателя ) | G14: ____________ (наименование показателя ) | H14: наименование показателя | I14: единица измерения | K14: 2026 год (очередной финансовый год) | L14: 2027 год (1-й год планового периода) | M14: 2028 год (2-й год планового периода) | N14: в процентах | O14: в абсолютных показателях
I15: наимено-вание | J15: код по ОКЕИ | L15: (1-й год планового периода)
B17: 1 | C17: 2 | D17: 3 | E17: 4 | F17: 5 | G17: 6 | H17: 7 | I17: 8 | J17: 9 | K17: 10 | L17: 11 | M17: 12 | N17: 13 | O17: 14
B21: 3.2. Показатели, характеризующие объем государственной услуги
B23: Уникальный номер реестровой записи | C23: Показатель, характеризующий содержание государственной услуги (по справочникам) | F23: Показатель, характеризующий условия (формы) оказания государственной услуги (по справочникам) | H23: Показатель объема государственной услуги | K23: Значение показателя объема государственной услуги | N23: Допустимые (возможные) отклонения от установленных показателей объема государственной услуги
C24: Содержание услуги 1 (наименование показателя ) | D24: Содержание услуги 2 (наименование показателя ) | E24: Содержание услуги 3 (наименование показателя ) | F24: Условия (формы) оказания услуги 1 (Место получения услуги) | G24: Условия (формы) оказания услуги 2 (наименование показателя) | H24: наименование показателя | I24: единица измерения | K24: 2026 год (очередной финансовый год) | L24: 2027 год (1-й год планового периода) | M24: 2028 год (2-й год планового периода) | N24: в процентах | O24: в абсолютных показателях
I25: наименование | J25: код по ОКЕИ | L25: (1-й год планового периода)
A27: =C27&D27&E27&F27 -> 2345 | B27: 1 | C27: 2 | D27: 3 | E27: 4 | F27: 5 | G27: 6 | H27: 7 | I27: 8 | J27: 9 | K27: 10 | L27: 11 | M27: 12 | N27: 13 | O27: 14
A28: =C28&D28&F28&#REF! -> #REF! | B28: 853212О.99.0.БВ20АА00001 | F28: не указано | H28: число обучающихся | I28: человек | J28: 792 | K28: =90-27 -> 63 | L28: =90-27 -> 63 | M28: =90-27 -> 63 | N28: =ROUND(O28/K28*100,1) -> 4.8 | O28: =ROUNDDOWN(K28*0.05,0) -> 3
S29: =SUM(#REF!) -> #REF! | T29: =SUM(#REF!) -> #REF! | U29: =SUM(#REF!) -> #REF!
B30: 4. Нормативные правовые акты, устанавливающие размер платы (цену, тариф) либо порядок ее (его) установления | S30: =S29+#REF! -> #REF! | T30: =T29+#REF! -> #REF! | U30: =U29+#REF! -> #REF!
B32: Нормативный правовой акт
B33: вид | E33: принявший орган | G33: дата | I33: номер | L33: наименование
B34: 1 | E34: 2 | G34: 3 | I34: 4 | L34: 5
B44: 4.1. Предельные значения цен (тарифов)
B46: Наименование услуги | E46: Цена (тариф), единица измерения
B47: 1 | E47: 2
B50: 5. Порядок оказания государственной услуги
B51: 5.1. Нормативные правовые акты, регулирующие порядок оказания государственной услуги
B53: Федеральный закон от 29.12.2012 №273-ФЗ "Об образовании в Российской Федерации"
B54: Федеральный закон от 24.06.1999 №120-ФЗ "Об основах системы профилактики безнадзорности и правонарушений несовершеннолетних"
B57: (наименование, номер и дата нормативного правового акта)
B59: 5.2. Порядок информирования потенциальных потребителей государственной услуги
B61: Способ информирования | F61: Состав размещаемой (доводимой) информации | N61: Частота обновления информации
B62: 1 | F62: 2 | N62: 3
B63: Информационно-телекоммуникационные сети общего пользования (веб-сайт, веб-портал) | F63: Информация об условиях приема и обучения, образцы требуемых документов; нормативные документы | N63: не реже 1 раза в год
B64: Средства массовой информации | F64: Информация об условиях приема и обучения, образцы требуемых документов; нормативные документы | N64: не реже 1 раза в год
B65: Информационные стенды | F65: Информация об условиях приема и обучения, образцы требуемых документов; нормативные документы | N65: не реже 1 раза в год
B66: Иные предусмотренные способы информирования | F66: Информация об условиях приема и обучения, образцы требуемых документов; нормативные документы | N66: не реже 1 раза в год

Sheet часть 1.6 КРЗ НОО 
C1: Часть 1. Сведения об оказываемых государственных услугах
J2: Раздел | K2: 6
C4: 1. Наименование государственной услуги | O4: Код по общероссийскому базовому перечню услуг или региональному перечню государственных (муниципальных) услуг и работ | Q4: БА86
C5: Коррекционно-развивающая, компенсирующая и логопедическая помощь обучающимся
C6: (из общероссийских базовых перечней услуг или регионального перечня государственных (муниципальных) услуг и работ)
C7: 2. Категории потребителей государственной услуги
C8: Физические лица
C10: 3. Показатели, характеризующие объем и (или) качество государственной услуги
C11: 3.1. Показатели, характеризующие качество государственной услуги
C13: Уникальный номер реестровой записи | E13: Показатель, характеризующий содержание государственной услуги (по справочникам) | H13: Показатель, характеризующий условия (формы) оказания государственной услуги (по справочникам) | J13: Показатель качества государственной услуги | M13: Значения показателей качества государственной услуги | P13: Допустимые (возможные) отклонения от установленных показателей качества государственной услуги
E14: ____________ (наименование показателя ) | F14: ____________ (наименование показателя ) | G14: ____________ (наименование показателя ) | H14: ____________ (наименование показателя ) | I14: ____________ (наименование показателя ) | J14: наименование показателя | K14: единица измерения | M14: 2026 год (очередной финансовый год) | N14: 2027 год (1-й год планового периода) | O14: 2028 год (2-й год планового периода) | P14: в процентах | Q14: в абсолютных показателях
K15: наимено-вание | L15: код по ОКЕИ | N15: (1-й год планового периода)
C17: 1 | E17: 2 | F17: 3 | G17: 4 | H17: 5 | I17: 6 | J17: 7 | K17: 8 | L17: 9 | M17: 10 | N17: 11 | O17: 12 | P17: 13 | Q17: 14
C21: 3.2. Показатели, характеризующие объем государственной услуги
C23: Уникальный номер реестровой записи | E23: Показатель, характеризующий содержание государственной услуги (по справочникам) | H23: Показатель, характеризующий условия (формы) оказания государственной услуги (по справочникам) | J23: Показатель объема государственной услуги | M23: Значение показателя объема государственной услуги | P23: Допустимые (возможные) отклонения от установленных показателей объема государственной услуги
E24: Содержание услуги 1 (наименование показателя ) | F24: Содержание услуги 2 (наименование показателя ) | G24: Содержание услуги 3 (наименование показателя ) | H24: Условия (формы) оказания услуги 1 (Условие 1 для 34 вида деятельности) | I24: Условия (формы) оказания услуги 2 (наименование показателя) | J24: наименование показателя | K24: единица измерения | M24: 2026 год (очередной финансовый год) | N24: 2027 год (1-й год планового периода) | O24: 2028 год (2-й год планового периода) | P24: в процентах | Q24: в абсолютных показателях
K25: наименование | L25: код по ОКЕИ | N25: (1-й год планового периода)
A27: =E27&F27&G27&H27 -> 2345 | C27: 1 | E27: 2 | F27: 3 | G27: 4 | H27: 5 | I27: 6 | J27: 7 | K27: 8 | L27: 9 | M27: 10 | N27: 11 | O27: 12 | P27: 13 | Q27: 14
A28: =E28&F28&H28&#REF! -> #REF! | B28: 1 | C28: 880900О.99.0.БА86АА02000 | H28: не указано | J28: число обучающихся | K28: человек | L28: 792 | M28: =30+4 -> 34 | N28: =30+4 -> 34 | O28: =30+4 -> 34 | P28: =ROUND(Q28/M28*100,1) -> 2.9 | Q28: =ROUNDDOWN(M28*0.05,0) -> 1
U29: =SUM(#REF!) -> #REF! | V29: =SUM(#REF!) -> #REF! | W29: =SUM(#REF!) -> #REF!
C30: 4. Нормативные правовые акты, устанавливающие размер платы (цену, тариф) либо порядок ее (его) установления | U30: =U29+#REF! -> #REF! | V30: =V29+#REF! -> #REF! | W30: =W29+#REF! -> #REF!
C32: Нормативный правовой акт
C33: вид | G33: принявший орган | I33: дата | K33: номер | N33: наименование
C34: 1 | G34: 2 | I34: 3 | K34: 4 | N34: 5
C44: 4.1. Предельные значения цен (тарифов)
C46: Наименование услуги | G46: Цена (тариф), единица измерения
C47: 1 | G47: 2
C50: 5. Порядок оказания государственной услуги
C51: 5.1. Нормативные правовые акты, регулирующие порядок оказания государственной услуги
C53: Федеральный закон от 29.12.2012 №273-ФЗ "Об образовании в Российской Федерации"
C54: Федеральный закон от 24.06.1999 №120-ФЗ "Об основах системы профилактики безнадзорности и правонарушений несовершеннолетних"
C57: (наименование, номер и дата нормативного правового акта)
C59: 5.2. Порядок информирования потенциальных потребителей государственной услуги
C61: Способ информирования | H61: Состав размещаемой (доводимой) информации | P61: Частота обновления информации
C62: 1 | H62: 2 | P62: 3
C63: Информационно-телекоммуникационные сети общего пользования (веб-сайт, веб-портал) | H63: Информация об условиях приема и обучения, образцы требуемых документов; нормативные документы | P63: не реже 1 раза в год
C64: Средства массовой информации | H64: Информация об условиях приема и обучения, образцы требуемых документов; нормативные документы | P64: не реже 1 раза в год
C65: Информационные стенды | H65: Информация об условиях приема и обучения, образцы требуемых документов; нормативные документы | P65: не реже 1 раза в год
C66: Иные предусмотренные способы информирования | H66: Информация об условиях приема и обучения, образцы требуемых документов; нормативные документы | P66: не реже 1 раза в год

Sheet часть 1.7 КРЗ ОО
C1: Часть 1. Сведения об оказываемых государственных услугах
J2: Раздел | K2: 7
C4: 1. Наименование государственной услуги | O4: Код по общероссийскому базовому перечню услуг или региональному перечню государственных (муниципальных) услуг и работ | Q4: ББ00
C5: Коррекционно-развивающая, компенсирующая и логопедическая помощь обучающимся
C6: (из общероссийских базовых перечней услуг или регионального перечня государственных (муниципальных) услуг и работ)
C7: 2. Категории потребителей государственной услуги
C8: Физические лица
C10: 3. Показатели, характеризующие объем и (или) качество государственной услуги
C11: 3.1. Показатели, характеризующие качество государственной услуги
C13: Уникальный номер реестровой записи | E13: Показатель, характеризующий содержание государственной услуги (по справочникам) | H13: Показатель, характеризующий условия (формы) оказания государственной услуги (по справочникам) | J13: Показатель качества государственной услуги | M13: Значения показателей качества государственной услуги | P13: Допустимые (возможные) отклонения от установленных показателей качества государственной услуги
E14: ____________ (наименование показателя ) | F14: ____________ (наименование показателя ) | G14: ____________ (наименование показателя ) | H14: ____________ (наименование показателя ) | I14: ____________ (наименование показателя ) | J14: наименование показателя | K14: единица измерения | M14: 2026 год (очередной финансовый год) | N14: 2027 год (1-й год планового периода) | O14: 2028 год (2-й год планового периода) | P14: в процентах | Q14: в абсолютных показателях
K15: наимено-вание | L15: код по ОКЕИ | N15: (1-й год планового периода)
C17: 1 | E17: 2 | F17: 3 | G17: 4 | H17: 5 | I17: 6 | J17: 7 | K17: 8 | L17: 9 | M17: 10 | N17: 11 | O17: 12 | P17: 13 | Q17: 14
C21: 3.2. Показатели, характеризующие объем государственной услуги
C23: Уникальный номер реестровой записи | E23: Показатель, характеризующий содержание государственной услуги (по справочникам) | H23: Показатель, характеризующий условия (формы) оказания государственной услуги (по справочникам) | J23: Показатель объема государственной услуги | M23: Значение показателя объема государственной услуги | P23: Допустимые (возможные) отклонения от установленных показателей объема государственной услуги
E24: Содержание услуги 1 (наименование показателя ) | F24: Содержание услуги 2 (наименование показателя ) | G24: Содержание услуги 3 (наименование показателя ) | H24: Условия (формы) оказания услуги 1 (Место получения услуги) | I24: Условия (формы) оказания услуги 2 (наименование показателя) | J24: наименование показателя | K24: единица измерения | M24: 2026 год (очередной финансовый год) | N24: 2027 год (1-й год планового периода) | O24: 2028 год (2-й год планового периода) | P24: в процентах | Q24: в абсолютных показателях
K25: наименование | L25: код по ОКЕИ | N25: (1-й год планового периода)
A27: =E27&F27&G27&H27 -> 2345 | C27: 1 | E27: 2 | F27: 3 | G27: 4 | H27: 5 | I27: 6 | J27: 7 | K27: 8 | L27: 9 | M27: 10 | N27: 11 | O27: 12 | P27: 13 | Q27: 14
A28: =E28&F28&H28&#REF! -> #REF! | B28: 1 | C28: 880900О.99.0.ББ00АА02000 | H28: В центре психолого-педагогической, медицинской и социальной помощи | J28: число обучающихся, их родителей (законных представителей) и педагогических работников | K28: человек | L28: 792 | M28: =4-2 -> 2 | N28: =4-2 -> 2 | O28: =4-2 -> 2 | P28: =ROUND(Q28/M28*100,1) -> 0 | Q28: =ROUNDDOWN(M28*0.05,0) -> 0
U29: =SUM(#REF!) -> #REF! | V29: =SUM(#REF!) -> #REF! | W29: =SUM(#REF!) -> #REF!
C30: 4. Нормативные правовые акты, устанавливающие размер платы (цену, тариф) либо порядок ее (его) установления | U30: =U29+#REF! -> #REF! | V30: =V29+#REF! -> #REF! | W30: =W29+#REF! -> #REF!
C32: Нормативный правовой акт
C33: вид | G33: принявший орган | I33: дата | K33: номер | N33: наименование
C34: 1 | G34: 2 | I34: 3 | K34: 4 | N34: 5
C44: 4.1. Предельные значения цен (тарифов)
C46: Наименование услуги | G46: Цена (тариф), единица измерения
C47: 1 | G47: 2
C50: 5. Порядок оказания государственной услуги
C51: 5.1. Нормативные правовые акты, регулирующие порядок оказания государственной услуги
C53: Федеральный закон от 29.12.2012 №273-ФЗ "Об образовании в Российской Федерации"
C57: (наименование, номер и дата нормативного правового акта)
C59: 5.2. Порядок информирования потенциальных потребителей государственной услуги
C61: Способ информирования | H61: Состав размещаемой (доводимой) информации | P61: Частота обновления информации
C62: 1 | H62: 2 | P62: 3
C63: Информационно-телекоммуникационные сети общего пользования (веб-сайт, веб-портал) | H63: Информация об условиях приема и обучения, образцы требуемых документов; нормативные документы | P63: не реже 1 раза в год
C64: Средства массовой информации | H64: Информация об условиях приема и обучения, образцы требуемых документов; нормативные документы | P64: не реже 1 раза в год
C65: Информационные стенды | H65: Информация об условиях приема и обучения, образцы требуемых документов; нормативные документы | P65: не реже 1 раза в год
C66: Иные предусмотренные способы информирования | H66: Информация об условиях приема и обучения, образцы требуемых документов; нормативные документы | P66: не реже 1 раза в год

Sheet часть 1.8 КРЗ ДО
C1: Часть 1. Сведения об оказываемых государственных услугах
J2: Раздел | K2: 8
C4: 1. Наименование государственной услуги | O4: Код по общероссийскому базовому перечню услуг или региональному перечню государственных (муниципальных) услуг и работ | Q4: БВ22
C5: Коррекционно-развивающая, компенсирующая и логопедическая помощь обучающимся
C6: (из общероссийских базовых перечней услуг или регионального перечня государственных (муниципальных) услуг и работ)
C7: 2. Категории потребителей государственной услуги
C8: Физические лица
C10: 3. Показатели, характеризующие объем и (или) качество государственной услуги
C11: 3.1. Показатели, характеризующие качество государственной услуги
C13: Уникальный номер реестровой записи | E13: Показатель, характеризующий содержание государственной услуги (по справочникам) | H13: Показатель, характеризующий условия (формы) оказания государственной услуги (по справочникам) | J13: Показатель качества государственной услуги | M13: Значения показателей качества государственной услуги | P13: Допустимые (возможные) отклонения от установленных показателей качества государственной услуги
E14: ____________ (наименование показателя ) | F14: ____________ (наименование показателя ) | G14: ____________ (наименование показателя ) | H14: ____________ (наименование показателя ) | I14: ____________ (наименование показателя ) | J14: наименование показателя | K14: единица измерения | M14: 2026 год (очередной финансовый год) | N14: 2027 год (1-й год планового периода) | O14: 2028 год (2-й год планового периода) | P14: в процентах | Q14: в абсолютных показателях
K15: наимено-вание | L15: код по ОКЕИ | N15: (1-й год планового периода)
C17: 1 | E17: 2 | F17: 3 | G17: 4 | H17: 5 | I17: 6 | J17: 7 | K17: 8 | L17: 9 | M17: 10 | N17: 11 | O17: 12 | P17: 13 | Q17: 14
C21: 3.2. Показатели, характеризующие объем государственной услуги
C23: Уникальный номер реестровой записи | E23: Показатель, характеризующий содержание государственной услуги (по справочникам) | H23: Показатель, характеризующий условия (формы) оказания государственной услуги (по справочникам) | J23: Показатель объема государственной услуги | M23: Значение показателя объема государственной услуги | P23: Допустимые (возможные) отклонения от установленных показателей объема государственной услуги
E24: Содержание услуги 1 (наименование показателя ) | F24: Содержание услуги 2 (наименование показателя ) | G24: Содержание услуги 3 (наименование показателя ) | H24: Условия (формы) оказания услуги 1 (Место получения услуги) | I24: Условия (формы) оказания услуги 2 (наименование показателя) | J24: наименование показателя | K24: единица измерения | M24: 2026 год (очередной финансовый год) | N24: 2027 год (1-й год планового периода) | O24: 2028 год (2-й год планового периода) | P24: в процентах | Q24: в абсолютных показателях
K25: наименование | L25: код по ОКЕИ | N25: (1-й год планового периода)
A27: =E27&F27&G27&H27 -> 2345 | C27: 1 | E27: 2 | F27: 3 | G27: 4 | H27: 5 | I27: 6 | J27: 7 | K27: 8 | L27: 9 | M27: 10 | N27: 11 | O27: 12 | P27: 13 | Q27: 14
A28: =E28&F28&H28&#REF! -> #REF! | B28: 1 | C28: 853212О.99.0.БВ22АА02001 | H28: В центре психолого-педагогической, медицинской и социальной помощи | J28: число обучающихся | K28: человек | L28: 792 | M28: 124 | N28: 124 | O28: 124 | P28: =ROUND(Q28/M28*100,1) -> 4.8 | Q28: =ROUNDDOWN(M28*0.05,0) -> 6
U29: =SUM(#REF!) -> #REF! | V29: =SUM(#REF!) -> #REF! | W29: =SUM(#REF!) -> #REF!
C30: 4. Нормативные правовые акты, устанавливающие размер платы (цену, тариф) либо порядок ее (его) установления | U30: =U29+#REF! -> #REF! | V30: =V29+#REF! -> #REF! | W30: =W29+#REF! -> #REF!
C32: Нормативный правовой акт
C33: вид | G33: принявший орган | I33: дата | K33: номер | N33: наименование
C34: 1 | G34: 2 | I34: 3 | K34: 4 | N34: 5
C44: 4.1. Предельные значения цен (тарифов)
C46: Наименование услуги | G46: Цена (тариф), единица измерения
C47: 1 | G47: 2
C50: 5. Порядок оказания государственной услуги
C51: 5.1. Нормативные правовые акты, регулирующие порядок оказания государственной услуги
C53: Федеральный закон от 29.12.2012 №273-ФЗ "Об образовании в Российской Федерации"
C54: Федеральный закон Государственная Дума РФ от 24.06.1999 № 120-ФЗ "Об основах системы профилактики безнадзорности и правонарушений несовершеннолетних"
C55: Письмо Минобрнауки России от 10.02.2015 № ВК-268/07 "О совершенствовании деятельности центров психолого-педагогической, медицинской и социальной помощи"
C57: (наименование, номер и дата нормативного правового акта)
C59: 5.2. Порядок информирования потенциальных потребителей государственной услуги
C61: Способ информирования | H61: Состав размещаемой (доводимой) информации | P61: Частота обновления информации
C62: 1 | H62: 2 | P62: 3
C63: Информационно-телекоммуникационные сети общего пользования (веб-сайт, веб-портал) | H63: Информация об условиях приема и обучения, образцы требуемых документов; нормативные документы | P63: не реже 1 раза в год
C64: Средства массовой информации | H64: Информация об условиях приема и обучения, образцы требуемых документов; нормативные документы | P64: не реже 1 раза в год
C65: Информационные стенды | H65: Информация об условиях приема и обучения, образцы требуемых документов; нормативные документы | P65: не реже 1 раза в год
C66: Иные предусмотренные способы информирования | H66: Информация об условиях приема и обучения, образцы требуемых документов; нормативные документы | P66: не реже 1 раза в год

Sheet часть 2.1. Олимп
A1: Часть 2. Сведения о выполняемых работах
G2: Раздел | H2: 1
A4: 1. Наименование работы | M4: Код по региональному перечню государственных (муниципальных) услуг и работ | O4: 0551
A5: Организация и проведение олимпиад, конкурсов, мероприятий, направленных на выявление и развитие у обучающихся интеллектуальных и творческих способностей, способностей к занятиям физической культурой и спортом, интереса к научной (научно-исследовательской) деятельности, творческой деятельности, физкультурно-спортивной деятельности
A6: (из регионального перечня государственных (муниципальных) услуг и работ)
A7: 2. Категории потребителей работы
A8: В интересах общества
A10: 3. Показатели, характеризующие объем и (или) качество работы
A11: 3.1. Показатели, характеризующие качество работы
A13: Уникальный номер реестровой записи | C13: Показатель, характеризующий содержание работы (по справочникам) | F13: Показатель, характеризующий условия (формы) выполнения работы (по справочникам) | H13: Показатель качества работы | K13: Значение показателя качества работы | N13: Допустимые (возможные) отклонения от установленных показателей качества работы
C14: ___________ (наименование показателя ) | D14: ___________ (наименование показателя ) | E14: ___________ (наименование показателя ) | F14: ___________ (наименование показателя ) | G14: ___________ (наименование показателя ) | H14: наименование показателя | I14: единица измерения | K14: 2026 год (очередной финансовый год) | L14: 2027 год (1-й год планового периода) | M14: 2028 год (2-й год планового периода) | N14: в процентах | O14: в абсолютных показателях
I15: наимено-вание | J15: код по ОКЕИ | L15: (1-й год планового периода)
A17: 1 | C17: 2 | D17: 3 | E17: 4 | F17: 5 | G17: 6 | H17: 7 | I17: 8 | J17: 9 | K17: 10 | L17: 11 | M17: 12 | N17: 13 | O17: 14
A18: 850000. Р.86.1.05510002003 | H18: Удовлетворенность потребителей качеством предоставляемых услуг | I18: процент | J18: 744 | K18: 100 | L18: 100 | M18: 100 | N18: =ROUND(O18/K18*100,1) -> 5 | O18: =ROUNDDOWN(K18*0.05,0) -> 5
A20: 3.2. Показатели, характеризующие объем работы
A22: Уникальный номер реестровой записи | B22: Показатель, характеризующий содержание работы (по справочникам) | E22: Показатель, характеризующий условия (формы) выполнения работы (по справочникам) | G22: Показатель объема работы | K22: Значение показателя объема работы | N22: Допустимые (возможные) отклонения от установленных показателей объема работы
B23: Содержание услуги 1 (наименование показателя ) | C23: Содержание услуги 2 (наименование показателя ) | D23: Содержание услуги 3 (наименование показателя ) | E23: Условия (формы) оказания услуги 1 (наименование показателя) | F23: Условия (формы) оказания услуги 2 (наименование показателя) | G23: наименование показателя | H23: единица измерения | J23: описание работы | K23: 2026 год (очередной финансовый год) | L23: 2027 год (1-й год планового периода) | M23: 2028 год (2-й год планового периода) | N23: в процентах | O23: в абсолютных показателях
H24: наименование | I24: код по ОКЕИ | L24: (1-й год планового периода)
A26: 1 | B26: 2 | C26: 3 | D26: 4 | E26: 5 | F26: 6 | G26: 7 | H26: 8 | I26: 9 | J26: 10 | K26: 11 | L26: 12 | M26: 13 | N26: 14 | O26: 15
A27: 850000. Р.86.1.05510002003 | G27: количество мероприятий | H27: единица | I27: 642 | J27: Организация и проведение регионального этапа всероссийской олимпиады школьников | K27: 24 | L27: 24 | M27: 24 | N27: =ROUND(O27/K27*100,1) -> 4.2 | O27: =ROUNDDOWN(K27*0.05,0) -> 1
G28: количество участников мероприятий | H28: человек | I28: 792 | K28: 1750 | L28: 1750 | M28: 1750 | N28: =ROUND(O28/K28*100,1) -> 5 | O28: =ROUNDDOWN(K28*0.05,0) -> 87
G29: количество мероприятий | H29: единица | I29: 642 | J29: Организация и проведение окружной олимпиады школьников по трудовому обучению для лиц с умственной отсталостью | K29: 1 | L29: 1 | M29: 1 | N29: =ROUND(O29/K29*100,1) -> 0 | O29: =ROUNDDOWN(K29*0.05,0) -> 0
G30: количество участников мероприятий | H30: человек | I30: 792 | K30: 40 | L30: 40 | M30: 40 | N30: =ROUND(O30/K30*100,1) -> 5 | O30: =ROUNDDOWN(K30*0.05,0) -> 2
G31: количество мероприятий | H31: единица | I31: 642 | J31: Организация и проведение региональной олимпиады школьников «Умники и умницы Югры» | K31: 6 | L31: 6 | M31: 6 | N31: =ROUND(O31/K31*100,1) -> 0 | O31: =ROUNDDOWN(K31*0.05,0) -> 0
G32: количество участников мероприятий | H32: человек | I32: 792 | K32: 400 | L32: 400 | M32: 400 | N32: =ROUND(O32/K32*100,1) -> 5 | O32: =ROUNDDOWN(K32*0.05,0) -> 20
A34: 4. Нормативные правовые акты, устанавливающие размер платы (цену, тариф) либо порядок ее (его) установления
A36: Нормативный правовой акт
A37: вид | E37: принявший орган | G37: дата | I37: номер | L37: наименование
A38: 1 | E38: 2 | G38: 3 | I38: 4 | L38: 5
A41: 4.1. Предельные значения цен (тарифов)
A43: Наименование услуги | E43: Цена (тариф), единица измерения
A44: 1 | E44: 2

Sheet часть 2.2. ОЗМ
A1: Часть 2. Сведения о выполняемых работах
G2: Раздел | H2: 2
A4: 1. Наименование работы | M4: Код по региональному перечню государственных (муниципальных) услуг и работ | O4: 0562
A5: Организация проведения общественно-значимых мероприятий в сфере образования, науки и молодежной политики
A6: (из регионального перечня государственных (муниципальных) услуг и работ)
A7: 2. Категории потребителей работы
A9: В интересах общества; органы государственной власти; органы местного самоуправления; юридические лица; физические лица
A10: 3. Показатели, характеризующие объем и (или) качество работы
A11: 3.1. Показатели, характеризующие качество работы
A13: Уникальный номер реестровой записи | C13: Показатель, характеризующий содержание работы (по справочникам) | F13: Показатель, характеризующий условия (формы) выполнения работы (по справочникам) | H13: Показатель качества работы | K13: Значение показателя качества работы | N13: Допустимые (возможные) отклонения от установленных показателей качества работы
C14: ___________ (наименование показателя ) | D14: ___________ (наименование показателя ) | E14: ___________ (наименование показателя ) | F14: ___________ (наименование показателя ) | G14: ___________ (наименование показателя ) | H14: наименование показателя | I14: единица измерения | K14: 2026 год (очередной финансовый год) | L14: 2027 год (1-й год планового периода) | M14: 2028 год (2-й год планового периода) | N14: в процентах | O14: в абсолютных показателях
I15: наимено-вание | J15: код по ОКЕИ | L15: (1-й год планового периода)
A17: 1 | C17: 2 | D17: 3 | E17: 4 | F17: 5 | G17: 6 | H17: 7 | I17: 8 | J17: 9 | K17: 10 | L17: 11 | M17: 12 | N17: 13 | O17: 14
A20: 3.2. Показатели, характеризующие объем работы
A22: Уникальный номер реестровой записи | B22: Показатель, характеризующий содержание работы (по справочникам) | E22: Показатель, характеризующий условия (формы) выполнения работы (по справочникам) | G22: Показатель объема работы | K22: Значение показателя объема работы | N22: Допустимые (возможные) отклонения от установленных показателей объема работы
B23: Содержание услуги 1 (Организация проведения мероприятий ) | C23: Содержание услуги 2 (Организация проведения мероприятий) | D23: Содержание услуги 3 (наименование показателя ) | E23: Условия (формы) оказания услуги 1 (наименование показателя) | F23: Условия (формы) оказания услуги 2 (наименование показателя) | G23: наименование показателя | H23: единица измерения | J23: описание работы | K23: 2026 год (очередной финансовый год) | L23: 2027 год (1-й год планового периода) | M23: 2028 год (2-й год планового периода) | N23: в процентах | O23: в абсолютных показателях
H24: наименование | I24: код по ОКЕИ | L24: (1-й год планового периода)
A26: 1 | B26: 2 | C26: 3 | D26: 4 | E26: 5 | F26: 6 | G26: 7 | H26: 8 | I26: 9 | J26: 10 | K26: 11 | L26: 12 | M26: 13 | N26: 14 | O26: 15
A27: 852300.Р.86.1.05620002005 | B27: организация проведения мероприятий | C27: вспомогательная деятельность в области государственного управления | G27: количество мероприятий | H27: штука | I27: 796 | J27: Информационное, организационное, методическое сопровождение проектов в области образования | K27: 1 | L27: 1 | M27: 1 | N27: =ROUND(O27/K27*100,1) -> 0 | O27: =ROUNDDOWN(K27*0.05,0) -> 0
A28: 852300.Р.86.1.05620002005 | B28: организация проведения мероприятий | C28: вспомогательная деятельность в области государственного управления | G28: количество мероприятий | H28: штука | I28: 796 | J28: Непрерывное повышение профессионального мастерства педагогических работников | K28: 1 | L28: 1 | M28: 1 | N28: =ROUND(O28/K28*100,1) -> 0 | O28: =ROUNDDOWN(K28*0.05,0) -> 0
A29: 852300.Р.86.1.05620002005 | B29: организация проведения мероприятий | C29: вспомогательная деятельность в области государственного управления | G29: количество мероприятий | H29: штука | I29: 796 | J29: Обеспечение участия во всероссийских мероприятиях участников образовательного процесса | K29: 1 | L29: 1 | M29: 1 | N29: =ROUND(O29/K29*100,1) -> 0 | O29: =ROUNDDOWN(K29*0.05,0) -> 0
A30: 852300.Р.86.1.05620002005 | B30: организация проведения мероприятий | C30: вспомогательная деятельность в области государственного управления | G30: количество мероприятий | H30: штука | I30: 796 | J30: Профилактика деструктивных проявлений несовершеннолетних | K30: 1 | L30: 1 | M30: 1 | N30: =ROUND(O30/K30*100,1) -> 0 | O30: =ROUNDDOWN(K30*0.05,0) -> 0
A31: 852300.Р.86.1.05620002005 | B31: организация проведения мероприятий | C31: вспомогательная деятельность в области государственного управления | G31: количество мероприятий | H31: штука | I31: 796 | J31: Организация и сопровождение реализации региональных проектов Национального проекта «Молодежь и дети», федеральных проектов | K31: 1 | L31: 1 | M31: 1 | N31: =ROUND(O31/K31*100,1) -> 0 | O31: =ROUNDDOWN(K31*0.05,0) -> 0
A32: 852300.Р.86.1.05620002005 | B32: организация проведения мероприятий | C32: вспомогательная деятельность в области государственного управления | G32: количество мероприятий | H32: штука | I32: 796 | J32: Проведение Августовского совещания педагогических работников Ханты-Мансийского автономного округа – Югры | K32: 1 | L32: 1 | M32: 1 | N32: =ROUND(O32/K32*100,1) -> 0 | O32: =ROUNDDOWN(K32*0.05,0) -> 0
A33: 852300.Р.86.1.05620002005 | B33: организация проведения мероприятий | C33: вспомогательная деятельность в области государственного управления | G33: количество мероприятий | H33: штука | I33: 796 | J33: Проведение Форума инновационных образовательных практик «Край родной – Моя Югра» | K33: 1 | L33: 0 | M33: 0 | N33: =ROUND(O33/K33*100,1) -> 0 | O33: =ROUNDDOWN(K33*0.05,0) -> 0
A35: 4. Нормативные правовые акты, устанавливающие размер платы (цену, тариф) либо порядок ее (его) установления
A37: Нормативный правовой акт
A38: вид | E38: принявший орган | G38: дата | I38: номер | L38: наименование
A39: 1 | E39: 2 | G39: 3 | I39: 4 | L39: 5
A42: 4.1. Предельные значения цен (тарифов)
A44: Наименование услуги | E44: Цена (тариф), единица измерения
A45: 1 | E45: 2

Sheet часть 2.3. ОК
A1: Часть 2. Сведения о выполняемых работах
G2: Раздел | H2: 3
A4: 1. Наименование работы | M4: Код по региональному перечню государственных (муниципальных) услуг и работ | O4: 0705
A5: Оценка качества образования
A6: (из регионального перечня государственных (муниципальных) услуг и работ)
A7: 2. Категории потребителей работы
A9: юридические лица
A10: 3. Показатели, характеризующие объем и (или) качество работы
A11: 3.1. Показатели, характеризующие качество работы
A13: Уникальный номер реестровой записи | C13: Показатель, характеризующий содержание работы (по справочникам) | F13: Показатель, характеризующий условия (формы) выполнения работы (по справочникам) | H13: Показатель качества работы | K13: Значение показателя качества работы | N13: Допустимые (возможные) отклонения от установленных показателей качества работы
C14: ___________ (наименование показателя ) | D14: ___________ (наименование показателя ) | E14: ___________ (наименование показателя ) | F14: ___________ (наименование показателя ) | G14: ___________ (наименование показателя ) | H14: наименование показателя | I14: единица измерения | K14: 2026 год (очередной финансовый год) | L14: 2027 год (1-й год планового периода) | M14: 2028 год (2-й год планового периода) | N14: в процентах | O14: в абсолютных показателях
I15: наимено-вание | J15: код по ОКЕИ | L15: (1-й год планового периода)
A17: 1 | C17: 2 | D17: 3 | E17: 4 | F17: 5 | G17: 6 | H17: 7 | I17: 8 | J17: 9 | K17: 10 | L17: 11 | M17: 12 | N17: 13 | O17: 14
A20: 3.2. Показатели, характеризующие объем работы
A22: Уникальный номер реестровой записи | B22: Показатель, характеризующий содержание работы (по справочникам) | E22: Показатель, характеризующий условия (формы) выполнения работы (по справочникам) | G22: Показатель объема работы | K22: Значение показателя объема работы | N22: Допустимые (возможные) отклонения от установленных показателей объема работы
B23: Содержание услуги 1 (наименование показателя ) | C23: Содержание услуги 2 (наименование показателя ) | D23: Содержание услуги 3 (наименование показателя ) | E23: Условия (формы) оказания услуги 1 (наименование показателя) | F23: Условия (формы) оказания услуги 2 (наименование показателя) | G23: наименование показателя | H23: единица измерения | J23: описание работы | K23: 2026 год (очередной финансовый год) | L23: 2027 год (1-й год планового периода) | M23: 2028 год (2-й год планового периода) | N23: в процентах | O23: в абсолютных показателях
H24: наименование | I24: код по ОКЕИ | L24: (1-й год планового периода)
A26: 1 | B26: 2 | C26: 3 | D26: 4 | E26: 5 | F26: 6 | G26: 7 | H26: 8 | I26: 9 | J26: 10 | K26: 11 | L26: 12 | M26: 13 | N26: 14 | O26: 15
A27: 850000.Р.86.1.07050210002 | G27: количество мероприятий | H27: штука | I27: 796 | J27: Организация проведения оценки качества образования | K27: 1 | L27: 1 | M27: 1 | N27: =ROUND(O27/K27*100,1) -> 0 | O27: =ROUNDDOWN(K27*0.05,0) -> 0
A28: 850000.Р.86.1.07050210002 | G28: количество экспертных заключений | H28: единица | I28: 642 | J28: Аттестация педагогических кадров на квалификационную категорию | K28: 5000 | L28: 5000 | M28: 5000 | N28: =ROUND(O28/K28*100,1) -> 5 | O28: =ROUNDDOWN(K28*0.05,0) -> 250
A30: 4. Нормативные правовые акты, устанавливающие размер платы (цену, тариф) либо порядок ее (его) установления
A32: Нормативный правовой акт
A33: вид | E33: принявший орган | G33: дата | I33: номер | L33: наименование
A34: 1 | E34: 2 | G34: 3 | I34: 4 | L34: 5
A37: 4.1. Предельные значения цен (тарифов)
A39: Наименование услуги | E39: Цена (тариф), единица измерения
A40: 1 | E40: 2

Sheet часть 2.4. ИТО
A1: Часть 2. Сведения о выполняемых работах
G2: Раздел | H2: 4
A4: 1. Наименование работы | M4: Код по региональному перечню государственных (муниципальных) услуг и работ | O4: 0701
A5: Информационно-технологическое обеспечение управления системой образования
A6: (из регионального перечня государственных (муниципальных) услуг и работ)
A7: 2. Категории потребителей работы
A8: Органы государственной власти; органы местного самоуправления; юридические лица; физические лица
A10: 3. Показатели, характеризующие объем и (или) качество работы
A11: 3.1. Показатели, характеризующие качество работы
A13: Уникальный номер реестровой записи | C13: Показатель, характеризующий содержание работы (по справочникам) | F13: Показатель, характеризующий условия (формы) выполнения работы (по справочникам) | H13: Показатель качества работы | K13: Значение показателя качества работы | N13: Допустимые (возможные) отклонения от установленных показателей качества работы
C14: ___________ (наименование показателя ) | D14: ___________ (наименование показателя ) | E14: ___________ (наименование показателя ) | F14: ___________ (наименование показателя ) | G14: ___________ (наименование показателя ) | H14: наименование показателя | I14: единица измерения | K14: 2026 год (очередной финансовый год) | L14: 2027 год (1-й год планового периода) | M14: 2028 год (2-й год планового периода) | N14: в процентах | O14: в абсолютных показателях
I15: наимено-вание | J15: код по ОКЕИ | L15: (1-й год планового периода)
A17: 1 | C17: 2 | D17: 3 | E17: 4 | F17: 5 | G17: 6 | H17: 7 | I17: 8 | J17: 9 | K17: 10 | L17: 11 | M17: 12 | N17: 13 | O17: 14
A20: 3.2. Показатели, характеризующие объем работы
A22: Уникальный номер реестровой записи | B22: Показатель, характеризующий содержание работы (по справочникам) | E22: Показатель, характеризующий условия (формы) выполнения работы (по справочникам) | G22: Показатель объема работы | K22: Значение показателя объема работы | N22: Допустимые (возможные) отклонения от установленных показателей объема работы
B23: Содержание услуги 1 (наименование показателя ) | C23: Содержание услуги 2 (наименование показателя ) | D23: Содержание услуги 3 (наименование показателя ) | E23: Условия (формы) оказания услуги 1 (наименование показателя) | F23: Условия (формы) оказания услуги 2 (наименование показателя) | G23: наименование показателя | H23: единица измерения | J23: описание работы | K23: 2026 год (очередной финансовый год) | L23: 2027 год (1-й год планового периода) | M23: 2028 год (2-й год планового периода) | N23: в процентах | O23: в абсолютных показателях
H24: наименование | I24: код по ОКЕИ | L24: (1-й год планового периода)
A26: 1 | B26: 2 | C26: 3 | D26: 4 | E26: 5 | F26: 6 | G26: 7 | H26: 8 | I26: 9 | J26: 10 | K26: 11 | L26: 12 | M26: 13 | N26: 14 | O26: 15
A27: 841100. Р.86.1.07010203005 | G27: количество мероприятий | H27: единица | I27: 642 | J27: Цифровая трансформация образовательного процесса | K27: 1 | L27: 1 | M27: 1 | N27: =ROUND(O27/K27*100,1) -> 0 | O27: =ROUNDDOWN(K27*0.05,0) -> 0
A29: 4. Нормативные правовые акты, устанавливающие размер платы (цену, тариф) либо порядок ее (его) установления
A31: Нормативный правовой акт
A32: вид | E32: принявший орган | G32: дата | I32: номер | L32: наименование
A33: 1 | E33: 2 | G33: 3 | I33: 4 | L33: 5
A36: 4.1. Предельные значения цен (тарифов)
A38: Наименование услуги | E38: Цена (тариф), единица измерения
A39: 1 | E39: 2

Sheet часть 2.5. НМО
A1: Часть 2. Сведения о выполняемых работах
G2: Раздел | H2: 5
A4: 1. Наименование работы | M4: Код по региональному перечню государственных (муниципальных) услуг и работ | O4: 0558
A5: Научно-методическое обеспечение
A6: (из регионального перечня государственных (муниципальных) услуг и работ)
A7: 2. Категории потребителей работы
A8: В интересах общества; органы государственной власти
A10: 3. Показатели, характеризующие объем и (или) качество работы
A11: 3.1. Показатели, характеризующие качество работы
A13: Уникальный номер реестровой записи | C13: Показатель, характеризующий содержание работы (по справочникам) | F13: Показатель, характеризующий условия (формы) выполнения работы (по справочникам) | H13: Показатель качества работы | K13: Значение показателя качества работы | N13: Допустимые (возможные) отклонения от установленных показателей качества работы
C14: ___________ (наименование показателя ) | D14: ___________ (наименование показателя ) | E14: ___________ (наименование показателя ) | F14: ___________ (наименование показателя ) | G14: ___________ (наименование показателя ) | H14: наименование показателя | I14: единица измерения | K14: 2026 год (очередной финансовый год) | L14: 2027 год (1-й год планового периода) | M14: 2028 год (2-й год планового периода) | N14: в процентах | O14: в абсолютных показателях
I15: наимено-вание | J15: код по ОКЕИ | L15: (1-й год планового периода)
A17: 1 | C17: 2 | D17: 3 | E17: 4 | F17: 5 | G17: 6 | H17: 7 | I17: 8 | J17: 9 | K17: 10 | L17: 11 | M17: 12 | N17: 13 | O17: 14
A20: 3.2. Показатели, характеризующие объем работы
A22: Уникальный номер реестровой записи | B22: Показатель, характеризующий содержание работы (по справочникам) | E22: Показатель, характеризующий условия (формы) выполнения работы (по справочникам) | G22: Показатель объема работы | K22: Значение показателя объема работы | N22: Допустимые (возможные) отклонения от установленных показателей объема работы
B23: Содержание услуги 1 (Работы по научно-методическому обеспечению) | C23: Содержание услуги 2 (наименование показателя ) | D23: Содержание услуги 3 (наименование показателя ) | E23: Условия (формы) оказания услуги 1 (наименование показателя) | F23: Условия (формы) оказания услуги 2 (наименование показателя) | G23: наименование показателя | H23: единица измерения | J23: описание работы | K23: 2026 год (очередной финансовый год) | L23: 2027 год (1-й год планового периода) | M23: 2028 год (2-й год планового периода) | N23: в процентах | O23: в абсолютных показателях
H24: наименование | I24: код по ОКЕИ | L24: (1-й год планового периода)
A26: 1 | B26: 2 | C26: 3 | D26: 4 | E26: 5 | F26: 6 | G26: 7 | H26: 8 | I26: 9 | J26: 10 | K26: 11 | L26: 12 | M26: 13 | N26: 14 | O26: 15
A27: 720000.Р.86.1.05580150001 | B27: Научное (в том числе научно-правовое обеспечение, экспертиза проектов нормативных правовых актов, подготовка аналитических материалов, заключений, справок), организационно-техническое и учебно-методическое обеспечение | G27: количество мероприятий | H27: единица | I27: 642 | J27: Методические рекомендации для педагогических работников образовательных организаций по созданию условий для образовательной социальной и культурной адаптации и интеграции детей-мигрантов, в том числе с учетом актуальных норм действующего законодательства в области образования | K27: 1 | L27: 1 | M27: 1 | N27: =ROUND(O27/K27*100,1) -> 0 | O27: =ROUNDDOWN(K27*0.05,0) -> 0
A29: 4. Нормативные правовые акты, устанавливающие размер платы (цену, тариф) либо порядок ее (его) установления
A31: Нормативный правовой акт
A32: вид | E32: принявший орган | G32: дата | I32: номер | L32: наименование
A33: 1 | E33: 2 | G33: 3 | I33: 4 | L33: 5
A36: 4.1. Предельные значения цен (тарифов)
A38: Наименование услуги | E38: Цена (тариф), единица измерения
A39: 1 | E39: 2

Sheet часть 3
A1: Часть 3. Прочие сведения о государственном задании
A3: 1. Основания (условия и порядок) для досрочного прекращения выполнения государственного задания | C3: прекращение действия лицензии, решение судебных органов, решение учредителя, иные предусмотренные нормативными правовыми актами случаи, повлекшие невозможность оказания государственной услуги (работы) в текущем финансовом году
A4: 2. Иная информация, необходимая для выполнения (контроля выполнения) государственного задания | C4: нет
A5: 3. Порядок контроля выполнения государственного задания
A7: Форма контроля | C7: Периодичность | D7: Исполнительные органы Ханты-Мансийского автономного округа - Югры, осуществляющие контроль выполнения государственного задания | E7: Документы, применяемые в целях подтверждения информации о потребителях оказываемых государственных услуг (выполняемых работ) и выполнения содержащихся в государственном задании показателей объема оказываемых услуг (выполняемых работ) | H7: Формы аналитической отчетности, подтверждающие оказание услуг (выполнение работ) и периодичность ее формирования
A8: 1 | C8: 2 | D8: 3 | E8: 4 | H8: 5
A9: анализ отчета за квартал, предварительного, годового о выполнении государственного задания | C9: по мере поступления отчетности | D9: Департамент образования и науки Ханты-Мансийского автономного округа - Югры | E9: В соответствии с приказом Депобразования и науки Югры от 11.04.2024 № 10-П-715 "Об утверждении перечня документов, подтверждающих информацию о потребителях оказываемых государственных услуг (выполняемых работ) и выполнении содержащихся в государственном задании показателей объема оказываемых услуг (выполняемых работ) учреждений, подведомственных Департаменту образования и науки Ханты-Мансийского автономного округа – Югры" | H9: В соответствии с приказом Депобразования и науки Югры от 11.04.2024 № 10-П-715 "Об утверждении перечня документов, подтверждающих информацию о потребителях оказываемых государственных услуг (выполняемых работ) и выполнении содержащихся в государственном задании показателей объема оказываемых услуг (выполняемых работ) учреждений, подведомственных Департаменту образования и науки Ханты-Мансийского автономного округа – Югры"
A10: направление запросов о предоставлении информации о выполнении мероприятий в рамках государственного задания | C10: по мере необходимости | D10: Департамент образования и науки Ханты-Мансийского автономного округа - Югры
A11: анализ поступающих жалоб заявителей, опросы заявителей по качеству предоставления государственных услуг | C11: по мере необходимости | D11: Департамент образования и науки Ханты-Мансийского автономного округа - Югры
A12: проведение проверок по выполнению государственного задания | C12: по мере необходимости | D12: Департамент образования и науки Ханты-Мансийского автономного округа - Югры
A14: 4. Требования к отчетности о выполнении государственного задания | D14: аналитический отчет по каждой услуге, работе
A15: 4.1. Периодичность представления отчетов о выполнении государственного задания | D15: за 1 квартал, 1 полугодие, 9 месяцев, предварительный (ожидаемое исполнение за год), годовой (по утвержденной форме)
A16: 4.2. Сроки представления отчетов о выполнении государственного задания | D16: 13 апреля 2026 года (за 1 квартал), 13 июля 2026 года (за 1-е полугодие), 12 октября 2026 года (за 9 месяцев), 18 января 2027 года (годовой)
A17: 4.2.1 Сроки представления предварительного отчета о выполнении государственного задания | D17: 1 декабря 2026 года
A18: 4.3. Иные требования к отчетности о выполнении государственного задания | D18: В пунктах 3.1 и 3.2 отчета в графе "Допустимое (возможное) отклонение" указывается значение в абсолютных показателях
A19: 5. Иные показатели, связанные с выполнением государственного задания
A21: Наименование государственной услуги, работы, описание работы | B21: Уникальный номер реестровой записи | C21: Показатель объема государственной услуги, работы | F21: 1 квартал | G21: 1 полугодие | H21: 9 месяцев | I21: 12 месяцев
C22: наименование показателя | D22: единица измерения
D23: наименование | E23: код по ОКЕИ
A24: Реализация дополнительных профессиональных программ повышения квалификации | B24: 804200О.99.0.ББ60АБ25001 | C24: количество человеко-часов | D24: человеко-час | E24: 539 | F24: 16992 | G24: 119700 | H24: 149904 | I24: ='часть 1.1 ПК'!J28 -> 228600
A25: Реализация дополнительных профессиональных программ повышения квалификации | B25: 804200О.99.0.ББ60АБ24001 | C25: количество человеко-часов | D25: человеко-час | E25: 539 | F25: 2592 | G25: 24228 | H25: 31428 | I25: ='часть 1.1 ПК'!J29 -> 35100
A26: Реализация дополнительных профессиональных программ повышения квалификации | B26: 804200О.99.0.ББ60АБ31001 | C26: количество человеко-часов | D26: человеко-час | E26: 539 | F26: 0 | G26: 0 | H26: 0 | I26: ='часть 1.1 ПК'!J30 -> 1800
A27: Реализация дополнительных профессиональных программ повышения квалификации | B27: 804200О.99.0.ББ60АБ31002 | C27: количество человеко-часов | D27: человеко-час | E27: 540 | F27: 1584 | G27: 1584 | H27: 1584 | I27: ='часть 1.1 ПК'!J31 -> 1584
A28: Психолого-медико-педагогическое обследование детей | B28: 880900О.99.0.БА84АА00000 | C28: число обучающихся | D28: человек | E28: 792 | F28: =66-10 -> 56 | G28: =148+25 -> 173 | H28: =151+23 -> 174 | I28: ='часть 1.2 ПМПК НО'!J28 -> 206
A29: Психолого-медико-педагогическое обследование детей | B29: 880900О.99.0.БА98АА00000 | C29: число обучающихся | D29: человек | E29: 792 | F29: =68+1 -> 69 | G29: =142+46 -> 188 | H29: =168+21 -> 189 | I29: ='часть 1.3 ПМПК ОО'!J28 -> 311
A30: Психолого-медико-педагогическое обследование детей | B30: 880900О.99.0.ББ13АА00000 | C30: число обучающихся | D30: человек | E30: 792 | F30: =5+16 -> 21 | G30: =43+12 -> 55 | H30: =48+9 -> 57 | I30: ='часть 1.4 ПМПК СО'!J28 -> 70
A31: Психолого-медико-педагогическое обследование детей | B31: 853212О.99.0.БВ20АА00001 | C31: число обучающихся | D31: человек | E31: 792 | F31: =34-13 -> 21 | G31: =79-22 -> 57 | H31: =82-25 -> 57 | I31: ='часть 1.5 ПМПК ДО'!K28 -> 63
A32: Коррекционно-развивающая, компенсирующая и логопедическая помощь обучающимся | B32: 880900О.99.0.БА86АА02000 | C32: ='часть 1.6 КРЗ НОО '!J28 -> число обучающихся | D32: человек | E32: 792 | F32: 10 | G32: 15 | H32: 20 | I32: ='часть 1.6 КРЗ НОО '!M28 -> 34
A33: Коррекционно-развивающая, компенсирующая и логопедическая помощь обучающимся | B33: 880900О.99.0.ББ00АА02000 | C33: ='часть 1.7 КРЗ ОО'!J28 -> число обучающихся, их родителей (законных представителей) и педагогических работников | D33: человек | E33: 792 | F33: 0 | G33: 0 | H33: 2 | I33: ='часть 1.7 КРЗ ОО'!M28 -> 2
A34: Коррекционно-развивающая, компенсирующая и логопедическая помощь обучающимся | B34: 853212О.99.0.БВ22АА02001 | C34: ='часть 1.8 КРЗ ДО'!J28 -> число обучающихся | D34: человек | E34: 792 | F34: 20 | G34: 60 | H34: 80 | I34: ='часть 1.8 КРЗ ДО'!M28 -> 124
A35: Организация и проведение олимпиад, конкурсов, мероприятий, направленных на выявление и развитие у обучающихся интеллектуальных и творческих способностей, способностей к занятиям физической культурой и спортом, интереса к научной (научно-исследовательской) деятельности, творческой деятельности, физкультурно-спортивной деятельности
A36: Организация и проведение регионального этапа всероссийской олимпиады школьников | B36: 850000. Р.86.1.05510002003 | C36: количество мероприятий | D36: единица | E36: 642 | F36: 0 | G36: 24 | H36: 24 | I36: ='часть 2.1. Олимп'!K27 -> 24
B37: 850000. Р.86.1.05510002003 | C37: количество участников мероприятий | D37: человек | E37: 792 | F37: 0 | G37: 1750 | H37: 1750 | I37: ='часть 2.1. Олимп'!K28 -> 1750
A38: Организация и проведение окружной олимпиады школьников по трудовому обучению для лиц с умственной отсталостью | B38: 850000. Р.86.1.05510002003 | C38: количество мероприятий | D38: единица | E38: 642 | F38: 0 | G38: 1 | H38: 1 | I38: ='часть 2.1. Олимп'!K29 -> 1
B39: 850000. Р.86.1.05510002003 | C39: количество участников мероприятий | D39: человек | E39: 792 | F39: 0 | G39: 40 | H39: 40 | I39: ='часть 2.1. Олимп'!K30 -> 40
A40: Организация и проведение региональной олимпиады школьников «Умники и умницы Югры» | B40: 850000. Р.86.1.05510002003 | C40: количество мероприятий | D40: единица | E40: 642 | F40: 0 | G40: 2 | H40: 2 | I40: ='часть 2.1. Олимп'!K31 -> 6
B41: 850000. Р.86.1.05510002003 | C41: количество участников мероприятий | D41: человек | E41: 792 | F41: 0 | G41: 40 | H41: 40 | I41: ='часть 2.1. Олимп'!K32 -> 400
A42: Организация проведения общественно-значимых мероприятий в сфере образования, науки и молодежной политики
A43: Информационное, организационное, методическое сопровождение проектов в области образования | B43: 852300.Р.86.1.05620002005 | C43: количество мероприятий | D43: штука | E43: 796 | F43: 0.25 | G43: 0.5 | H43: 0.75 | I43: ='часть 2.2. ОЗМ'!K27 -> 1
A44: Непрерывное повышение профессионального мастерства педагогических работников | B44: 852300.Р.86.1.05620002005 | C44: количество мероприятий | D44: штука | E44: 796 | F44: 0.25 | G44: 0.5 | H44: 0.75 | I44: ='часть 2.2. ОЗМ'!K28 -> 1
A45: Обеспечение участия во всероссийских мероприятиях участников образовательного процесса | B45: 852300.Р.86.1.05620002005 | C45: количество мероприятий | D45: штука | E45: 796 | F45: 0.25 | G45: 0.5 | H45: 0.75 | I45: ='часть 2.2. ОЗМ'!K29 -> 1
A46: Профилактика деструктивных проявлений несовершеннолетних | B46: 852300.Р.86.1.05620002005 | C46: количество мероприятий | D46: штука | E46: 796 | F46: 0.25 | G46: 0.5 | H46: 0.75 | I46: ='часть 2.2. ОЗМ'!K30 -> 1
A47: Организация и сопровождение реализации региональных проектов Национального проекта «Молодежь и дети», федеральных проектов | B47: 852300.Р.86.1.05620002005 | C47: количество мероприятий | D47: штука | E47: 796 | F47: 0.25 | G47: 0.5 | H47: 0.75 | I47: ='часть 2.2. ОЗМ'!K31 -> 1
A48: Проведение Августовского совещания педагогических работников Ханты-Мансийского автономного округа – Югры | B48: 852300.Р.86.1.05620002005 | C48: количество мероприятий | D48: штука | E48: 796 | F48: 0 | G48: 0 | H48: 1 | I48: ='часть 2.2. ОЗМ'!K32 -> 1
A49: ='часть 2.2. ОЗМ'!J33 -> Проведение Форума инновационных образовательных практик «Край родной – Моя Югра» | B49: 852300.Р.86.1.05620002005 | C49: количество мероприятий | D49: штука | E49: 796 | F49: 0 | G49: 1 | H49: 1 | I49: ='часть 2.2. ОЗМ'!K33 -> 1
A50: Оценка качества образования
A51: Организация проведения оценки качества образования | B51: 850000.Р.86.1.07050210002 | C51: количество мероприятий | D51: штука | E51: 796 | F51: 0.25 | G51: 0.5 | H51: 0.75 | I51: ='часть 2.3. ОК'!K27 -> 1
A52: Аттестация педагогических кадров на квалификационную категорию | B52: 850000.Р.86.1.07050210002 | C52: количество экспертных заключений | D52: единица | E52: 642 | F52: 1700 | G52: 3400 | H52: 3800 | I52: ='часть 2.3. ОК'!K28 -> 5000
A53: Информационно-технологическое обеспечение управления системой образования
A54: Цифровая трансформация образовательного процесса | B54: ='часть 2.4. ИТО'!A27 -> 841100. Р.86.1.07010203005 | C54: количество мероприятий | D54: единица | E54: 642 | F54: 0.25 | G54: 0.5 | H54: 0.75 | I54: ='часть 2.4. ИТО'!K27 -> 1
A55: Научно-методическое обеспечение
A56: Методические рекомендации для педагогических работников образовательных организаций по созданию условий для образовательной социальной и культурной адаптации и интеграции детей-мигрантов, в том числе с учетом актуальных норм действующего законодательства в области образования | B56: 720000.Р.86.1.05580150001 | C56: количество мероприятий | D56: единица | E56: 642 | F56: 0 | G56: 0 | H56: 0 | I56: ='часть 2.5. НМО'!K27 -> 1

Sheet Уведомление
J2: 2026 год | M2: 2027 год | P2: 2028 год
A3: Наименование государственной услуги, работы, описание работы | B3: Уникальный номер реестровой записи | C3: Показатель объема государственной услуги, работы | F3: раздел, подраздел | G3: целевая статья | H3: КВР | I3: КОСГУ | J3: показатель объема | K3: норматив, тыс. рублей | L3: объем субсидии, тыс.рублей | M3: показатель объема | N3: норматив, тыс. рублей | O3: объем субсидии, тыс.рублей | P3: показатель объема | Q3: норматив, тыс. рублей | R3: объем субсидии, тыс.рублей
C4: наименование показателя | D4: единица измерения
D5: наименование | E5: код по ОКЕИ
A6: Реализация дополнительных профессиональных программ повышения квалификации | B6: 804200О.99.0.ББ60АБ25001 | C6: количество человеко-часов | D6: человеко-час | E6: 539 | F6: 0705 | G6: 0241100590 | H6: 621 | I6: 241 | J6: ='часть 1.1 ПК'!J28 -> 228600 | K6: 0.258 | L6: =ROUND(J6*K6,1) -> 58978.8 | M6: ='часть 1.1 ПК'!K28 -> 228600 | N6: 0.26 | O6: =ROUND(M6*N6,1) -> 59436 | P6: ='часть 1.1 ПК'!L28 -> 228600 | Q6: =N6 -> 0.26 | R6: =ROUND(P6*Q6,1) -> 59436
A7: Реализация дополнительных профессиональных программ повышения квалификации | B7: 804200О.99.0.ББ60АБ24001 | C7: количество человеко-часов | D7: человеко-час | E7: 539 | F7: 0705 | G7: 0241100590 | H7: 621 | I7: 241 | J7: ='часть 1.1 ПК'!J29 -> 35100 | K7: 0.258 | L7: =ROUND(J7*K7,1) -> 9055.8 | M7: ='часть 1.1 ПК'!K29 -> 35100 | N7: 0.26 | O7: =ROUND(M7*N7,1) -> 9126 | P7: ='часть 1.1 ПК'!L29 -> 35100 | Q7: =N7 -> 0.26 | R7: =ROUND(P7*Q7,1) -> 9126
A8: Реализация дополнительных профессиональных программ повышения квалификации | B8: 804200О.99.0.ББ60АБ31001 | C8: количество человеко-часов | D8: человеко-час | E8: 539 | F8: 0705 | G8: 0241100590 | H8: 621 | I8: 241 | J8: ='часть 1.1 ПК'!J30 -> 1800 | K8: 0.103 | L8: =ROUND(J8*K8,1) -> 185.4 | M8: ='часть 1.1 ПК'!K30 -> 1800 | N8: 0.104 | O8: =ROUND(M8*N8,1) -> 187.2 | P8: ='часть 1.1 ПК'!L30 -> 1800 | Q8: =N8 -> 0.104 | R8: =ROUND(P8*Q8,1) -> 187.2
A9: Реализация дополнительных профессиональных программ повышения квалификации | B9: 804200О.99.0.ББ60АБ28001 | C9: количество человеко-часов | D9: человеко-час | E9: 539 | F9: 0705 | G9: 3041100590 | H9: 621 | I9: 241 | J9: ='часть 1.1 ПК'!J31 -> 1584 | K9: 0.103 | L9: =ROUND(J9*K9,1) -> 163.2 | M9: ='часть 1.1 ПК'!K31 -> 1584 | N9: 0.104 | O9: =ROUND(M9*N9,1) -> 164.7 | P9: ='часть 1.1 ПК'!L31 -> 1584 | Q9: 0.104 | R9: =ROUND(P9*Q9,1) -> 164.7
A10: Психолого-медико-педагогическое обследование детей | B10: 880900О.99.0.БА84АА00000 | C10: число обучающихся | D10: человек | E10: 792 | F10: 0709 | G10: 0241200590 | H10: 621 | I10: 241 | J10: ='часть 1.2 ПМПК НО'!J28 -> 206 | K10: 26.2 | L10: =ROUND(J10*K10,1) -> 5397.2 | M10: ='часть 1.2 ПМПК НО'!K28 -> 206 | N10: 26.3 | O10: =ROUND(M10*N10,1) -> 5417.8 | P10: ='часть 1.2 ПМПК НО'!L28 -> 206 | Q10: =N10 -> 26.3 | R10: =ROUND(P10*Q10,1) -> 5417.8
A11: Психолого-медико-педагогическое обследование детей | B11: 880900О.99.0.БА98АА00000 | C11: число обучающихся | D11: человек | E11: 792 | F11: 0709 | G11: 0241200590 | H11: 621 | I11: 241 | J11: ='часть 1.3 ПМПК ОО'!J28 -> 311 | K11: 26.2 | L11: =ROUND(J11*K11,1) -> 8148.2 | M11: ='часть 1.3 ПМПК ОО'!K28 -> 311 | N11: 26.3 | O11: =ROUND(M11*N11,1) -> 8179.3 | P11: ='часть 1.3 ПМПК ОО'!L28 -> 311 | Q11: =N11 -> 26.3 | R11: =ROUND(P11*Q11,1) -> 8179.3
A12: Психолого-медико-педагогическое обследование детей | B12: 880900О.99.0.ББ13АА00000 | C12: число обучающихся | D12: человек | E12: 792 | F12: 0709 | G12: 0241200590 | H12: 621 | I12: 241 | J12: ='часть 1.4 ПМПК СО'!J28 -> 70 | K12: 26.2 | L12: =ROUND(J12*K12,1) -> 1834 | M12: ='часть 1.4 ПМПК СО'!K28 -> 70 | N12: 26.3 | O12: =ROUND(M12*N12,1) -> 1841 | P12: ='часть 1.4 ПМПК СО'!L28 -> 70 | Q12: =N12 -> 26.3 | R12: =ROUND(P12*Q12,1) -> 1841
A13: Психолого-медико-педагогическое обследование детей | B13: 853212О.99.0.БВ20АА00001 | C13: число обучающихся | D13: человек | E13: 792 | F13: 0709 | G13: 0241200590 | H13: 621 | I13: 241 | J13: ='часть 1.5 ПМПК ДО'!K28 -> 63 | K13: 26.2 | L13: =ROUND(J13*K13,1) -> 1650.6 | M13: ='часть 1.5 ПМПК ДО'!L28 -> 63 | N13: 26.3 | O13: =ROUND(M13*N13,1) -> 1656.9 | P13: ='часть 1.5 ПМПК ДО'!M28 -> 63 | Q13: =N13 -> 26.3 | R13: =ROUND(P13*Q13,1) -> 1656.9
A14: Коррекционно-развивающая, компенсирующая и логопедическая помощь обучающимся | B14: 880900О.99.0.БА86АА02000 | C14: число обучающихся | D14: человек | E14: 792 | F14: 0709 | G14: 0241200590 | H14: 621 | I14: 241 | J14: ='часть 1.6 КРЗ НОО '!M28 -> 34 | K14: 17 | L14: =ROUND(J14*K14,1) -> 578 | M14: ='часть 1.6 КРЗ НОО '!N28 -> 34 | N14: 17.1 | O14: =ROUND(M14*N14,1) -> 581.4 | P14: ='часть 1.6 КРЗ НОО '!O28 -> 34 | Q14: =N14 -> 17.1 | R14: =ROUND(P14*Q14,1) -> 581.4
A15: Коррекционно-развивающая, компенсирующая и логопедическая помощь обучающимся | B15: 880900О.99.0.ББ00АА02000 | C15: число обучающихся, их родителей (законных представителей) и педагогических работников | D15: человек | E15: 792 | F15: 0709 | G15: 0241200590 | H15: 621 | I15: 241 | J15: ='часть 1.7 КРЗ ОО'!M28 -> 2 | K15: 17 | L15: =ROUND(J15*K15,1) -> 34 | M15: ='часть 1.7 КРЗ ОО'!N28 -> 2 | N15: 17.1 | O15: =ROUND(M15*N15,1) -> 34.2 | P15: ='часть 1.7 КРЗ ОО'!O28 -> 2 | Q15: =N15 -> 17.1 | R15: =ROUND(P15*Q15,1) -> 34.2
A16: Коррекционно-развивающая, компенсирующая и логопедическая помощь обучающимся | B16: 853212О.99.0.БВ22АА02001 | C16: число обучающихся | D16: человек | E16: 792 | F16: 0709 | G16: 0241200590 | H16: 621 | I16: 241 | J16: ='часть 1.8 КРЗ ДО'!M28 -> 124 | K16: 17 | L16: =ROUND(J16*K16,1) -> 2108 | M16: ='часть 1.8 КРЗ ДО'!N28 -> 124 | N16: 17.1 | O16: =ROUND(M16*N16,1) -> 2120.4 | P16: ='часть 1.8 КРЗ ДО'!O28 -> 124 | Q16: =N16 -> 17.1 | R16: =ROUND(P16*Q16,1) -> 2120.4
A17: Организация и проведение олимпиад, конкурсов, мероприятий, направленных на выявление и развитие у обучающихся интеллектуальных и творческих способностей, способностей к занятиям физической культурой и спортом, интереса к научной (научно-исследовательской) деятельности, творческой деятельности, физкультурно-спортивной деятельности
A18: Организация и проведение регионального этапа всероссийской олимпиады школьников | B18: 850000. Р.86.1.05510002003 | C18: количество мероприятий | D18: единица | E18: 642 | F18: 0709 | G18: 0241300590 | H18: 621 | I18: 241 | J18: ='часть 2.1. Олимп'!K27 -> 24 | K18: 539.2 | L18: =ROUND(J18*K18,1) -> 12940.8 | M18: ='часть 2.1. Олимп'!L27 -> 24 | N18: 541.5 | O18: =ROUND(M18*N18,1) -> 12996 | P18: ='часть 2.1. Олимп'!M27 -> 24 | Q18: =N18 -> 541.5 | R18: =ROUND(P18*Q18,1) -> 12996
B19: 850000. Р.86.1.05510002003 | C19: количество участников мероприятий | D19: человек | E19: 792 | J19: ='часть 2.1. Олимп'!K28 -> 1750 | M19: ='часть 2.1. Олимп'!L28 -> 1750 | P19: ='часть 2.1. Олимп'!M28 -> 1750 | Q19: =N19 -> 0
A20: Организация и проведение окружной олимпиады школьников по трудовому обучению для лиц с умственной отсталостью | B20: 850000. Р.86.1.05510002003 | C20: количество мероприятий | D20: единица | E20: 642 | F20: 0709 | G20: 0241300590 | H20: 621 | I20: 241 | J20: ='часть 2.1. Олимп'!K29 -> 1 | K20: 539.2 | L20: =ROUND(J20*K20,1) -> 539.2 | M20: ='часть 2.1. Олимп'!L29 -> 1 | N20: 541.5 | O20: =ROUND(M20*N20,1) -> 541.5 | P20: ='часть 2.1. Олимп'!M29 -> 1 | Q20: =N20 -> 541.5 | R20: =ROUND(P20*Q20,1) -> 541.5
B21: 850000. Р.86.1.05510002003 | C21: количество участников мероприятий | D21: человек | E21: 792 | J21: ='часть 2.1. Олимп'!K30 -> 40 | M21: ='часть 2.1. Олимп'!L30 -> 40 | P21: ='часть 2.1. Олимп'!M30 -> 40 | Q21: =N21 -> 0
A22: Организация и проведение региональной олимпиады школьников «Умники и умницы Югры» | B22: 850000. Р.86.1.05510002003 | C22: количество мероприятий | D22: единица | E22: 642 | F22: 0709 | G22: 0241300590 | H22: 621 | I22: 241 | J22: ='часть 2.1. Олимп'!K31 -> 6 | K22: 539.2 | L22: =ROUND(J22*K22,1) -> 3235.2 | M22: ='часть 2.1. Олимп'!L31 -> 6 | N22: 541.5 | O22: =ROUND(M22*N22,1) -> 3249 | P22: ='часть 2.1. Олимп'!M31 -> 6 | Q22: =N22 -> 541.5 | R22: =ROUND(P22*Q22,1) -> 3249
B23: 850000. Р.86.1.05510002003 | C23: количество участников мероприятий | D23: человек | E23: 792 | J23: ='часть 2.1. Олимп'!K32 -> 400 | M23: ='часть 2.1. Олимп'!L32 -> 400 | P23: ='часть 2.1. Олимп'!M32 -> 400 | Q23: =N23 -> 0
A24: Организация проведения общественно-значимых мероприятий в сфере образования, науки и молодежной политики
A25: Информационное, организационное, методическое сопровождение проектов в области образования | B25: 852300.Р.86.1.05620002005 | C25: количество мероприятий | D25: штука | E25: 796 | F25: 0709 | G25: 0241200590 | H25: 621 | I25: 241 | J25: ='часть 2.2. ОЗМ'!K27 -> 1 | K25: 34664.6 | L25: =ROUND(J25*K25,1) -> 34664.6 | M25: ='часть 2.2. ОЗМ'!L27 -> 1 | N25: 34831.1 | O25: =ROUND(M25*N25,1) -> 34831.1 | P25: ='часть 2.2. ОЗМ'!M27 -> 1 | Q25: =N25 -> 34831.1 | R25: =ROUND(P25*Q25,1) -> 34831.1
A26: Непрерывное повышение профессионального мастерства педагогических работников | B26: 852300.Р.86.1.05620002005 | C26: количество мероприятий | D26: штука | E26: 796 | F26: 0709 | G26: 0241100590 | H26: 621 | I26: 241 | J26: ='часть 2.2. ОЗМ'!K28 -> 1 | K26: 14557.7 | L26: =ROUND(J26*K26,1) -> 14557.7 | M26: ='часть 2.2. ОЗМ'!L28 -> 1 | N26: 14623.7 | O26: =ROUND(M26*N26,1) -> 14623.7 | P26: ='часть 2.2. ОЗМ'!M28 -> 1 | Q26: =N26 -> 14623.7 | R26: =ROUND(P26*Q26,1) -> 14623.7
A27: Обеспечение участия во всероссийских мероприятиях участников образовательного процесса | B27: 852300.Р.86.1.05620002005 | C27: количество мероприятий | D27: штука | E27: 796 | F27: 0709 | G27: 0241300590 | H27: 621 | I27: 241 | J27: ='часть 2.2. ОЗМ'!K29 -> 1 | K27: 7043.7 | L27: =ROUND(J27*K27,1) -> 7043.7 | M27: ='часть 2.2. ОЗМ'!L29 -> 1 | N27: 7063.6 | O27: =ROUND(M27*N27,1) -> 7063.6 | P27: ='часть 2.2. ОЗМ'!M29 -> 1 | Q27: =N27 -> 7063.6 | R27: =ROUND(P27*Q27,1) -> 7063.6
A28: Профилактика деструктивных проявлений несовершеннолетних | B28: 852300.Р.86.1.05620002005 | C28: количество мероприятий | D28: штука | E28: 796 | F28: 0709 | G28: 0241200590 | H28: 621 | I28: 241 | J28: ='часть 2.2. ОЗМ'!K30 -> 1 | K28: 11514.2 | L28: =ROUND(J28*K28,1) -> 11514.2 | M28: ='часть 2.2. ОЗМ'!L30 -> 1 | N28: 11612.8 | O28: =ROUND(M28*N28,1) -> 11612.8 | P28: ='часть 2.2. ОЗМ'!M30 -> 1 | Q28: =N28 -> 11612.8 | R28: =ROUND(P28*Q28,1) -> 11612.8
A29: Организация и сопровождение реализации региональных проектов Национального проекта «Молодежь и дети», федеральных проектов | B29: 852300.Р.86.1.05620002005 | C29: количество мероприятий | D29: штука | E29: 796 | F29: 0709 | G29: 0241100590 | H29: 621 | I29: 241 | J29: ='часть 2.2. ОЗМ'!K31 -> 1 | K29: 7784.8 | L29: =ROUND(J29*K29,1) -> 7784.8 | M29: ='часть 2.2. ОЗМ'!L31 -> 1 | N29: 7823.4 | O29: =ROUND(M29*N29,1) -> 7823.4 | P29: ='часть 2.2. ОЗМ'!M31 -> 1 | Q29: =N29 -> 7823.4 | R29: =ROUND(P29*Q29,1) -> 7823.4
A30: Проведение Августовского совещания педагогических работников Ханты-Мансийского автономного округа – Югры | B30: 852300.Р.86.1.05620002005 | C30: количество мероприятий | D30: штука | E30: 796 | F30: 0709 | G30: 0241200590 | H30: 621 | I30: 241 | J30: ='часть 2.2. ОЗМ'!K32 -> 1 | K30: 11742.6 | L30: =ROUND(J30*K30,1) -> 11742.6 | M30: ='часть 2.2. ОЗМ'!L32 -> 1 | N30: 11750.4 | O30: =ROUND(M30*N30,1) -> 11750.4 | P30: ='часть 2.2. ОЗМ'!M32 -> 1 | Q30: =N30 -> 11750.4 | R30: =ROUND(P30*Q30,1) -> 11750.4
A31: ='часть 2.2. ОЗМ'!J33 -> Проведение Форума инновационных образовательных практик «Край родной – Моя Югра» | B31: 852300.Р.86.1.05620002005 | C31: количество мероприятий | D31: штука | E31: 796 | F31: 0709 | G31: 0241200590 | H31: 621 | I31: 241 | J31: ='часть 2.2. ОЗМ'!K33 -> 1 | K31: 2691.1 | L31: =ROUND(J31*K31,1) -> 2691.1 | M31: ='часть 2.2. ОЗМ'!L33 -> 0 | N31: 0 | O31: =ROUND(M31*N31,1) -> 0 | P31: ='часть 2.2. ОЗМ'!M33 -> 0 | Q31: =N31 -> 0 | R31: =ROUND(P31*Q31,1) -> 0
A32: Оценка качества образования
A33: Организация проведения оценки качества образования | B33: 850000.Р.86.1.07050210002 | C33: количество мероприятий | D33: штука | E33: 796 | F33: 0709 | G33: 0241500590 | H33: 621 | I33: 241 | J33: ='часть 2.3. ОК'!K27 -> 1 | K33: 142134.2 | L33: =ROUND(J33*K33,1) -> 142134.2 | M33: ='часть 2.3. ОК'!L27 -> 1 | N33: 142388.7 | O33: =ROUND(M33*N33,1) -> 142388.7 | P33: ='часть 2.3. ОК'!M27 -> 1 | Q33: =N33 -> 142388.7 | R33: =ROUND(P33*Q33,1) -> 142388.7
A34: Аттестация педагогических кадров на квалификационную категорию | B34: 850000.Р.86.1.07050210002 | C34: количество экспертных заключений | D34: единица | E34: 642 | F34: 0709 | G34: 0241500590 | H34: 621 | I34: 241 | J34: ='часть 2.3. ОК'!K28 -> 5000 | K34: 2.415 | L34: =ROUND(J34*K34,1) -> 12075 | M34: ='часть 2.3. ОК'!L28 -> 5000 | N34: 2.436 | O34: =ROUND(M34*N34,1) -> 12180 | P34: ='часть 2.3. ОК'!M28 -> 5000 | Q34: =N34 -> 2.436 | R34: =ROUND(P34*Q34,1) -> 12180
A35: Информационно-технологическое обеспечение управления системой образования | O35: =ROUND(M35*N35,1) -> 0 | R35: =ROUND(P35*Q35,1) -> 0
A36: Цифровая трансформация образовательного процесса | B36: 841100. Р.86.1.07010203004 | C36: количество мероприятий | D36: единица | E36: 642 | F36: 0709 | G36: 0241100590 | H36: 621 | I36: 241 | J36: ='часть 2.4. ИТО'!K27 -> 1 | K36: 9480.1 | L36: =ROUND(J36*K36,1) -> 9480.1 | M36: ='часть 2.4. ИТО'!L27 -> 1 | N36: 9528.5 | O36: =ROUND(M36*N36,1) -> 9528.5 | P36: ='часть 2.4. ИТО'!M27 -> 1 | Q36: =N36 -> 9528.5 | R36: =ROUND(P36*Q36,1) -> 9528.5
A37: Научно-методическое обеспечение | L37: =ROUND(J37*K37,1) -> 0 | O37: =ROUND(M37*N37,1) -> 0 | R37: =ROUND(P37*Q37,1) -> 0
A38: Методические рекомендации для педагогических работников образовательных организаций по созданию условий для образовательной социальной и культурной адаптации и интеграции детей-мигрантов, в том числе с учетом актуальных норм действующего законодательства в области образования | B38: 720000.Р.86.1.05580150001 | C38: количество мероприятий | D38: единица | E38: 642 | F38: 0705 | G38: 3041100590 | H38: 621 | I38: 241 | J38: ='часть 2.5. НМО'!K27 -> 1 | K38: 35.3 | L38: =ROUND(J38*K38,1) -> 35.3 | M38: ='часть 2.5. НМО'!L27 -> 1 | N38: 35.3 | O38: =ROUND(M38*N38,1) -> 35.3 | P38: ='часть 2.5. НМО'!M27 -> 1 | Q38: =N38 -> 35.3 | R38: =ROUND(P38*Q38,1) -> 35.3
A39: ИТОГО | L39: =SUM(L6:L38) -> 358571.7 | O39: =SUM(O6:O38) -> 357368.9 | R39: =SUM(R6:R38) -> 357368.9
L40: 355880.6 | M40: =L39-L40 -> 2691.1
F42: 0705 | G42: 0241100590 | H42: 621 | I42: 241 | L42: =L6+L7+L8 -> 68220 | O42: =O6+O7+O8 -> 68749.2 | R42: =R6+R7+R8 -> 68749.2
F43: 0705 | G43: 3041100590 | H43: 621 | I43: 241 | L43: =L9+L38 -> 198.5 | O43: =O9+O38 -> 200 | R43: =R9+R38 -> 200
F44: 0709 | G44: 0241100590 | H44: 621 | I44: 241 | L44: =L26+L29+L36 -> 31822.6 | O44: =O26+O29+O36 -> 31975.6 | R44: =R26+R29+R36 -> 31975.6
F45: 0709 | G45: 0241200590 | H45: 621 | I45: 241 | L45: =L10+L11+L12+L13+L25+L28+L30+L14+L15+L16+L31 -> 80362.5 | O45: =O10+O11+O12+O13+O25+O28+O30+O14+O15+O16 -> 78025.3 | R45: =R10+R11+R12+R13+R25+R28+R30+R14+R15+R16 -> 78025.3
F46: 0709 | G46: 0241300590 | H46: 621 | I46: 241 | L46: =L18+L20+L22+L27 -> 23758.9 | O46: =O18+O20+O22+O27 -> 23850.1 | R46: =R18+R20+R22+R27 -> 23850.1
F47: 0709 | G47: 0241500590 | H47: 621 | I47: 241 | L47: =L33+L34 -> 154209.2 | O47: =O33+O34 -> 154568.7 | R47: =R33+R34 -> 154568.7
L48: =SUM(L42:L47) -> 358571.7 | O48: =SUM(O42:O47) -> 357368.9 | R48: =SUM(R42:R47) -> 357368.9
O49: 317504700 | R49: 317504700
F51: 0705 | G51: 0241100590 | J51: 68220000 | K51: =J51/1000=L42 -> TRUE | L51: 68749200 | M51: =L51/1000=O42 -> TRUE | N51: 68749200 | O51: =N51/1000=R42 -> TRUE
F52: 0705 | G52: 3041100590 | J52: 198500 | K52: =J52/1000=L43 -> TRUE | L52: 200000 | M52: =L52/1000=O43 -> TRUE | N52: 200000 | O52: =N52/1000=R43 -> TRUE
F53: 0709 | G53: 0241100590 | J53: 31822600 | K53: =J53/1000=L44 -> TRUE | L53: 31975600 | M53: =L53/1000=O44 -> TRUE | N53: 31975600 | O53: =N53/1000=R44 -> TRUE
F54: 0709 | G54: 0241200590 | J54: 80362500 | K54: =J54/1000=L45 -> TRUE | L54: 78025300 | M54: =L54/1000=O45 -> TRUE | N54: 78025300 | O54: =N54/1000=R45 -> TRUE
F55: 0709 | G55: 0241300590 | J55: 23758900 | K55: =J55/1000=L46 -> TRUE | L55: 23850100 | M55: =L55/1000=O46 -> TRUE | N55: 23850100 | O55: =N55/1000=R46 -> TRUE
F56: 0709 | G56: 0241500590 | J56: 154209200 | K56: =J56/1000=L47 -> TRUE | L56: 154568700 | M56: =L56/1000=O47 -> TRUE | N56: 154568700 | O56: =N56/1000=R47 -> TRUE
J57: 358571700 | K57: =J57/1000=L48 -> TRUE | L57: 357368900 | M57: =L57/1000=O48 -> TRUE | N57: 357368900 | O57: =N57/1000=R48 -> TRUE

Sheet Форма ДФ
A1: Информация об изменении объема субсидии на выполнение государственного задания БУ "Лангепасский политехнический колледж" в 2022 году
A3: Наименование государственной услуги (работы) | B3: Наименование показателя/Единица измерения объема государственных услуг (работ) | C3: Наименование показателя | D3: Нормативные затраты на оказание единицы государственной услуги (работы) | E3: Объем государственных услуг (работ) в натуральном выражении | F3: Объем бюджетных ассигнований на оказание государственной услуги (выполнение работы) | G3: Объем бюджетных ассигнований на уплату налогов | H3: Объем доходов от оказания платной деятельности при выполнении государственного задания | I3: Объем бюджетных ассигнований на финансовое обеспечение выполнения государственного задания | J3: Причины изменений показателей по гр. 4,5,7 (по итогу),8
A4: 1 | B4: 2 | C4: 3 | D4: 4 | E4: 5 | F4: 6 | G4: 7 | H4: 8 | I4: 9 | J4: 10
A5: Наименование государственного учреждения БУ "Лангепасский политехнический колледж"
A6: Реализация образовательных программ среднего профессионального образования - программ подготовки квалифицированных рабочих, служащих | B6: Численность обучающихся (чел.) | C6: Утверждено | D6: 245.84 | E6: 334 | F6: 82110.6 | G6: Х | I6: Х | J6: Х
C7: Изменения (+,-) | D7: =D8-D6 -> #REF! | E7: =E8-E6 -> #REF! | F7: =F8-F6 -> #REF! | G7: Х | I7: Х
C8: Проект | D8: =#REF! -> #REF! | E8: =#REF! -> #REF! | F8: =#REF! -> #REF! | G8: Х | I8: Х | J8: Х
A9: Реализация образовательных программ среднего профессионального образования - программ подготовки квалифицированных рабочих, служащих | B9: Численность обучающихся (чел.) | C9: Утверждено | D9: 412.27 | E9: 2 | F9: 824.5 | G9: Х | I9: Х | J9: Х
C10: Изменения (+,-) | D10: =D11-D9 -> #REF! | E10: =E11-E9 -> #REF! | F10: =F11-F9 -> #REF! | G10: Х | I10: Х
C11: Проект | D11: =#REF! -> #REF! | E11: =#REF! -> #REF! | F11: =#REF! -> #REF! | G11: Х | I11: Х | J11: Х
A12: Реализация образовательных программ среднего профессионального образования - программ подготовки квалифицированных рабочих, служащих | B12: Численность обучающихся (чел.) | C12: Утверждено | D12: 240.11 | E12: 46 | F12: 11045.1 | G12: Х | I12: Х | J12: Х
C13: Изменения (+,-) | D13: =D14-D12 -> #REF! | E13: =E14-E12 -> #REF! | F13: =F14-F12 -> #REF! | G13: Х | I13: Х
C14: Проект | D14: =#REF! -> #REF! | E14: =#REF! -> #REF! | F14: =#REF! -> #REF! | G14: Х | I14: Х | J14: Х
A15: Реализация образовательных программ среднего профессионального образования - программ подготовки специалистов среднего звена | B15: Численность обучающихся (чел.) | C15: Утверждено | D15: 240.55 | E15: 75 | F15: 18041.3 | G15: Х | I15: Х | J15: Х
C16: Изменения (+,-) | D16: =D17-D15 -> #REF! | E16: =E17-E15 -> #REF! | F16: =F17-F15 -> #REF! | G16: Х | I16: Х
C17: Проект | D17: =#REF! -> #REF! | E17: =#REF! -> #REF! | F17: =#REF! -> #REF! | G17: Х | I17: Х | J17: Х
A18: Реализация образовательных программ среднего профессионального образования - программ подготовки специалистов среднего звена | B18: Численность обучающихся (чел.) | C18: Утверждено | D18: 0 | E18: 0 | F18: 0 | G18: Х | I18: Х | J18: Х
C19: Изменения (+,-) | D19: =D20-D18 -> #REF! | E19: =E20-E18 -> #REF! | F19: =F20-F18 -> #REF! | G19: Х | I19: Х
C20: Проект | D20: =#REF! -> #REF! | E20: =#REF! -> #REF! | F20: =#REF! -> #REF! | G20: Х | I20: Х | J20: Х
A21: Реализация образовательных программ среднего профессионального образования - программ подготовки специалистов среднего звена | B21: Численность обучающихся (чел.) | C21: Утверждено | D21: 222.65 | E21: 266 | F21: 59224.9 | G21: Х | I21: Х | J21: Х
C22: Изменения (+,-) | D22: =D23-D21 -> #REF! | E22: =E23-E21 -> #REF! | F22: =F23-F21 -> #REF! | G22: Х | I22: Х
C23: Проект | D23: =#REF! -> #REF! | E23: =#REF! -> #REF! | F23: =#REF! -> #REF! | G23: Х | I23: Х | J23: Х
A24: Реализация образовательных программ среднего профессионального образования - программ подготовки специалистов среднего звена | B24: Численность обучающихся (чел.) | C24: Утверждено | D24: 218.06 | E24: 126 | F24: 27475.6 | G24: Х | I24: Х | J24: Х
C25: Изменения (+,-) | D25: =D26-D24 -> #REF! | E25: =E26-E24 -> #REF! | F25: =F26-F24 -> #REF! | G25: Х | I25: Х
C26: Проект | D26: =#REF! -> #REF! | E26: =#REF! -> #REF! | F26: =#REF! -> #REF! | G26: Х | I26: Х | J26: Х
A27: Реализация образовательных программ среднего профессионального образования - программ подготовки специалистов среднего звена | B27: Численность обучающихся (чел.) | C27: Утверждено | D27: 273.34 | E27: 40 | F27: 10933.6 | G27: Х | I27: Х | J27: Х
C28: Изменения (+,-) | D28: =D29-D27 -> #REF! | E28: =E29-E27 -> #REF! | F28: =F29-F27 -> #REF! | G28: Х | I28: Х
C29: Проект | D29: =#REF! -> #REF! | E29: =#REF! -> #REF! | F29: =#REF! -> #REF! | G29: Х | I29: Х | J29: Х
A30: Реализация образовательных программ среднего профессионального образования - программ подготовки специалистов среднего звена | B30: Численность обучающихся (чел.) | C30: Утверждено | D30: 248.06 | E30: 8 | F30: 1984.5 | G30: Х | I30: Х | J30: Х
C31: Изменения (+,-) | D31: =D32-D30 -> #REF! | E31: =E32-E30 -> #REF! | F31: =F32-F30 -> #REF! | G31: Х | I31: Х
C32: Проект | D32: =#REF! -> #REF! | E32: =#REF! -> #REF! | F32: =#REF! -> #REF! | G32: Х | I32: Х | J32: Х
A33: Реализация образовательных программ среднего профессионального образования - программ подготовки специалистов среднего звена | B33: Численность обучающихся (чел.) | C33: Утверждено | D33: 365.57 | E33: 2 | F33: 731.1 | G33: Х | I33: Х | J33: Х
C34: Изменения (+,-) | D34: =D35-D33 -> #REF! | E34: =E35-E33 -> #REF! | F34: =F35-F33 -> #REF! | G34: Х | I34: Х
C35: Проект | D35: =#REF! -> #REF! | E35: =#REF! -> #REF! | F35: =#REF! -> #REF! | G35: Х | I35: Х | J35: Х
A36: Реализация образовательных программ среднего профессионального образования - программ подготовки специалистов среднего звена | B36: Численность обучающихся (чел.) | C36: Утверждено | D36: 360.98 | E36: 2 | F36: 722 | G36: Х | I36: Х | J36: Х
C37: Изменения (+,-) | D37: =D38-D36 -> #REF! | E37: =E38-E36 -> #REF! | F37: =F38-F36 -> #REF! | G37: Х | I37: Х
C38: Проект | D38: =#REF! -> #REF! | E38: =#REF! -> #REF! | F38: =#REF! -> #REF! | G38: Х | I38: Х | J38: Х
A39: Реализация основных профессиональных образовательных программ профессионального обучения - программ профессиональной подготовки по профессиям рабочих, должностям служащих | B39: Численность обучающихся (чел.) | C39: Утверждено | D39: 0.243 | E39: 2400 | F39: 583.2 | G39: Х | I39: Х | J39: Х
C40: Изменения (+,-) | D40: =D41-D39 -> #REF! | E40: =E41-E39 -> #REF! | F40: =F41-F39 -> #REF! | G40: Х | I40: Х
C41: Проект | D41: =#REF! -> #REF! | E41: =#REF! -> #REF! | F41: =#REF! -> #REF! | G41: Х | I41: Х | J41: Х
A42: Предоставление питания | B42: Число обучающихся (чел.) | C42: Утверждено | D42: 0.35893 | E42: 152 | F42: 7248.6 | G42: Х | I42: Х | J42: Х
C43: Изменения (+,-) | D43: =D44-D42 -> #REF! | E43: =E44-E42 -> #REF! | F43: =F44-F42 -> #REF! | G43: Х | I43: Х
C44: Проект | D44: =#REF! -> #REF! | E44: =#REF! -> #REF! | F44: =#REF! -> #REF! | G44: Х | I44: Х | J44: Х
C45: Утверждено | D45: 0.37014 | E45: 152 | F45: 5498.4 | G45: Х | I45: Х | J45: Х
C46: Изменения (+,-) | D46: =D47-D45 -> #REF! | E46: =E47-E45 -> #REF! | F46: =F47-F45 -> #REF! | G46: Х | I46: Х
C47: Проект | D47: =#REF! -> #REF! | E47: =#REF! -> #REF! | F47: =#REF! -> #REF! | G47: Х | I47: Х | J47: Х
C48: Утверждено | D48: 0.21744 | E48: 240 | F48: 5776.3 | G48: Х | I48: Х | J48: Х
C49: Изменения (+,-) | D49: =D50-D48 -> #REF! | E49: =E50-E48 -> #REF! | F49: =F50-F48 -> #REF! | G49: Х | I49: Х
C50: Проект | D50: =#REF! -> #REF! | E50: =#REF! -> #REF! | F50: =#REF! -> #REF! | G50: Х | I50: Х | J50: Х
C51: Утверждено | D51: 0.22134 | E51: 240 | F51: 6434.6 | G51: Х | I51: Х | J51: Х
C52: Изменения (+,-) | D52: =D53-D51 -> #REF! | E52: =E53-E51 -> #REF! | F52: =F53-F51 -> #REF! | G52: Х | I52: Х | J52: Х
C53: Проект | D53: =#REF! -> #REF! | E53: =#REF! -> #REF! | F53: =#REF! -> #REF! | G53: Х | I53: Х | J53: Х
C54: Утверждено | D54: 0.113 | E54: 67 | F54: 1123.2 | G54: Х | I54: Х | J54: Х
C55: Изменения (+,-) | D55: =D56-D54 -> #REF! | E55: =E56-E54 -> #REF! | F55: =F56-F54 -> #REF! | G55: Х | I55: Х | J55: Х
C56: Проект | D56: =#REF! -> #REF! | E56: =#REF! -> #REF! | F56: =#REF! -> #REF! | G56: Х | I56: Х | J56: Х
C57: Утверждено | D57: 0.119 | E57: 67 | F57: 85.1 | G57: Х | I57: Х | J57: Х
C58: Изменения (+,-) | D58: =D59-D57 -> #REF! | E58: =E59-E57 -> #REF! | F58: =F59-F57 -> #REF! | G58: Х | I58: Х | J58: Х
C59: Проект | D59: =#REF! -> #REF! | E59: =#REF! -> #REF! | F59: =#REF! -> #REF! | G59: Х | I59: Х | J59: Х
A60: Итого | C60: Утверждено | D60: X | E60: X | F60: =F6+F9+F12+F15+F18+F21+F24+F27+F30+F33+F36+F39+F42+F45+F48+F51+F54+F57 -> 239842.6 | G60: 1742 | I60: =F60+G60 -> 241584.6 | J60: Х
C61: Изменения (+,-) | D61: X | E61: =E7+E10+E13+E16+E22+E25+E28+E31+E34+E37+E40+E43+E46+E49+E52+E55+E58 -> #REF! | F61: =F7+F10+F13+F16+F19+F22+F25+F28+F31+F34+F37+F40+F43+F46+F49+F52+F55+F58 -> #REF! | G61: =G62-G60 -> #REF! | I61: =F61+G61 -> #REF!
C62: Проект | D62: X | E62: X | F62: =F8+F11+F14+F17+F20+F23+F26+F29+F32+F35+F38+F41+F44+F47+F50+F53+F56+F59 -> #REF! | G62: =#REF! -> #REF! | H62: =H60+H61 -> 0 | I62: =I60+I61 -> #REF! | J62: Х
A64: Исполнитель: Толстогузов А.С., тел.360-161, доб.2577

Sheet ВП
B1: Ведомственный перечень услуг (работ) - Департамент образования и молодежной политики Ханты-Мансийского автономного округа – Югры
B2: Дата формирования: | D2: 13.12.2019
B3: № п./п. | C3: ГРБС | E3: Уровень перечня | F3: Вид деятельности | H3: Реестровый номер | J3: Услуга (работа) | M3: Содержание услуги (работы) 1 | N3: Содержание услуги (работы) 2 | O3: Содержание услуги (работы) 3 | P3: Условия (формы) оказания услуги (работы) 1 | Q3: Условия (формы) оказания услуги (работы) 2 | R3: Основа оказания | S3: Категории потребителей услуги (работы) | T3: Код ОКВЭД услуги | U3: Код ОКПД | V3: Показатели объема | W3: Показатели качества | X3: Виды учреждений | Y3: Виды ППО | Z3: Виды полномочий | AA3: Перечень ППО | AB3: НПА (общероссийские) | AC3: НПА субъекта | AD3: НПА МО | AE3: Типы учреждений | AF3: Поставщики услуги/работы | AG3: Иные характеристики | AH3: Включена в Федеральный реестр государственных услуг, реестры государственных услуг субъектов РФ, реестры муниципальных услуг в соответствии с 210 ФЗ | AI3: Включена в перечень услуг, которые являются необходимыми и обязательными для предоставления государственных и муниципальных услуг, утвержденный в 210 ФЗ | AJ3: Ограничения | AK3: Действует с | AL3: Действует по
C4: Код | D4: Наименование | F4: Код | G4: Наименование | J4: Код | K4: Наименование | L4: Вид
B5: 1 | C5: 2 | D5: 3 | E5: 4 | F5: 5 | G5: 6 | H5: 7 | J5: 8 | K5: 9 | L5: 10 | M5: 11 | N5: 12 | O5: 13 | P5: 14 | Q5: 15 | R5: 16 | S5: 17 | T5: 18 | U5: 19 | V5: 20 | W5: 21 | X5: 22 | Y5: 23 | Z5: 24 | AA5: 25 | AB5: 26 | AC5: 27 | AD5: 28 | AE5: 29 | AF5: 30 | AG5: 31 | AH5: 32 | AI5: 33 | AJ5: 34 | AK5: 35 | AL5: 36
A6: =M6&N6&O6&P6 | B6: 1 | C6: 230 | D6: Департамент образования и молодежной политики Ханты-Мансийского автономного округа - Югры | E6: Региональный | F6: 10 | G6: Молодежная политика | H6: 932919.Р.86.1.06090002002 | I6: 932919.Р.83.1.06090001000 | J6: 0609 | K6: Организация мероприятий в сфере молодежной политики, направленных на вовлечение молодежи в инновационную, предпринимательскую, добровольческую деятельность, а также на развитие гражданской активности молодежи и формирование здорового образа жизни | L6: Работа | R6: Бесплатная | S6: Физические лица* | T6: 93.29.9 | U6: 9312; 932929000; 932919000; 8541; 8411; 9329; 9499 | V6: 00873 - Количество мероприятий (Единица); | W6: 01397 - Доля молодых людей в возрасте 14-30 лет, участвующих в инновационной, предпринимательской, добровольческой деятельности, вовлеченных в реализуемые проекты и программы в сфере поддержки талантливой молодежи (Процент); 01395 - Количество подростков и молодежи, охваченных мероприятиями (Человек); | Y6: Городской округ; Муниципальный район; Субъект Российской Федерации; | AC6: Закон Дума Ханты-Мансийского автономного округа-Югры 27-оз от 30.04.2011 О реализации государственной молодежной политики в Ханты-Мансийском автономном округе - Югре (статья 8, пункт 2); | AD6: Приказ Департамент образования и молодежной политики администрации города Лангепас 452 от 12.12.2017 Об утверждении услуг, выполняемых подведомственными учреждениями департамента образования и молодежной политики администрации города Лангепас ; Постановление Администрация Советского района 6/НПА от 09.01.2018 О наделении полномочиями муниципальных учреждений Советского района по оказанию муниципальных услуг (выполнению работ) ; Постановление Администрация города Ханты-Мансийска 960 от 08.09.2016 Об утверждении стандартов качества выполнения муниципальных работ в сфере молодежной политики ; Постановление Администрация города Урай 130 от 26.01.2018 Об утверждении Положения об организации и осуществлении мероприятий по работе с детьми и молодежью в городе Урай ; Постановление Администрация Нефтеюганского района 2325-па от 12.12.2017 Об утверждении перечня муниципальных услуг и работ, оказываемых и выполняемых муниципальными учреждениями Нефтеюганского района, для включения в региональный перечень государственных (муниципальных) услуг и работ ; Приказ Управление образования и молодежной политики Администрации Октябрьского района 975-од от 13.12.2018 О утверждении перечня государственных (муниципальных) услуг, не включенных в общероссийские базовые (отраслевые) перечни (классификаторы) государственных и муниципальных услуг и работ, оказываемых и выполняемых государственными (муниципальными) учреждениями Октябрьского района ; Постановление Администрация города Сургут 1402 от 26.02.2016 Об утверждении стандартов качества муниципальных работ в сфере "Молодежная политика" ; Приказ Управление Физической культуры, спорта и молодежной политики Администрации города Ханты-Мансийска 83 от 07.12.2017 Об оказании муниципальной услуги, выполнении муниципальных работ в сфере молодежной политики ; Постановление Администрация города Нижневартовска 1072 от 19.09.2011 Об утверждении отдельных стандартов качества выполнения муниципальных услуг, оказываемых муниципальным автономным учреждением города Нижневартовска «Молодежный центр» ; | AE6: 3 - Автономные учреждения; 2 - Бюджетные учреждения; 1 - Казенные учреждения; | AF6: 8601012485/860101001 - D0026 - АВТОНОМНОЕ УЧРЕЖДЕНИЕ ХАНТЫ-МАНСИЙСКОГО АВТОНОМНОГО ОКРУГА - ЮГРЫ "ЦЕНТР ВОЕННО-ПАТРИОТИЧЕСКОГО ВОСПИТАНИЯ И ПОДГОТОВКИ ГРАЖДАН К ВОЕННОЙ СЛУЖБЕ"; 8601035637/860101001 - D0146 - АВТОНОМНОЕ УЧРЕЖДЕНИЕ ХАНТЫ-МАНСИЙСКОГО АВТОНОМНОГО ОКРУГА - ЮГРЫ "РЕГИОНАЛЬНЫЙ МОЛОДЕЖНЫЙ ЦЕНТР"; | AH6: Нет | AI6: Нет | AK6: 01.01.2022 | AL6: 31.12.2099
A7: =M7&N7&O7&P7 | B7: 2 | C7: 230 | D7: Департамент образования и молодежной политики Ханты-Мансийского автономного округа - Югры | E7: Региональный | F7: 10 | G7: Молодежная политика | H7: 932919.Р.86.1.06150001002 | I7: 932919.Р.83.1.06150001000 | J7: 0615 | K7: Организация мероприятий в сфере молодежной политики, направленных на формирование системы развития талантливой и инициативной молодежи, создание условий для самореализации подростков и молодежи, развитие творческого, профессионального, интеллектуального потенциалов подростков и молодежи | L7: Работа | R7: Бесплатная | S7: Физические лица* | T7: 93.29.9; 92.34.3; 75.13 | U7: 8411; 7810; 8541; 932919000; 932929000 | V7: 01115 - Число человеко-дней пребывания (Человеко-день); 00901 - Число детей (Человек); 01005 - Количество участников мероприятий (Человек); 01116 - Число человеко-часов пребывания (Человеко-час); 00873 - Количество мероприятий (Единица); | W7: 01396 - Количество молодых людей, вовлеченных в мероприятия социально – консультативной направленности (Человек); 01387 - Отсутствие обоснованных жалоб на качество оказания услуги (Процент); 01395 - Количество подростков и молодежи, охваченных мероприятиями (Человек); 01394 - Доля молодых людей в возрасте от 14 до 30 лет, вовлеченных в реализуемые проекты и программы в сфере поддержки талантливой молодежи, участвующих в научно-исследовательских, социальных проектах (Процент); | Y7: Субъект Российской Федерации; Муниципальный район; Городской округ; | AC7: Закон Дума Ханты-Мансийского автономного округа-Югры 27-оз от 30.04.2011 О реализации государственной молодежной политики в Ханты-Мансийском автономном округе - Югре (статья 12, 11, пункт 1, 6); | AD7: Постановление Администрация города Мегиона 1698 от 02.07.2015 Об утверждении административного регламента по предоставлению муниципальной услуги «Организация отдыха детей в каникулярное время в части предоставления детям, проживающим в Ханты-Мансийском автономном округе – Югре, путёвок в организации, обеспечивающие отдых и оздоровление детей ; Постановление Администрация Советского района 6/НПА от 09.01.2018 О наделении полномочиями муниципальных учреждений Советского района по оказанию муниципальных услуг (выполнению работ) ; Постановление Администрация Нефтеюганского района 2325-па от 12.12.2017 Об утверждении перечня муниципальных услуг и работ, оказываемых и выполняемых муниципальными учреждениями Нефтеюганского района, для включения в региональный перечень государственных (муниципальных) услуг и работ ; Постановление Администрация города Югорска 1846 от 28.10.2009 О создании муниципального автономного учреждения "Молодежная биржа труда "Гелиос" ; Постановление Администрация города Урай 130 от 26.01.2018 Об утверждении Положения об организации и осуществлении мероприятий по работе с детьми и молодежью в городе Урай ; Приказ Управление образования и молодежной политики Администрации Октябрьского района 975-од от 13.12.2018 О утверждении перечня государственных (муниципальных) услуг, не включенных в общероссийские базовые (отраслевые) перечни (классификаторы) государственных и муниципальных услуг и работ, оказываемых и выполняемых государственными (муниципальными) учреждениями Октябрьского района ; Приказ Департамент образования Администрации города Ханты-Мансийска 10 от 12.01.2017 Об организации работы по организации мероприятий в сфере молодежной политики, направленных на формирование системы развития талантливой и инициативной молодежи, создание условий для самореализации подростков и молодежи, развитие творческого, профессионального, интеллектуального потенциалов подростков и молодежи, и организации досуга детей, подростков и молодежи ; Постановление Администрация города Сургут 1402 от 26.02.2016 Об утверждении стандартов качества муниципальных работ в сфере "Молодежная политика" ; Постановление Администрация города Нижневартовска 1072 от 19.09.2011 Об утверждении отдельных стандартов качества выполнения муниципальных услуг, оказываемых муниципальным автономным учреждением города Нижневартовска «Молодежный центр» ; | AE7: 1 - Казенные учреждения; 2 - Бюджетные учреждения; 3 - Автономные учреждения; | AF7: 8601012485/860101001 - D0026 - АВТОНОМНОЕ УЧРЕЖДЕНИЕ ХАНТЫ-МАНСИЙСКОГО АВТОНОМНОГО ОКРУГА - ЮГРЫ "ЦЕНТР ВОЕННО-ПАТРИОТИЧЕСКОГО ВОСПИТАНИЯ И ПОДГОТОВКИ ГРАЖДАН К ВОЕННОЙ СЛУЖБЕ"; | AH7: Нет | AI7: Нет | AK7: 01.01.2018 | AL7: 31.12.2099
A8: =M8&N8&O8&P8 | B8: 3 | C8: 230 | D8: Департамент образования и молодежной политики Ханты-Мансийского автономного округа - Югры | E8: Региональный | F8: 10 | G8: Молодежная политика | H8: 932920.Р.86.1.05040001001 | J8: 0504 | K8: Организация мероприятий в сфере молодежной политики, направленных на гражданское и патриотическое воспитание молодежи, воспитание толерантности в молодежной среде, формирование правовых, культурных и нравственных ценностей среди молодежи | L8: Работа | R8: Бесплатная | S8: Физические лица* | T8: 75.13; 92.34.3; 93.29.9 | U8: 8411; 93292; 932929000 | V8: 00873 - Количество мероприятий (Единица); 01116 - Число человеко-часов пребывания (Человеко-час); 01115 - Число человеко-дней пребывания (Человеко-день); 01005 - Количество участников мероприятий (Человек); 00901 - Число детей (Человек); | W8: 01387 - Отсутствие обоснованных жалоб на качество оказания услуги (Процент); 01395 - Количество подростков и молодежи, охваченных мероприятиями (Человек); 01128 - Доля допризывной молодежи, состоящей в патриотических клубах, центрах, учреждениях и вовлеченных в мероприятия патриотической направленности (Процент); 01388 - Отсутствие случаев травматизма и несчастных случаев при организации и проведении мероприятий (Процент); | Y8: Городское поселение; Городской округ; Сельское поселение; Муниципальный район; Субъект Российской Федерации; | AC8: Закон Дума Ханты-Мансийского автономного округа-Югры 27-оз от 30.04.2011 О реализации государственной молодежной политики в Ханты-Мансийском автономном округе - Югре (статья 14, пункт 5); | AD8: Постановление Администрация города Югорска 1846 от 28.10.2009 О создании муниципального автономного учреждения "Молодежная биржа труда "Гелиос" ; Распоряжение Администрации Кондинского район 733-р от 11.12.2017 О наделении муниципального автономного учреждения «Районный цент молодежных Инициатив «Ориентир»» отдельными полномочиями ; Приказ Администрация Октябрьского района 2-од от 09.01.2018 Об утверждении перечня муниципальных услуг и работ, оказываемых и выполняемых учреждениями, подведомственных отделу культуры и туризма администрации Октябрьского района ; Постановление Администрация города Мегиона 1698 от 02.07.2015 Об утверждении административного регламента по предоставлению муниципальной услуги «Организация отдыха детей в каникулярное время в части предоставления детям, проживающим в Ханты-Мансийском автономном округе – Югре, путёвок в организации, обеспечивающие отдых и оздоровление детей ; Постановление Администрация города Ханты-Мансийска 960 от 08.09.2016 Об утверждении стандартов качества выполнения муниципальных работ в сфере молодежной политики ; Постановление Администрация Советского района 6/НПА от 09.01.2018 О наделении полномочиями муниципальных учреждений Советского района по оказанию муниципальных услуг (выполнению работ) ; Постановление Администрация города Урай 130 от 26.01.2018 Об утверждении Положения об организации и осуществлении мероприятий по работе с детьми и молодежью в городе Урай ; Приказ Департамент образования и молодежной политики администрации города Лангепас 452 от 12.12.2017 Об утверждении услуг, выполняемых подведомственными учреждениями департамента образования и молодежной политики администрации города Лангепас ; Приказ Управление Физической культуры, спорта и молодежной политики Администрации города Ханты-Мансийска 83 от 07.12.2017 Об оказании муниципальной услуги, выполнении муниципальных работ в сфере молодежной политики ; Постановление Администрация города Сургут 1402 от 26.02.2016 Об утверждении стандартов качества муниципальных работ в сфере "Молодежная политика" ; Постановление Администрация Нефтеюганского района 2325-па от 12.12.2017 Об утверждении перечня муниципальных услуг и работ, оказываемых и выполняемых муниципальными учреждениями Нефтеюганского района, для включения в региональный перечень государственных (муниципальных) услуг и работ ; Постановление Администрация сельского поселения Горноправдинска Ханты-Мансийского района 212 от 29.11.2011 Об утверждении Реестра муниципальных услуг сельского поселения Горноправдинск ; Постановление Администрация городского поселения Зеленоборск Советского района 204 от 06.12.2017 О наделении полномочиями муниципального бюджетного учреждения городского поселения Зеленоборск по оказанию муниципальных услуг (выполнению работ) ; Приказ Комитет по физической культуре, спорту, туризму и молодежной политике Администрации города Нягани 130 от 08.12.2017 Об утверждении перечня муниципальных услуг (работ), оказываемых (выполняемых) муниципальными учреждениями, находящихся в ведомственной принадлежности Комитета по физической культуре, спорту, туризму и молодежной политике Администрации города Нягани, включаемым в региональный перечень ИС «Региональный электронный бюджет» ; | AE8: 3 - Автономные учреждения; 2 - Бюджетные учреждения; 1 - Казенные учреждения; | AF8: 8601012485/860101001 - D0026 - АВТОНОМНОЕ УЧРЕЖДЕНИЕ ХАНТЫ-МАНСИЙСКОГО АВТОНОМНОГО ОКРУГА - ЮГРЫ "ЦЕНТР ВОЕННО-ПАТРИОТИЧЕСКОГО ВОСПИТАНИЯ И ПОДГОТОВКИ ГРАЖДАН К ВОЕННОЙ СЛУЖБЕ"; | AH8: Нет | AI8: Нет | AK8: 01.01.2018 | AL8: 31.12.2099
A9: =M9&N9&O9&P9 | B9: 4 | C9: 230 | D9: Департамент образования и молодежной политики Ханты-Мансийского автономного округа - Югры | E9: Региональный | F9: 10 | G9: Молодежная политика | H9: 932920.Р.86.1.05040001002 | I9: 932920.Р.83.1.05040001000 | J9: 0504 | K9: Организация мероприятий в сфере молодежной политики, направленных на гражданское и патриотическое воспитание молодежи, воспитание толерантности в молодежной среде, формирование правовых, культурных и нравственных ценностей среди молодежи | L9: Работа | R9: Бесплатная | S9: Физические лица* | T9: 93.29.9; 92.34.3; 75.13 | U9: 932929000; 93292; 8411 | V9: 00901 - Число детей (Человек); 01005 - Количество участников мероприятий (Человек); 01115 - Число человеко-дней пребывания (Человеко-день); 01116 - Число человеко-часов пребывания (Человеко-час); 00873 - Количество мероприятий (Единица); | W9: 01388 - Отсутствие случаев травматизма и несчастных случаев при организации и проведении мероприятий (Процент); 01395 - Количество подростков и молодежи, охваченных мероприятиями (Человек); 01128 - Доля допризывной молодежи, состоящей в патриотических клубах, центрах, учреждениях и вовлеченных в мероприятия патриотической направленности (Процент); 01387 - Отсутствие обоснованных жалоб на качество оказания услуги (Процент); | Y9: Субъект Российской Федерации; Муниципальный район; Городской округ; Городское поселение; Сельское поселение; | AC9: Закон Дума Ханты-Мансийского автономного округа-Югры 27-оз от 30.04.2011 О реализации государственной молодежной политики в Ханты-Мансийском автономном округе - Югре (статья 14, пункт 5); | AD9: Приказ Комитет по физической культуре, спорту, туризму и молодежной политике Администрации города Нягани 130 от 08.12.2017 Об утверждении перечня муниципальных услуг (работ), оказываемых (выполняемых) муниципальными учреждениями, находящихся в ведомственной принадлежности Комитета по физической культуре, спорту, туризму и молодежной политике Администрации города Нягани, включаемым в региональный перечень ИС «Региональный электронный бюджет» ; Постановление Администрация городского поселения Зеленоборск Советского района 204 от 06.12.2017 О наделении полномочиями муниципального бюджетного учреждения городского поселения Зеленоборск по оказанию муниципальных услуг (выполнению работ) ; Постановление Администрация сельского поселения Горноправдинска Ханты-Мансийского района 212 от 29.11.2011 Об утверждении Реестра муниципальных услуг сельского поселения Горноправдинск ; Постановление Администрация Нефтеюганского района 2325-па от 12.12.2017 Об утверждении перечня муниципальных услуг и работ, оказываемых и выполняемых муниципальными учреждениями Нефтеюганского района, для включения в региональный перечень государственных (муниципальных) услуг и работ ; Постановление Администрация города Сургут 1402 от 26.02.2016 Об утверждении стандартов качества муниципальных работ в сфере "Молодежная политика" ; Постановление Администрация города Ханты-Мансийска 960 от 08.09.2016 Об утверждении стандартов качества выполнения муниципальных работ в сфере молодежной политики ; Приказ Управление Физической культуры, спорта и молодежной политики Администрации города Ханты-Мансийска 83 от 07.12.2017 Об оказании муниципальной услуги, выполнении муниципальных работ в сфере молодежной политики ; Приказ Департамент образования и молодежной политики администрации города Лангепас 452 от 12.12.2017 Об утверждении услуг, выполняемых подведомственными учреждениями департамента образования и молодежной политики администрации города Лангепас ; Постановление Администрация города Урай 130 от 26.01.2018 Об утверждении Положения об организации и осуществлении мероприятий по работе с детьми и молодежью в городе Урай ; Постановление Администрация Советского района 6/НПА от 09.01.2018 О наделении полномочиями муниципальных учреждений Советского района по оказанию муниципальных услуг (выполнению работ) ; Постановление Администрация города Мегиона 1698 от 02.07.2015 Об утверждении административного регламента по предоставлению муниципальной услуги «Организация отдыха детей в каникулярное время в части предоставления детям, проживающим в Ханты-Мансийском автономном округе – Югре, путёвок в организации, обеспечивающие отдых и оздоровление детей ; Приказ Администрация Октябрьского района 2-од от 09.01.2018 Об утверждении перечня муниципальных услуг и работ, оказываемых и выполняемых учреждениями, подведомственных отделу культуры и туризма администрации Октябрьского района ; Распоряжение Администрации Кондинского район 733-р от 11.12.2017 О наделении муниципального автономного учреждения «Районный цент молодежных Инициатив «Ориентир»» отдельными полномочиями ; Постановление Администрация города Югорска 1846 от 28.10.2009 О создании муниципального автономного учреждения "Молодежная биржа труда "Гелиос" ; | AE9: 1 - Казенные учреждения; 2 - Бюджетные учреждения; 3 - Автономные учреждения; | AF9: 8601012485/860101001 - D0026 - АВТОНОМНОЕ УЧРЕЖДЕНИЕ ХАНТЫ-МАНСИЙСКОГО АВТОНОМНОГО ОКРУГА - ЮГРЫ "ЦЕНТР ВОЕННО-ПАТРИОТИЧЕСКОГО ВОСПИТАНИЯ И ПОДГОТОВКИ ГРАЖДАН К ВОЕННОЙ СЛУЖБЕ"; | AH9: Нет | AI9: Нет | AK9: 01.01.2019 | AL9: 31.12.2099
A10: =M10&N10&O10&P10 -> с круглогодичным круглосуточным пребыванием | B10: 5 | C10: 230 | D10: Департамент образования и молодежной политики Ханты-Мансийского автономного округа - Югры | E10: Общероссийский | F10: 10 | G10: Молодежная политика | H10: 920700О.99.0.АЗ22АА02001 | J10: АЗ22 | K10: Организация отдыха детей и молодежи | L10: Услуга | P10: с круглогодичным круглосуточным пребыванием | R10: Бесплатная | S10: Физические лица | T10: 55.21; 55.20; 93.29.9; 93.29 | U10: 92.72.12; 92.7 | V10: 003 - Число человеко-часов пребывания (Человеко-час); 005 - Число человеко-дней пребывания (Человеко-день); 004 - Количество человек (Человек); | Y10: Муниципальное образование; субъект Российской Федерации; Российская Федерация; | AB10: Федеральный закон Государственная Дума РФ от 06.10.2003 № 131-ФЗ Об общих принципах организации местного самоуправления в Российской Федерации; Федеральный закон Государственная Дума РФ от 29.12.2012 № 273-ФЗ Об образовании в Российской Федерации; Федеральный закон Государственная Дума РФ от 06.10.1999 № 184-ФЗ Об общих принципах организации законодательных (представительных) и исполнительных органов государственной власти субъектов Российской Федерации; | AF10: 8601035637/860101001 - D0146 - АВТОНОМНОЕ УЧРЕЖДЕНИЕ ХАНТЫ-МАНСИЙСКОГО АВТОНОМНОГО ОКРУГА - ЮГРЫ "РЕГИОНАЛЬНЫЙ МОЛОДЕЖНЫЙ ЦЕНТР"; | AH10: Нет | AI10: Нет | AK10: 02.10.2015 | AL10: 31.12.2099
A11: =M11&N11&O11&P11 -> Профессиональная образовательная организация, образовательная организация высшего образования | B11: 6 | C11: 230 | D11: Департамент образования и молодежной политики Ханты-Мансийского автономного округа - Югры | E11: Региональный | F11: 11 | G11: Образование и наука | H11: 562900.Р.86.0.05910001002 | I11: 562900.Р.83.0.05910001000 | J11: 0591 | K11: Предоставление питания | L11: Услуга | M11: Профессиональная образовательная организация, образовательная организация высшего образования | R11: Бесплатная | S11: Физические лица* | T11: 5629 | U11: 5629 | V11: 00973 - Число обучающихся (Человек); | Y11: Субъект Российской Федерации; | AC11: Закон Дума Ханты-Мансийского автономного округа – Югры 4-оз от 31.01.2016 О регулировании отдельных отношений в сфере организации обеспечения питанием обучающихся в государственных образовательных организациях, частных профессиональных образовательных организациях, муниципальных общеобразовательных организациях, частных общеобразовательных организациях, расположенных в Ханты-Мансийском автономном округе – Югре (статья 2, пункт 1.1, 2, 3); | AE11: 2 - Бюджетные учреждения; 3 - Автономные учреждения; | AF11: 8606004015/860601001 - 04506 - БЮДЖЕТНОЕ УЧРЕЖДЕНИЕ ПРОФЕССИОНАЛЬНОГО ОБРАЗОВАНИЯ ХАНТЫ-МАНСИЙСКОГО АВТОНОМНОГО ОКРУГА - ЮГРЫ "УРАЙСКИЙ ПОЛИТЕХНИЧЕСКИЙ КОЛЛЕДЖ"; 8601010181/860101001 - 01524 - АВТОНОМНОЕ УЧРЕЖДЕНИЕ ПРОФЕССИОНАЛЬНОГО ОБРАЗОВАНИЯ ХАНТЫ-МАНСИЙСКОГО АВТОНОМНОГО ОКРУГА - ЮГРЫ "ХАНТЫ-МАНСИЙСКИЙ ТЕХНОЛОГО-ПЕДАГОГИЧЕСКИЙ КОЛЛЕДЖ"; 8609011356/860901001 - 04591 - БЮДЖЕТНОЕ УЧРЕЖДЕНИЕ ПРОФЕССИОНАЛЬНОГО ОБРАЗОВАНИЯ ХАНТЫ-МАНСИЙСКОГО АВТОНОМНОГО ОКРУГА - ЮГРЫ "РАДУЖНИНСКИЙ ПОЛИТЕХНИЧЕСКИЙ КОЛЛЕДЖ"; 8616001655/861601001 - 00030 - БЮДЖЕТНОЕ УЧРЕЖДЕНИЕ ПРОФЕССИОНАЛЬНОГО ОБРАЗОВАНИЯ ХАНТЫ-МАНСИЙСКОГО АВТОНОМНОГО ОКРУГА - ЮГРЫ "МЕЖДУРЕЧЕНСКИЙ АГРОПРОМЫШЛЕННЫЙ КОЛЛЕДЖ"; 8602200001/860201001 - 00023 - БЮДЖЕТНОЕ УЧРЕЖДЕНИЕ ВЫСШЕГО ОБРАЗОВАНИЯ ХАНТЫ-МАНСИЙСКОГО АВТОНОМНОГО ОКРУГА - ЮГРЫ "СУРГУТСКИЙ ГОСУДАРСТВЕННЫЙ УНИВЕРСИТЕТ"; 8608000496/860801001 - 04587 - БЮДЖЕТНОЕ УЧРЕЖДЕНИЕ ПРОФЕССИОНАЛЬНОГО ОБРАЗОВАНИЯ ХАНТЫ-МАНСИЙСКОГО АВТОНОМНОГО ОКРУГА - ЮГРЫ "КОГАЛЫМСКИЙ ПОЛИТЕХНИЧЕСКИЙ КОЛЛЕДЖ"; 8611006120/861101001 - 04508 - БЮДЖЕТНОЕ УЧРЕЖДЕНИЕ ПРОФЕССИОНАЛЬНОГО ОБРАЗОВАНИЯ ХАНТЫ-МАНСИЙСКОГО АВТОНОМНОГО ОКРУГА-ЮГРЫ "БЕЛОЯРСКИЙ ПОЛИТЕХНИЧЕСКИЙ КОЛЛЕДЖ"; 8607004794/860701001 - 04441 - БЮДЖЕТНОЕ УЧРЕЖДЕНИЕ ПРОФЕССИОНАЛЬНОГО ОБРАЗОВАНИЯ ХАНТЫ-МАНСИЙСКОГО АВТОНОМНОГО ОКРУГА - ЮГРЫ "ЛАНГЕПАССКИЙ ПОЛИТЕХНИЧЕСКИЙ КОЛЛЕДЖ"; 8610010220/861001001 - 04504 - БЮДЖЕТНОЕ УЧРЕЖДЕНИЕ ПРОФЕССИОНАЛЬНОГО ОБРАЗОВАНИЯ ХАНТЫ-МАНСИЙСКОГО АВТОНОМНОГО ОКРУГА - ЮГРЫ "НЯГАНСКИЙ ТЕХНОЛОГИЧЕСКИЙ КОЛЛЕДЖ"; 8613001248/861301001 - 04529 - БЮДЖЕТНОЕ УЧРЕЖДЕНИЕ ПРОФЕССИОНАЛЬНОГО ОБРАЗОВАНИЯ ХАНТЫ-МАНСИЙСКОГО АВТОНОМНОГО ОКРУГА - ЮГРЫ "ИГРИМСКИЙ ПОЛИТЕХНИЧЕСКИЙ КОЛЛЕДЖ"; 8602200072/860201001 - 01509 - АВТОНОМНОЕ УЧРЕЖДЕНИЕ ПРОФЕССИОНАЛЬНОГО ОБРАЗОВАНИЯ ХАНТЫ-МАНСИЙСКОГО АВТОНОМНОГО ОКРУГА - ЮГРЫ "СУРГУТСКИЙ ПОЛИТЕХНИЧЕСКИЙ КОЛЛЕДЖ"; 8602020217/860201001 - 04018 - БЮДЖЕТНОЕ УЧРЕЖДЕНИЕ ПРОФЕССИОНАЛЬНОГО ОБРАЗОВАНИЯ ХАНТЫ-МАНСИЙСКОГО АВТОНОМНОГО ОКРУГА - ЮГРЫ "СУРГУТСКИЙ МЕДИЦИНСКИЙ КОЛЛЕДЖ"; 8603068853/860301001 - 04530 - БЮДЖЕТНОЕ УЧРЕЖДЕНИЕ ПРОФЕССИОНАЛЬНОГО ОБРАЗОВАНИЯ ХАНТЫ-МАНСИЙСКОГО АВТОНОМНОГО ОКРУГА - ЮГРЫ "НИЖНЕВАРТОВСКИЙ СОЦИАЛЬНО-ГУМАНИТАРНЫЙ КОЛЛЕДЖ"; 8603031660/860301001 - 04526 - БЮДЖЕТНОЕ УЧРЕЖДЕНИЕ ПРОФЕССИОНАЛЬНОГО ОБРАЗОВАНИЯ ХАНТЫ-МАНСИЙСКОГО АВТОНОМНОГО ОКРУГА - ЮГРЫ "НИЖНЕВАРТОВСКИЙ ПОЛИТЕХНИЧЕСКИЙ КОЛЛЕДЖ"; 8622007951/862201001 - 04510 - БЮДЖЕТНОЕ УЧРЕЖДЕНИЕ ПРОФЕССИОНАЛЬНОГО ОБРАЗОВАНИЯ ХАНТЫ- МАНСИЙСКОГО АВТОНОМНОГО ОКРУГА - ЮГРЫ "ЮГОРСКИЙ ПОЛИТЕХНИЧЕСКИЙ КОЛЛЕДЖ"; 8601014919/860101001 - 00002 - БЮДЖЕТНОЕ УЧРЕЖДЕНИЕ ВЫСШЕГО ОБРАЗОВАНИЯ ХАНТЫ-МАНСИЙСКОГО АВТОНОМНОГО ОКРУГА - ЮГРЫ "ХАНТЫ-МАНСИЙСКАЯ ГОСУДАРСТВЕННАЯ МЕДИЦИНСКАЯ АКАДЕМИЯ"; 8603033000/860301001 - 04531 - БЮДЖЕТНОЕ УЧРЕЖДЕНИЕ ПРОФЕССИОНАЛЬНОГО ОБРАЗОВАНИЯ ХАНТЫ-МАНСИЙСКОГО АВТОНОМНОГО ОКРУГА - ЮГРЫ "НИЖНЕВАРТОВСКИЙ СТРОИТЕЛЬНЫЙ КОЛЛЕДЖ"; 8615010128/861501001 - 04505 - БЮДЖЕТНОЕ УЧРЕЖДЕНИЕ ПРОФЕССИОНАЛЬНОГО ОБРАЗОВАНИЯ ХАНТЫ-МАНСИЙСКОГО АВТОНОМНОГО ОКРУГА - ЮГРЫ "СОВЕТСКИЙ ПОЛИТЕХНИЧЕСКИЙ КОЛЛЕДЖ"; 8604020653/860401001 - D0074 - АВТОНОМНОЕ УЧРЕЖДЕНИЕ ПРОФЕССИОНАЛЬНОГО ОБРАЗОВАНИЯ ХАНТЫ-МАНСИЙСКОГО АВТОНОМНОГО ОКРУГА-ЮГРЫ "НЕФТЕЮГАНСКИЙ ПОЛИТЕХНИЧЕСКИЙ КОЛЛЕДЖ"; 8603008928/860301001 - 04503 - БЮДЖЕТНОЕ УЧРЕЖДЕНИЕ ПРОФЕССИОНАЛЬНОГО ОБРАЗОВАНИЯ ХАНТЫ-МАНСИЙСКОГО АВТОНОМНОГО ОКРУГА - ЮГРЫ "НИЖНЕВАРТОВСКИЙ МЕДИЦИНСКИЙ КОЛЛЕДЖ"; 8605015800/860501001 - 04525 - БЮДЖЕТНОЕ УЧРЕЖДЕНИЕ ПРОФЕССИОНАЛЬНОГО ОБРАЗОВАНИЯ ХАНТЫ-МАНСИЙСКОГО АВТОНОМНОГО ОКРУГА - ЮГРЫ "МЕГИОНСКИЙ ПОЛИТЕХНИЧЕСКИЙ КОЛЛЕДЖ"; | AH11: Нет | AI11: Нет | AK11: 01.01.2018 | AL11: 31.12.2099
A12: =M12&N12&O12&P12 | B12: 7 | C12: 230 | D12: Департамент образования и молодежной политики Ханты-Мансийского автономного округа - Югры | E12: Региональный | F12: 11 | G12: Образование и наука | H12: 720000.Р.86.1.05090002002 | I12: 720000.Р.83.1.05090001000 | J12: 0509 | K12: Проведение прикладных научных исследований | L12: Работа | R12: Бесплатная | S12: В интересах общества* | T12: 72 | U12: 72 | V12: 00867 - Количество научно-исследовательских работ (Единица); | W12: 01065 - Количество публикаций в журналах, индексируемых в российских и международных информационно аналитических системах научного цитирования (Российский индекс научного цитирования, Google Scholar, European Reference Index for the Humanities и др.) (Единица); | Y12: Субъект Российской Федерации; | AC12: Закон Дума Ханты-Мансийского автономного округа - Югры 86-оз от 26.06.2012 О регулировании отдельных вопросов в сфере охраны здоровья граждан в Ханты-Мансийском автономном окрге - Югре ; Закон Дума Ханты-Мансийского автономного округа-Югры 147-оз от 26.12.2005 Об участии Ханты-Мансийского автономного округа - Югры в реализации на его территории государственной научно-технической политики (статья 3, пункт 1, подпункт 2); | AE12: 2 - Бюджетные учреждения; 3 - Автономные учреждения; | AF12: 8602200001/860201001 - 00023 - БЮДЖЕТНОЕ УЧРЕЖДЕНИЕ ВЫСШЕГО ОБРАЗОВАНИЯ ХАНТЫ-МАНСИЙСКОГО АВТОНОМНОГО ОКРУГА - ЮГРЫ "СУРГУТСКИЙ ГОСУДАРСТВЕННЫЙ УНИВЕРСИТЕТ"; 8602200530/860201001 - 04513 - БЮДЖЕТНОЕ УЧРЕЖДЕНИЕ ВЫСШЕГО ОБРАЗОВАНИЯ ХАНТЫ-МАНСИЙСКОГО АВТОНОМНОГО ОКРУГА - ЮГРЫ "СУРГУТСКИЙ ГОСУДАРСТВЕННЫЙ ПЕДАГОГИЧЕСКИЙ УНИВЕРСИТЕТ"; 8601014919/860101001 - 00002 - БЮДЖЕТНОЕ УЧРЕЖДЕНИЕ ВЫСШЕГО ОБРАЗОВАНИЯ ХАНТЫ-МАНСИЙСКОГО АВТОНОМНОГО ОКРУГА - ЮГРЫ "ХАНТЫ-МАНСИЙСКАЯ ГОСУДАРСТВЕННАЯ МЕДИЦИНСКАЯ АКАДЕМИЯ"; 8601026336/860101001 - 04532 - БЮДЖЕТНОЕ УЧРЕЖДЕНИЕ ХАНТЫ-МАНСИЙСКОГО АВТОНОМНОГО ОКРУГА - ЮГРЫ "ОБСКО-УГОРСКИЙ ИНСТИТУТ ПРИКЛАДНЫХ ИССЛЕДОВАНИЙ И РАЗРАБОТОК"; | AH12: Нет | AI12: Нет | AK12: 01.01.2019 | AL12: 31.12.2099
A13: =M13&N13&O13&P13 -> Научное (в том числе научно-правовое обеспечение, экспертиза проектов нормативных правовых актов, подготовка аналитических материалов, заключений, справок), организационно-техническое и учебно-методическое обеспечение | B13: 8 | C13: 230 | D13: Департамент образования и молодежной политики Ханты-Мансийского автономного округа - Югры | E13: Региональный | F13: 11 | G13: Образование и наука | H13: 720000.Р.86.1.05580150001 | I13: 720000.Р.83.1.05580001000 | J13: 0558 | K13: Научно-методическое обеспечение | L13: Работа | M13: Научное (в том числе научно-правовое обеспечение, экспертиза проектов нормативных правовых актов, подготовка аналитических материалов, заключений, справок), организационно-техническое и учебно-методическое обеспечение | R13: Бесплатная | S13: Органы государственной власти*; В интересах общества* | T13: 72 | U13: 72 | V13: 01174 - Количество разработанных аналитических материалов, заключений, справок (Единица); 01069 - Количество отчетов (Единица); 00874 - Количество экспертных заключений (Единица); 00873 - Количество мероприятий (Единица); | Y13: Субъект Российской Федерации; | AC13: Закон Дума Ханты-Мансийского автономного округа - Югры 68-оз от 10.07.2013 Об образовании в Ханты-Мансийском автономном округе - Югре (статья 3, пункт 2, подпункт 2, 3); | AE13: 3 - Автономные учреждения; 2 - Бюджетные учреждения; | AF13: 8602200530/860201001 - 04513 - БЮДЖЕТНОЕ УЧРЕЖДЕНИЕ ВЫСШЕГО ОБРАЗОВАНИЯ ХАНТЫ-МАНСИЙСКОГО АВТОНОМНОГО ОКРУГА - ЮГРЫ "СУРГУТСКИЙ ГОСУДАРСТВЕННЫЙ ПЕДАГОГИЧЕСКИЙ УНИВЕРСИТЕТ"; 8602200001/860201001 - 00023 - БЮДЖЕТНОЕ УЧРЕЖДЕНИЕ ВЫСШЕГО ОБРАЗОВАНИЯ ХАНТЫ-МАНСИЙСКОГО АВТОНОМНОГО ОКРУГА - ЮГРЫ "СУРГУТСКИЙ ГОСУДАРСТВЕННЫЙ УНИВЕРСИТЕТ"; 8601026336/860101001 - 04532 - БЮДЖЕТНОЕ УЧРЕЖДЕНИЕ ХАНТЫ-МАНСИЙСКОГО АВТОНОМНОГО ОКРУГА - ЮГРЫ "ОБСКО-УГОРСКИЙ ИНСТИТУТ ПРИКЛАДНЫХ ИССЛЕДОВАНИЙ И РАЗРАБОТОК"; 8601001660/860101001 - D0147 - АВТОНОМНОЕ УЧРЕЖДЕНИЕ ДОПОЛНИТЕЛЬНОГО ПРОФЕССИОНАЛЬНОГО ОБРАЗОВАНИЯ ХАНТЫ-МАНСИЙСКОГО АВТОНОМНОГО ОКРУГА - ЮГРЫ "ИНСТИТУТ РАЗВИТИЯ ОБРАЗОВАНИЯ"; | AH13: Нет | AI13: Нет | AK13: 01.01.2018 | AL13: 30.12.2999
A14: =M14&N14&O14&P14 | B14: 9 | C14: 230 | D14: Департамент образования и молодежной политики Ханты-Мансийского автономного округа - Югры | E14: Региональный | F14: 11 | G14: Образование и наука | H14: 841100.Р.86.1.07010203002 | I14: 841100.Р.83.1.07010001000 | J14: 0701 | K14: Информационно-технологическое обеспечение управления системой образования | L14: Работа | R14: Бесплатная | S14: Органы государственной власти*; Органы местного самоуправления*; Юридические лица*; Физические лица* | T14: 8411 | U14: 8411 | V14: 00924 - Количество обращений (Единица); 01186 - Количество составленных отчетов (Штука); 00873 - Количество мероприятий (Единица); 00875 - Количество разработанных документов (Единица); | W14: 01480 - Количество сбоев в работе (Штука); | Y14: Городской округ; Субъект Российской Федерации; | AC14: Закон Дума Ханты-Мансийского автономного округа - Югры 68-оз от 10.07.2013 Об образовании в Ханты-Мансийском автономном округе - Югре (статья 3, пункт 2, подпункт 2, 2.5); | AD14: Приказ Управление образования Администрации города Урай 630 от 18.12.2017 О научно-методическом и информационно-технологическом обеспечении управления системой образования ; | AE14: 3 - Автономные учреждения; | AF14: 8601035637/860101001 - D0146 - АВТОНОМНОЕ УЧРЕЖДЕНИЕ ХАНТЫ-МАНСИЙСКОГО АВТОНОМНОГО ОКРУГА - ЮГРЫ "РЕГИОНАЛЬНЫЙ МОЛОДЕЖНЫЙ ЦЕНТР"; 8601001660/860101001 - D0147 - АВТОНОМНОЕ УЧРЕЖДЕНИЕ ДОПОЛНИТЕЛЬНОГО ПРОФЕССИОНАЛЬНОГО ОБРАЗОВАНИЯ ХАНТЫ-МАНСИЙСКОГО АВТОНОМНОГО ОКРУГА - ЮГРЫ "ИНСТИТУТ РАЗВИТИЯ ОБРАЗОВАНИЯ"; 8601010181/860101001 - 01524 - АВТОНОМНОЕ УЧРЕЖДЕНИЕ ПРОФЕССИОНАЛЬНОГО ОБРАЗОВАНИЯ ХАНТЫ-МАНСИЙСКОГО АВТОНОМНОГО ОКРУГА - ЮГРЫ "ХАНТЫ-МАНСИЙСКИЙ ТЕХНОЛОГО-ПЕДАГОГИЧЕСКИЙ КОЛЛЕДЖ"; | AH14: Нет | AI14: Нет | AK14: 01.01.2021 | AL14: 31.12.2099
A15: =M15&N15&O15&P15 | B15: 10 | C15: 230 | D15: Департамент образования и молодежной политики Ханты-Мансийского автономного округа - Югры | E15: Региональный | F15: 11 | G15: Образование и наука | H15: 850000.Р.86.1.05510002002 | I15: 850000.Р.83.1.05510001000 | J15: 0551 | K15: Организация и проведение олимпиад, конкурсов, мероприятий, направленных на выявление и развитие у обучающихся интеллектуальных и творческих способностей, способностей к занятиям физической культурой и спортом, интереса к научной (научно-исследовательской) деятельности, творческой деятельности, физкультурно-спортивной деятельности | L15: Работа | R15: Бесплатная | S15: В интересах общества* | T15: 85 | U15: 854199000; 85 | V15: 01005 - Количество участников мероприятий (Человек); 00873 - Количество мероприятий (Единица); | W15: 01499 - Количество жалоб по итогам организации и проведения мероприятий (Процент); 01485 - Количество участников муниципальных, региональных, всероссийских, международных конкурсов, олимпиад, мероприятий (Человек); 01229 - Доля участников мероприятий, занявших призовые места (Процент); 01208 - Удовлетворенность потребителей качеством предоставляемых услуг (Процент); | Y15: Субъект Российской Федерации; Муниципальный район; Городской округ; | AC15: Закон Дума Ханты-Мансийского автономного округа - Югры 68-оз от 10.07.2013 Об образовании в Ханты-Мансийском автономном округе - Югре (статья 9, пункт 2); | AD15: Постановление Администрация Нефтеюганского района 2325-па от 12.12.2017 Об утверждении перечня муниципальных услуг и работ, оказываемых и выполняемых муниципальными учреждениями Нефтеюганского района, для включения в региональный перечень государственных (муниципальных) услуг и работ ; Постановление Администрация города Сургута 925 от 11.02.2016 Об утверждении стандарта качества муниципальных услуг (работ) в сфере образования, оказываемых (выполняемых) муниципальными образовательными учреждениями, подведомственными департаменту образования Администрации города ; Приказ Управление образования и молодежной политики Администрации Октябрьского района 975-од от 13.12.2018 О утверждении перечня государственных (муниципальных) услуг, не включенных в общероссийские базовые (отраслевые) перечни (классификаторы) государственных и муниципальных услуг и работ, оказываемых и выполняемых государственными (муниципальными) учреждениями Октябрьского района ; | AE15: 3 - Автономные учреждения; 2 - Бюджетные учреждения; | AF15: 8601001660/860101001 - D0147 - АВТОНОМНОЕ УЧРЕЖДЕНИЕ ДОПОЛНИТЕЛЬНОГО ПРОФЕССИОНАЛЬНОГО ОБРАЗОВАНИЯ ХАНТЫ-МАНСИЙСКОГО АВТОНОМНОГО ОКРУГА - ЮГРЫ "ИНСТИТУТ РАЗВИТИЯ ОБРАЗОВАНИЯ"; 8601026336/860101001 - 04532 - БЮДЖЕТНОЕ УЧРЕЖДЕНИЕ ХАНТЫ-МАНСИЙСКОГО АВТОНОМНОГО ОКРУГА - ЮГРЫ "ОБСКО-УГОРСКИЙ ИНСТИТУТ ПРИКЛАДНЫХ ИССЛЕДОВАНИЙ И РАЗРАБОТОК"; 8601014919/860101001 - 00002 - БЮДЖЕТНОЕ УЧРЕЖДЕНИЕ ВЫСШЕГО ОБРАЗОВАНИЯ ХАНТЫ-МАНСИЙСКОГО АВТОНОМНОГО ОКРУГА - ЮГРЫ "ХАНТЫ-МАНСИЙСКАЯ ГОСУДАРСТВЕННАЯ МЕДИЦИНСКАЯ АКАДЕМИЯ"; 8602200530/860201001 - 04513 - БЮДЖЕТНОЕ УЧРЕЖДЕНИЕ ВЫСШЕГО ОБРАЗОВАНИЯ ХАНТЫ-МАНСИЙСКОГО АВТОНОМНОГО ОКРУГА - ЮГРЫ "СУРГУТСКИЙ ГОСУДАРСТВЕННЫЙ ПЕДАГОГИЧЕСКИЙ УНИВЕРСИТЕТ"; 8602200001/860201001 - 00023 - БЮДЖЕТНОЕ УЧРЕЖДЕНИЕ ВЫСШЕГО ОБРАЗОВАНИЯ ХАНТЫ-МАНСИЙСКОГО АВТОНОМНОГО ОКРУГА - ЮГРЫ "СУРГУТСКИЙ ГОСУДАРСТВЕННЫЙ УНИВЕРСИТЕТ"; 8605015800/860501001 - 04525 - БЮДЖЕТНОЕ УЧРЕЖДЕНИЕ ПРОФЕССИОНАЛЬНОГО ОБРАЗОВАНИЯ ХАНТЫ-МАНСИЙСКОГО АВТОНОМНОГО ОКРУГА - ЮГРЫ "МЕГИОНСКИЙ ПОЛИТЕХНИЧЕСКИЙ КОЛЛЕДЖ"; 8603008928/860301001 - 04503 - БЮДЖЕТНОЕ УЧРЕЖДЕНИЕ ПРОФЕССИОНАЛЬНОГО ОБРАЗОВАНИЯ ХАНТЫ-МАНСИЙСКОГО АВТОНОМНОГО ОКРУГА - ЮГРЫ "НИЖНЕВАРТОВСКИЙ МЕДИЦИНСКИЙ КОЛЛЕДЖ"; 8604020653/860401001 - D0074 - АВТОНОМНОЕ УЧРЕЖДЕНИЕ ПРОФЕССИОНАЛЬНОГО ОБРАЗОВАНИЯ ХАНТЫ-МАНСИЙСКОГО АВТОНОМНОГО ОКРУГА-ЮГРЫ "НЕФТЕЮГАНСКИЙ ПОЛИТЕХНИЧЕСКИЙ КОЛЛЕДЖ"; 8615010128/861501001 - 04505 - БЮДЖЕТНОЕ УЧРЕЖДЕНИЕ ПРОФЕССИОНАЛЬНОГО ОБРАЗОВАНИЯ ХАНТЫ-МАНСИЙСКОГО АВТОНОМНОГО ОКРУГА - ЮГРЫ "СОВЕТСКИЙ ПОЛИТЕХНИЧЕСКИЙ КОЛЛЕДЖ"; 8603033000/860301001 - 04531 - БЮДЖЕТНОЕ УЧРЕЖДЕНИЕ ПРОФЕССИОНАЛЬНОГО ОБРАЗОВАНИЯ ХАНТЫ-МАНСИЙСКОГО АВТОНОМНОГО ОКРУГА - ЮГРЫ "НИЖНЕВАРТОВСКИЙ СТРОИТЕЛЬНЫЙ КОЛЛЕДЖ"; 8622007951/862201001 - 04510 - БЮДЖЕТНОЕ УЧРЕЖДЕНИЕ ПРОФЕССИОНАЛЬНОГО ОБРАЗОВАНИЯ ХАНТЫ- МАНСИЙСКОГО АВТОНОМНОГО ОКРУГА - ЮГРЫ "ЮГОРСКИЙ ПОЛИТЕХНИЧЕСКИЙ КОЛЛЕДЖ"; 8603031660/860301001 - 04526 - БЮДЖЕТНОЕ УЧРЕЖДЕНИЕ ПРОФЕССИОНАЛЬНОГО ОБРАЗОВАНИЯ ХАНТЫ-МАНСИЙСКОГО АВТОНОМНОГО ОКРУГА - ЮГРЫ "НИЖНЕВАРТОВСКИЙ ПОЛИТЕХНИЧЕСКИЙ КОЛЛЕДЖ"; 8603068853/860301001 - 04530 - БЮДЖЕТНОЕ УЧРЕЖДЕНИЕ ПРОФЕССИОНАЛЬНОГО ОБРАЗОВАНИЯ ХАНТЫ-МАНСИЙСКОГО АВТОНОМНОГО ОКРУГА - ЮГРЫ "НИЖНЕВАРТОВСКИЙ СОЦИАЛЬНО-ГУМАНИТАРНЫЙ КОЛЛЕДЖ"; 8602020217/860201001 - 04018 - БЮДЖЕТНОЕ УЧРЕЖДЕНИЕ ПРОФЕССИОНАЛЬНОГО ОБРАЗОВАНИЯ ХАНТЫ-МАНСИЙСКОГО АВТОНОМНОГО ОКРУГА - ЮГРЫ "СУРГУТСКИЙ МЕДИЦИНСКИЙ КОЛЛЕДЖ"; 8602200072/860201001 - 01509 - АВТОНОМНОЕ УЧРЕЖДЕНИЕ ПРОФЕССИОНАЛЬНОГО ОБРАЗОВАНИЯ ХАНТЫ-МАНСИЙСКОГО АВТОНОМНОГО ОКРУГА - ЮГРЫ "СУРГУТСКИЙ ПОЛИТЕХНИЧЕСКИЙ КОЛЛЕДЖ"; 8613001248/861301001 - 04529 - БЮДЖЕТНОЕ УЧРЕЖДЕНИЕ ПРОФЕССИОНАЛЬНОГО ОБРАЗОВАНИЯ ХАНТЫ-МАНСИЙСКОГО АВТОНОМНОГО ОКРУГА - ЮГРЫ "ИГРИМСКИЙ ПОЛИТЕХНИЧЕСКИЙ КОЛЛЕДЖ"; 8610010220/861001001 - 04504 - БЮДЖЕТНОЕ УЧРЕЖДЕНИЕ ПРОФЕССИОНАЛЬНОГО ОБРАЗОВАНИЯ ХАНТЫ-МАНСИЙСКОГО АВТОНОМНОГО ОКРУГА - ЮГРЫ "НЯГАНСКИЙ ТЕХНОЛОГИЧЕСКИЙ КОЛЛЕДЖ"; 8607004794/860701001 - 04441 - БЮДЖЕТНОЕ УЧРЕЖДЕНИЕ ПРОФЕССИОНАЛЬНОГО ОБРАЗОВАНИЯ ХАНТЫ-МАНСИЙСКОГО АВТОНОМНОГО ОКРУГА - ЮГРЫ "ЛАНГЕПАССКИЙ ПОЛИТЕХНИЧЕСКИЙ КОЛЛЕДЖ"; 8611006120/861101001 - 04508 - БЮДЖЕТНОЕ УЧРЕЖДЕНИЕ ПРОФЕССИОНАЛЬНОГО ОБРАЗОВАНИЯ ХАНТЫ-МАНСИЙСКОГО АВТОНОМНОГО ОКРУГА-ЮГРЫ "БЕЛОЯРСКИЙ ПОЛИТЕХНИЧЕСКИЙ КОЛЛЕДЖ"; 8608000496/860801001 - 04587 - БЮДЖЕТНОЕ УЧРЕЖДЕНИЕ ПРОФЕССИОНАЛЬНОГО ОБРАЗОВАНИЯ ХАНТЫ-МАНСИЙСКОГО АВТОНОМНОГО ОКРУГА - ЮГРЫ "КОГАЛЫМСКИЙ ПОЛИТЕХНИЧЕСКИЙ КОЛЛЕДЖ"; 8616001655/861601001 - 00030 - БЮДЖЕТНОЕ УЧРЕЖДЕНИЕ ПРОФЕССИОНАЛЬНОГО ОБРАЗОВАНИЯ ХАНТЫ-МАНСИЙСКОГО АВТОНОМНОГО ОКРУГА - ЮГРЫ "МЕЖДУРЕЧЕНСКИЙ АГРОПРОМЫШЛЕННЫЙ КОЛЛЕДЖ"; 8609011356/860901001 - 04591 - БЮДЖЕТНОЕ УЧРЕЖДЕНИЕ ПРОФЕССИОНАЛЬНОГО ОБРАЗОВАНИЯ ХАНТЫ-МАНСИЙСКОГО АВТОНОМНОГО ОКРУГА - ЮГРЫ "РАДУЖНИНСКИЙ ПОЛИТЕХНИЧЕСКИЙ КОЛЛЕДЖ"; 8601010181/860101001 - 01524 - АВТОНОМНОЕ УЧРЕЖДЕНИЕ ПРОФЕССИОНАЛЬНОГО ОБРАЗОВАНИЯ ХАНТЫ-МАНСИЙСКОГО АВТОНОМНОГО ОКРУГА - ЮГРЫ "ХАНТЫ-МАНСИЙСКИЙ ТЕХНОЛОГО-ПЕДАГОГИЧЕСКИЙ КОЛЛЕДЖ"; 8606004015/860601001 - 04506 - БЮДЖЕТНОЕ УЧРЕЖДЕНИЕ ПРОФЕССИОНАЛЬНОГО ОБРАЗОВАНИЯ ХАНТЫ-МАНСИЙСКОГО АВТОНОМНОГО ОКРУГА - ЮГРЫ "УРАЙСКИЙ ПОЛИТЕХНИЧЕСКИЙ КОЛЛЕДЖ"; | AH15: Нет | AI15: Нет | AK15: 01.01.2021 | AL15: 31.12.2099
A16: =M16&N16&O16&P16 | B16: 11 | C16: 230 | D16: Департамент образования и молодежной политики Ханты-Мансийского автономного округа - Югры | E16: Региональный | F16: 11 | G16: Образование и наука | H16: 850000.Р.86.1.07040209001 | J16: 0704 | K16: Методическое обеспечение образовательной деятельности | L16: Работа | R16: Бесплатная | S16: В интересах общества* | T16: 85 | U16: 85 | V16: 01187 - Количество разработанных отчетов (Штука); 01178 - Количество мероприятий (Штука); 00875 - Количество разработанных документов (Единица); | Y16: Городской округ; Муниципальный район; Субъект Российской Федерации; | AC16: Закон Дума Ханты-Мансийского автономного округа - Югры 68-оз от 10.07.2013 Об образовании в Ханты-Мансийском автономном округе - Югре (статья 3, пункт 2, подпункт 2, 2.5); | AD16: Постановление Администрация Белоярского района 872 от 22.08.2016 Об утверждении стандартов качества муниципальных услуг в сфере образования Белоярского района муниципальными учреждениями Белоярского района, подведомственными Комитету по образованию администрации Белоярского района ; Постановление Администрация города Сургута 925 от 11.02.2016 Об утверждении стандарта качества муниципальных услуг (работ) в сфере образования, оказываемых (выполняемых) муниципальными образовательными учреждениями, подведомственными департаменту образования Администрации города ; Постановление Администрация Березовского района 665 от 28.05.2015 Об утверждении административного регламента предоставления муниципальной услуги "Предоставление информации об организации общедоступного бесплатного дошкольного, начального общего, среднего общего образования, а также дополнительного образования в образовательных организациях расположенных на территории Березовского района" ; | AE16: 3 - Автономные учреждения; 2 - Бюджетные учреждения; | AF16: 8602200530/860201001 - 04513 - БЮДЖЕТНОЕ УЧРЕЖДЕНИЕ ВЫСШЕГО ОБРАЗОВАНИЯ ХАНТЫ-МАНСИЙСКОГО АВТОНОМНОГО ОКРУГА - ЮГРЫ "СУРГУТСКИЙ ГОСУДАРСТВЕННЫЙ ПЕДАГОГИЧЕСКИЙ УНИВЕРСИТЕТ"; 8601001660/860101001 - D0147 - АВТОНОМНОЕ УЧРЕЖДЕНИЕ ДОПОЛНИТЕЛЬНОГО ПРОФЕССИОНАЛЬНОГО ОБРАЗОВАНИЯ ХАНТЫ-МАНСИЙСКОГО АВТОНОМНОГО ОКРУГА - ЮГРЫ "ИНСТИТУТ РАЗВИТИЯ ОБРАЗОВАНИЯ"; 8603068853/860301001 - 04530 - БЮДЖЕТНОЕ УЧРЕЖДЕНИЕ ПРОФЕССИОНАЛЬНОГО ОБРАЗОВАНИЯ ХАНТЫ-МАНСИЙСКОГО АВТОНОМНОГО ОКРУГА - ЮГРЫ "НИЖНЕВАРТОВСКИЙ СОЦИАЛЬНО-ГУМАНИТАРНЫЙ КОЛЛЕДЖ"; 8601035637/860101001 - D0146 - АВТОНОМНОЕ УЧРЕЖДЕНИЕ ХАНТЫ-МАНСИЙСКОГО АВТОНОМНОГО ОКРУГА - ЮГРЫ "РЕГИОНАЛЬНЫЙ МОЛОДЕЖНЫЙ ЦЕНТР"; 8602200001/860201001 - 00023 - БЮДЖЕТНОЕ УЧРЕЖДЕНИЕ ВЫСШЕГО ОБРАЗОВАНИЯ ХАНТЫ-МАНСИЙСКОГО АВТОНОМНОГО ОКРУГА - ЮГРЫ "СУРГУТСКИЙ ГОСУДАРСТВЕННЫЙ УНИВЕРСИТЕТ"; 8601010181/860101001 - 01524 - АВТОНОМНОЕ УЧРЕЖДЕНИЕ ПРОФЕССИОНАЛЬНОГО ОБРАЗОВАНИЯ ХАНТЫ-МАНСИЙСКОГО АВТОНОМНОГО ОКРУГА - ЮГРЫ "ХАНТЫ-МАНСИЙСКИЙ ТЕХНОЛОГО-ПЕДАГОГИЧЕСКИЙ КОЛЛЕДЖ"; | AH16: Нет | AI16: Нет | AK16: 31.12.2017 | AL16: 30.12.2999
A17: =M17&N17&O17&P17 | B17: 12 | C17: 230 | D17: Департамент образования и молодежной политики Ханты-Мансийского автономного округа - Югры | E17: Региональный | F17: 11 | G17: Образование и наука | H17: 850000.Р.86.1.07040209002 | I17: 850000.Р.83.1.07040001000 | J17: 0704 | K17: Методическое обеспечение образовательной деятельности | L17: Работа | R17: Бесплатная | S17: В интересах общества* | T17: 85 | U17: 85 | V17: 00875 - Количество разработанных документов (Единица); 01178 - Количество мероприятий (Штука); 01187 - Количество разработанных отчетов (Штука); | Y17: Субъект Российской Федерации; Муниципальный район; Городской округ; | AC17: Закон Дума Ханты-Мансийского автономного округа - Югры 68-оз от 10.07.2013 Об образовании в Ханты-Мансийском автономном округе - Югре (статья 3, пункт 2, подпункт 2, 2.5); | AD17: Постановление Администрация Березовского района 665 от 28.05.2015 Об утверждении административного регламента предоставления муниципальной услуги "Предоставление информации об организации общедоступного бесплатного дошкольного, начального общего, среднего общего образования, а также дополнительного образования в образовательных организациях расположенных на территории Березовского района" ; Постановление Администрация города Сургута 925 от 11.02.2016 Об утверждении стандарта качества муниципальных услуг (работ) в сфере образования, оказываемых (выполняемых) муниципальными образовательными учреждениями, подведомственными департаменту образования Администрации города ; Постановление Администрация Белоярского района 872 от 22.08.2016 Об утверждении стандартов качества муниципальных услуг в сфере образования Белоярского района муниципальными учреждениями Белоярского района, подведомственными Комитету по образованию администрации Белоярского района ; | AE17: 2 - Бюджетные учреждения; 3 - Автономные учреждения; | AF17: 8601035637/860101001 - D0146 - АВТОНОМНОЕ УЧРЕЖДЕНИЕ ХАНТЫ-МАНСИЙСКОГО АВТОНОМНОГО ОКРУГА - ЮГРЫ "РЕГИОНАЛЬНЫЙ МОЛОДЕЖНЫЙ ЦЕНТР"; 8603068853/860301001 - 04530 - БЮДЖЕТНОЕ УЧРЕЖДЕНИЕ ПРОФЕССИОНАЛЬНОГО ОБРАЗОВАНИЯ ХАНТЫ-МАНСИЙСКОГО АВТОНОМНОГО ОКРУГА - ЮГРЫ "НИЖНЕВАРТОВСКИЙ СОЦИАЛЬНО-ГУМАНИТАРНЫЙ КОЛЛЕДЖ"; 8601001660/860101001 - D0147 - АВТОНОМНОЕ УЧРЕЖДЕНИЕ ДОПОЛНИТЕЛЬНОГО ПРОФЕССИОНАЛЬНОГО ОБРАЗОВАНИЯ ХАНТЫ-МАНСИЙСКОГО АВТОНОМНОГО ОКРУГА - ЮГРЫ "ИНСТИТУТ РАЗВИТИЯ ОБРАЗОВАНИЯ"; 8602200530/860201001 - 04513 - БЮДЖЕТНОЕ УЧРЕЖДЕНИЕ ВЫСШЕГО ОБРАЗОВАНИЯ ХАНТЫ-МАНСИЙСКОГО АВТОНОМНОГО ОКРУГА - ЮГРЫ "СУРГУТСКИЙ ГОСУДАРСТВЕННЫЙ ПЕДАГОГИЧЕСКИЙ УНИВЕРСИТЕТ"; 8602200001/860201001 - 00023 - БЮДЖЕТНОЕ УЧРЕЖДЕНИЕ ВЫСШЕГО ОБРАЗОВАНИЯ ХАНТЫ-МАНСИЙСКОГО АВТОНОМНОГО ОКРУГА - ЮГРЫ "СУРГУТСКИЙ ГОСУДАРСТВЕННЫЙ УНИВЕРСИТЕТ"; 8601010181/860101001 - 01524 - АВТОНОМНОЕ УЧРЕЖДЕНИЕ ПРОФЕССИОНАЛЬНОГО ОБРАЗОВАНИЯ ХАНТЫ-МАНСИЙСКОГО АВТОНОМНОГО ОКРУГА - ЮГРЫ "ХАНТЫ-МАНСИЙСКИЙ ТЕХНОЛОГО-ПЕДАГОГИЧЕСКИЙ КОЛЛЕДЖ"; | AH17: Нет | AI17: Нет | AK17: 01.01.2019 | AL17: 30.12.2999
A18: =M18&N18&O18&P18 | B18: 13 | C18: 230 | D18: Департамент образования и молодежной политики Ханты-Мансийского автономного округа - Югры | E18: Региональный | F18: 11 | G18: Образование и наука | H18: 850000.Р.86.1.07050210001 | I18: 850000.Р.83.1.07050001000 | J18: 0705 | K18: Оценка качества образования | L18: Работа | R18: Бесплатная | S18: Юридические лица* | T18: 85 | U18: 85 | V18: 01187 - Количество разработанных отчетов (Штука); 01178 - Количество мероприятий (Штука); 00874 - Количество экспертных заключений (Единица); 00875 - Количество разработанных документов (Единица); | Y18: Городской округ; Субъект Российской Федерации; | AC18: Закон Дума Ханты-Мансийского автономного округа - Югры 68-оз от 10.07.2013 Об образовании в Ханты-Мансийском автономном округе - Югре (статья 3, пункт 2, подпункт 2, 2.5); | AD18: Постановление Администрация города Сургута 925 от 11.02.2016 Об утверждении стандарта качества муниципальных услуг (работ) в сфере образования, оказываемых (выполняемых) муниципальными образовательными учреждениями, подведомственными департаменту образования Администрации города ; | AE18: 3 - Автономные учреждения; | AF18: 8601001660/860101001 - D0147 - АВТОНОМНОЕ УЧРЕЖДЕНИЕ ДОПОЛНИТЕЛЬНОГО ПРОФЕССИОНАЛЬНОГО ОБРАЗОВАНИЯ ХАНТЫ-МАНСИЙСКОГО АВТОНОМНОГО ОКРУГА - ЮГРЫ "ИНСТИТУТ РАЗВИТИЯ ОБРАЗОВАНИЯ"; | AH18: Нет | AI18: Нет | AK18: 01.01.2018 | AL18: 31.12.2099
A19: =M19&N19&O19&P19 -> Организация проведения мероприятийВспомогательная деятельность в области государственного (муниципального) управления | B19: 14 | C19: 230 | D19: Департамент образования и молодежной политики Ханты-Мансийского автономного округа - Югры | E19: Региональный | F19: 11 | G19: Образование и наука | H19: 852300.Р.86.1.05620002001 | J19: 0562 | K19: Организация проведения общественно-значимых мероприятий в сфере образования, науки и молодежной политики | L19: Работа | M19: Организация проведения мероприятий | N19: Вспомогательная деятельность в области государственного (муниципального) управления | R19: Бесплатная | S19: В интересах общества*; Юридические лица*; Органы государственной власти*; Органы местного самоуправления*; Физические лица* | T19: 72; 90; 84.11; 85 | U19: 854; 8523; 8542; 852311; 8541; 932919000 | V19: 01069 - Количество отчетов (Единица); 01178 - Количество мероприятий (Штука); 00901 - Число детей (Человек); 01200 - Количество сертификатов (Штука); | W19: 01233 - Количество обоснованных жалоб на качество оказываемых услуг (Условная единица); | Y19: Городской округ; Муниципальный район; Субъект Российской Федерации; | AC19: Постановление Правительство Ханты-Мансийского автономного округа - Югры 131-п от 01.06.2010 О мероприятиях по реализации государственного плана подготовки управленческих кадров для организаций народного хозяйства Российской Федерации в 2007/08 - 2017/18 учебных годах в Ханты-Мансийском автономном округе - Югре ; Закон Дума Ханты-Мансийского автономного округа - Югры 229-оз от 16.12.2010 О поддержке региональных социально ориентированных некоммерческих организаций, осуществляющих деятельность в Ханты-Мансийском автономном округе - Югре ; Закон Дума Ханты-Мансийского автономного округа - Югры 68-оз от 10.07.2013 Об образовании в Ханты-Мансийском автономном округе - Югре ; | AE19: 2 - Бюджетные учреждения; 3 - Автономные учреждения; | AF19: 8602200001/860201001 - 00023 - БЮДЖЕТНОЕ УЧРЕЖДЕНИЕ ВЫСШЕГО ОБРАЗОВАНИЯ ХАНТЫ-МАНСИЙСКОГО АВТОНОМНОГО ОКРУГА - ЮГРЫ "СУРГУТСКИЙ ГОСУДАРСТВЕННЫЙ УНИВЕРСИТЕТ"; 8602200530/860201001 - 04513 - БЮДЖЕТНОЕ УЧРЕЖДЕНИЕ ВЫСШЕГО ОБРАЗОВАНИЯ ХАНТЫ-МАНСИЙСКОГО АВТОНОМНОГО ОКРУГА - ЮГРЫ "СУРГУТСКИЙ ГОСУДАРСТВЕННЫЙ ПЕДАГОГИЧЕСКИЙ УНИВЕРСИТЕТ"; 8602200072/860201001 - 01509 - АВТОНОМНОЕ УЧРЕЖДЕНИЕ ПРОФЕССИОНАЛЬНОГО ОБРАЗОВАНИЯ ХАНТЫ-МАНСИЙСКОГО АВТОНОМНОГО ОКРУГА - ЮГРЫ "СУРГУТСКИЙ ПОЛИТЕХНИЧЕСКИЙ КОЛЛЕДЖ"; 8601026336/860101001 - 04532 - БЮДЖЕТНОЕ УЧРЕЖДЕНИЕ ХАНТЫ-МАНСИЙСКОГО АВТОНОМНОГО ОКРУГА - ЮГРЫ "ОБСКО-УГОРСКИЙ ИНСТИТУТ ПРИКЛАДНЫХ ИССЛЕДОВАНИЙ И РАЗРАБОТОК"; 8601001660/860101001 - D0147 - АВТОНОМНОЕ УЧРЕЖДЕНИЕ ДОПОЛНИТЕЛЬНОГО ПРОФЕССИОНАЛЬНОГО ОБРАЗОВАНИЯ ХАНТЫ-МАНСИЙСКОГО АВТОНОМНОГО ОКРУГА - ЮГРЫ "ИНСТИТУТ РАЗВИТИЯ ОБРАЗОВАНИЯ"; 8603068853/860301001 - 04530 - БЮДЖЕТНОЕ УЧРЕЖДЕНИЕ ПРОФЕССИОНАЛЬНОГО ОБРАЗОВАНИЯ ХАНТЫ-МАНСИЙСКОГО АВТОНОМНОГО ОКРУГА - ЮГРЫ "НИЖНЕВАРТОВСКИЙ СОЦИАЛЬНО-ГУМАНИТАРНЫЙ КОЛЛЕДЖ"; 8601012485/860101001 - D0026 - АВТОНОМНОЕ УЧРЕЖДЕНИЕ ХАНТЫ-МАНСИЙСКОГО АВТОНОМНОГО ОКРУГА - ЮГРЫ "ЦЕНТР ВОЕННО-ПАТРИОТИЧЕСКОГО ВОСПИТАНИЯ И ПОДГОТОВКИ ГРАЖДАН К ВОЕННОЙ СЛУЖБЕ"; 8601035637/860101001 - D0146 - АВТОНОМНОЕ УЧРЕЖДЕНИЕ ХАНТЫ-МАНСИЙСКОГО АВТОНОМНОГО ОКРУГА - ЮГРЫ "РЕГИОНАЛЬНЫЙ МОЛОДЕЖНЫЙ ЦЕНТР"; | AH19: Нет | AI19: Нет | AK19: 01.01.2018 | AL19: 31.12.2099
A20: =M20&N20&O20&P20 -> Организация проведения мероприятийВспомогательная деятельность в области государственного (муниципального) управления | B20: 15 | C20: 230 | D20: Департамент образования и молодежной политики Ханты-Мансийского автономного округа - Югры | E20: Региональный | F20: 11 | G20: Образование и наука | H20: 852300.Р.86.1.05620002002 | I20: 852300.Р.83.1.05620001000 | J20: 0562 | K20: Организация проведения общественно-значимых мероприятий в сфере образования, науки и молодежной политики | L20: Работа | M20: Организация проведения мероприятий | N20: Вспомогательная деятельность в области государственного (муниципального) управления | R20: Бесплатная | S20: В интересах общества*; Юридические лица*; Органы государственной власти*; Органы местного самоуправления*; Физические лица* | T20: 72; 90; 84.11; 85 | U20: 8523; 8542; 852311; 8541; 854; 932919000 | V20: 01069 - Количество отчетов (Единица); 01178 - Количество мероприятий (Штука); 00901 - Число детей (Человек); 01200 - Количество сертификатов (Штука); 00873 - Количество мероприятий (Единица); | W20: 01233 - Количество обоснованных жалоб на качество оказываемых услуг (Условная единица); | Y20: Городской округ; Муниципальный район; Субъект Российской Федерации; | AC20: Закон Дума Ханты-Мансийского автономного округа - Югры 68-оз от 10.07.2013 Об образовании в Ханты-Мансийском автономном округе - Югре ; Закон Дума Ханты-Мансийского автономного округа - Югры 229-оз от 16.12.2010 О поддержке региональных социально ориентированных некоммерческих организаций, осуществляющих деятельность в Ханты-Мансийском автономном округе - Югре ; Постановление Правительство Ханты-Мансийского автономного округа - Югры 131-п от 01.06.2010 О мероприятиях по реализации государственного плана подготовки управленческих кадров для организаций народного хозяйства Российской Федерации в 2007/08 - 2017/18 учебных годах в Ханты-Мансийском автономном округе - Югре ; | AE20: 3 - Автономные учреждения; 2 - Бюджетные учреждения; | AF20: 8601010181/860101001 - 01524 - АВТОНОМНОЕ УЧРЕЖДЕНИЕ ПРОФЕССИОНАЛЬНОГО ОБРАЗОВАНИЯ ХАНТЫ-МАНСИЙСКОГО АВТОНОМНОГО ОКРУГА - ЮГРЫ "ХАНТЫ-МАНСИЙСКИЙ ТЕХНОЛОГО-ПЕДАГОГИЧЕСКИЙ КОЛЛЕДЖ"; 8601018945/860101001 - 04528 - БЮДЖЕТНОЕ ОБЩЕОБРАЗОВАТЕЛЬНОЕ УЧРЕЖДЕНИЕ ХАНТЫ-МАНСИЙСКОГО АВТОНОМНОГО ОКРУГА - ЮГРЫ "ЮГОРСКИЙ ФИЗИКО-МАТЕМАТИЧЕСКИЙ ЛИЦЕЙ-ИНТЕРНАТ"; 8603068853/860301001 - 04530 - БЮДЖЕТНОЕ УЧРЕЖДЕНИЕ ПРОФЕССИОНАЛЬНОГО ОБРАЗОВАНИЯ ХАНТЫ-МАНСИЙСКОГО АВТОНОМНОГО ОКРУГА - ЮГРЫ "НИЖНЕВАРТОВСКИЙ СОЦИАЛЬНО-ГУМАНИТАРНЫЙ КОЛЛЕДЖ"; 8602200072/860201001 - 01509 - АВТОНОМНОЕ УЧРЕЖДЕНИЕ ПРОФЕССИОНАЛЬНОГО ОБРАЗОВАНИЯ ХАНТЫ-МАНСИЙСКОГО АВТОНОМНОГО ОКРУГА - ЮГРЫ "СУРГУТСКИЙ ПОЛИТЕХНИЧЕСКИЙ КОЛЛЕДЖ"; 8601001660/860101001 - D0147 - АВТОНОМНОЕ УЧРЕЖДЕНИЕ ДОПОЛНИТЕЛЬНОГО ПРОФЕССИОНАЛЬНОГО ОБРАЗОВАНИЯ ХАНТЫ-МАНСИЙСКОГО АВТОНОМНОГО ОКРУГА - ЮГРЫ "ИНСТИТУТ РАЗВИТИЯ ОБРАЗОВАНИЯ"; 8601026336/860101001 - 04532 - БЮДЖЕТНОЕ УЧРЕЖДЕНИЕ ХАНТЫ-МАНСИЙСКОГО АВТОНОМНОГО ОКРУГА - ЮГРЫ "ОБСКО-УГОРСКИЙ ИНСТИТУТ ПРИКЛАДНЫХ ИССЛЕДОВАНИЙ И РАЗРАБОТОК"; 8601035637/860101001 - D0146 - АВТОНОМНОЕ УЧРЕЖДЕНИЕ ХАНТЫ-МАНСИЙСКОГО АВТОНОМНОГО ОКРУГА - ЮГРЫ "РЕГИОНАЛЬНЫЙ МОЛОДЕЖНЫЙ ЦЕНТР"; 8601012485/860101001 - D0026 - АВТОНОМНОЕ УЧРЕЖДЕНИЕ ХАНТЫ-МАНСИЙСКОГО АВТОНОМНОГО ОКРУГА - ЮГРЫ "ЦЕНТР ВОЕННО-ПАТРИОТИЧЕСКОГО ВОСПИТАНИЯ И ПОДГОТОВКИ ГРАЖДАН К ВОЕННОЙ СЛУЖБЕ"; 8602200001/860201001 - 00023 - БЮДЖЕТНОЕ УЧРЕЖДЕНИЕ ВЫСШЕГО ОБРАЗОВАНИЯ ХАНТЫ-МАНСИЙСКОГО АВТОНОМНОГО ОКРУГА - ЮГРЫ "СУРГУТСКИЙ ГОСУДАРСТВЕННЫЙ УНИВЕРСИТЕТ"; 8602200530/860201001 - 04513 - БЮДЖЕТНОЕ УЧРЕЖДЕНИЕ ВЫСШЕГО ОБРАЗОВАНИЯ ХАНТЫ-МАНСИЙСКОГО АВТОНОМНОГО ОКРУГА - ЮГРЫ "СУРГУТСКИЙ ГОСУДАРСТВЕННЫЙ ПЕДАГОГИЧЕСКИЙ УНИВЕРСИТЕТ"; 8602200530/860201001 - 04513 - БЮДЖЕТНОЕ УЧРЕЖДЕНИЕ ВЫСШЕГО ОБРАЗОВАНИЯ ХАНТЫ-МАНСИЙСКОГО АВТОНОМНОГО ОКРУГА - ЮГРЫ "СУРГУТСКИЙ ГОСУДАРСТВЕННЫЙ ПЕДАГОГИЧЕСКИЙ УНИВЕРСИТЕТ"; 8602200001/860201001 - 00023 - БЮДЖЕТНОЕ УЧРЕЖДЕНИЕ ВЫСШЕГО ОБРАЗОВАНИЯ ХАНТЫ-МАНСИЙСКОГО АВТОНОМНОГО ОКРУГА - ЮГРЫ "СУРГУТСКИЙ ГОСУДАРСТВЕННЫЙ УНИВЕРСИТЕТ"; 8601012485/860101001 - D0026 - АВТОНОМНОЕ УЧРЕЖДЕНИЕ ХАНТЫ-МАНСИЙСКОГО АВТОНОМНОГО ОКРУГА - ЮГРЫ "ЦЕНТР ВОЕННО-ПАТРИОТИЧЕСКОГО ВОСПИТАНИЯ И ПОДГОТОВКИ ГРАЖДАН К ВОЕННОЙ СЛУЖБЕ"; 8601035637/860101001 - D0146 - АВТОНОМНОЕ УЧРЕЖДЕНИЕ ХАНТЫ-МАНСИЙСКОГО АВТОНОМНОГО ОКРУГА - ЮГРЫ "РЕГИОНАЛЬНЫЙ МОЛОДЕЖНЫЙ ЦЕНТР"; 8601026336/860101001 - 04532 - БЮДЖЕТНОЕ УЧРЕЖДЕНИЕ ХАНТЫ-МАНСИЙСКОГО АВТОНОМНОГО ОКРУГА - ЮГРЫ "ОБСКО-УГОРСКИЙ ИНСТИТУТ ПРИКЛАДНЫХ ИССЛЕДОВАНИЙ И РАЗРАБОТОК"; 8601001660/860101001 - D0147 - АВТОНОМНОЕ УЧРЕЖДЕНИЕ ДОПОЛНИТЕЛЬНОГО ПРОФЕССИОНАЛЬНОГО ОБРАЗОВАНИЯ ХАНТЫ-МАНСИЙСКОГО АВТОНОМНОГО ОКРУГА - ЮГРЫ "ИНСТИТУТ РАЗВИТИЯ ОБРАЗОВАНИЯ"; 8602200072/860201001 - 01509 - АВТОНОМНОЕ УЧРЕЖДЕНИЕ ПРОФЕССИОНАЛЬНОГО ОБРАЗОВАНИЯ ХАНТЫ-МАНСИЙСКОГО АВТОНОМНОГО ОКРУГА - ЮГРЫ "СУРГУТСКИЙ ПОЛИТЕХНИЧЕСКИЙ КОЛЛЕДЖ"; 8603068853/860301001 - 04530 - БЮДЖЕТНОЕ УЧРЕЖДЕНИЕ ПРОФЕССИОНАЛЬНОГО ОБРАЗОВАНИЯ ХАНТЫ-МАНСИЙСКОГО АВТОНОМНОГО ОКРУГА - ЮГРЫ "НИЖНЕВАРТОВСКИЙ СОЦИАЛЬНО-ГУМАНИТАРНЫЙ КОЛЛЕДЖ"; 8601018945/860101001 - 04528 - БЮДЖЕТНОЕ ОБЩЕОБРАЗОВАТЕЛЬНОЕ УЧРЕЖДЕНИЕ ХАНТЫ-МАНСИЙСКОГО АВТОНОМНОГО ОКРУГА - ЮГРЫ "ЮГОРСКИЙ ФИЗИКО-МАТЕМАТИЧЕСКИЙ ЛИЦЕЙ-ИНТЕРНАТ"; 8601018945/860101001 - 04528 - БЮДЖЕТНОЕ ОБЩЕОБРАЗОВАТЕЛЬНОЕ УЧРЕЖДЕНИЕ ХАНТЫ-МАНСИЙСКОГО АВТОНОМНОГО ОКРУГА - ЮГРЫ "ЮГОРСКИЙ ФИЗИКО-МАТЕМАТИЧЕСКИЙ ЛИЦЕЙ-ИНТЕРНАТ"; 8603068853/860301001 - 04530 - БЮДЖЕТНОЕ УЧРЕЖДЕНИЕ ПРОФЕССИОНАЛЬНОГО ОБРАЗОВАНИЯ ХАНТЫ-МАНСИЙСКОГО АВТОНОМНОГО ОКРУГА - ЮГРЫ "НИЖНЕВАРТОВСКИЙ СОЦИАЛЬНО-ГУМАНИТАРНЫЙ КОЛЛЕДЖ"; 8602200072/860201001 - 01509 - АВТОНОМНОЕ УЧРЕЖДЕНИЕ ПРОФЕССИОНАЛЬНОГО ОБРАЗОВАНИЯ ХАНТЫ-МАНСИЙСКОГО АВТОНОМНОГО ОКРУГА - ЮГРЫ "СУРГУТСКИЙ ПОЛИТЕХНИЧЕСКИЙ КОЛЛЕДЖ"; 8601001660/860101001 - D0147 - АВТОНОМНОЕ УЧРЕЖДЕНИЕ ДОПОЛНИТЕЛЬНОГО ПРОФЕССИОНАЛЬНОГО ОБРАЗОВАНИЯ ХАНТЫ-МАНСИЙСКОГО АВТОНОМНОГО ОКРУГА - ЮГРЫ "ИНСТИТУТ РАЗВИТИЯ ОБРАЗОВАНИЯ"; 8601026336/860101001 - 04532 - БЮДЖЕТНОЕ УЧРЕЖДЕНИЕ ХАНТЫ-МАНСИЙСКОГО АВТОНОМНОГО ОКРУГА - ЮГРЫ "ОБСКО-УГОРСКИЙ ИНСТИТУТ ПРИКЛАДНЫХ ИССЛЕДОВАНИЙ И РАЗРАБОТОК"; 8601035637/860101001 - D0146 - АВТОНОМНОЕ УЧРЕЖДЕНИЕ ХАНТЫ-МАНСИЙСКОГО АВТОНОМНОГО ОКРУГА - ЮГРЫ "РЕГИОНАЛЬНЫЙ МОЛОДЕЖНЫЙ ЦЕНТР"; 8601012485/860101001 - D0026 - АВТОНОМНОЕ УЧРЕЖДЕНИЕ ХАНТЫ-МАНСИЙСКОГО АВТОНОМНОГО ОКРУГА - ЮГРЫ "ЦЕНТР ВОЕННО-ПАТРИОТИЧЕСКОГО ВОСПИТАНИЯ И ПОДГОТОВКИ ГРАЖДАН К ВОЕННОЙ СЛУЖБЕ"; 8602200001/860201001 - 00023 - БЮДЖЕТНОЕ УЧРЕЖДЕНИЕ ВЫСШЕГО ОБРАЗОВАНИЯ ХАНТЫ-МАНСИЙСКОГО АВТОНОМНОГО ОКРУГА - ЮГРЫ "СУРГУТСКИЙ ГОСУДАРСТВЕННЫЙ УНИВЕРСИТЕТ"; 8602200530/860201001 - 04513 - БЮДЖЕТНОЕ УЧРЕЖДЕНИЕ ВЫСШЕГО ОБРАЗОВАНИЯ ХАНТЫ-МАНСИЙСКОГО АВТОНОМНОГО ОКРУГА - ЮГРЫ "СУРГУТСКИЙ ГОСУДАРСТВЕННЫЙ ПЕДАГОГИЧЕСКИЙ УНИВЕРСИТЕТ"; 8602200530/860201001 - 04513 - БЮДЖЕТНОЕ УЧРЕЖДЕНИЕ ВЫСШЕГО ОБРАЗОВАНИЯ ХАНТЫ-МАНСИЙСКОГО АВТОНОМНОГО ОКРУГА - ЮГРЫ "СУРГУТСКИЙ ГОСУДАРСТВЕННЫЙ ПЕДАГОГИЧЕСКИЙ УНИВЕРСИТЕТ"; 8602200001/860201001 - 00023 - БЮДЖЕТНОЕ УЧРЕЖДЕНИЕ ВЫСШЕГО ОБРАЗОВАНИЯ ХАНТЫ-МАНСИЙСКОГО АВТОНОМНОГО ОКРУГА - ЮГРЫ "СУРГУТСКИЙ ГОСУДАРСТВЕННЫЙ УНИВЕРСИТЕТ"; 8601012485/860101001 - D0026 - АВТОНОМНОЕ УЧРЕЖДЕНИЕ ХАНТЫ-МАНСИЙСКОГО АВТОНОМНОГО ОКРУГА - ЮГРЫ "ЦЕНТР ВОЕННО-ПАТРИОТИЧЕСКОГО ВОСПИТАНИЯ И ПОДГОТОВКИ ГРАЖДАН К ВОЕННОЙ СЛУЖБЕ"; 8601035637/860101001 - D0146 - АВТОНОМНОЕ УЧРЕЖДЕНИЕ ХАНТЫ-МАНСИЙСКОГО АВТОНОМНОГО ОКРУГА - ЮГРЫ "РЕГИОНАЛЬНЫЙ МОЛОДЕЖНЫЙ ЦЕНТР"; 8601026336/860101001 - 04532 - БЮДЖЕТНОЕ УЧРЕЖДЕНИЕ ХАНТЫ-МАНСИЙСКОГО АВТОНОМНОГО ОКРУГА - ЮГРЫ "ОБСКО-УГОРСКИЙ ИНСТИТУТ ПРИКЛАДНЫХ ИССЛЕДОВАНИЙ И РАЗРАБОТОК"; 8601001660/860101001 - D0147 - АВТОНОМНОЕ УЧРЕЖДЕНИЕ ДОПОЛНИТЕЛЬНОГО ПРОФЕССИОНАЛЬНОГО ОБРАЗОВАНИЯ ХАНТЫ-МАНСИЙСКОГО АВТОНОМНОГО ОКРУГА - ЮГРЫ "ИНСТИТУТ РАЗВИТИЯ ОБРАЗОВАНИЯ"; 8602200072/860201001 - 01509 - АВТОНОМНОЕ УЧРЕЖДЕНИЕ ПРОФЕССИОНАЛЬНОГО ОБРАЗОВАНИЯ ХАНТЫ-МАНСИЙСКОГО АВТОНОМНОГО ОКРУГА - ЮГРЫ "СУРГУТСКИЙ ПОЛИТЕХНИЧЕСКИЙ КОЛЛЕДЖ"; 8603068853/860301001 - 04530 - БЮДЖЕТНОЕ УЧРЕЖДЕНИЕ ПРОФЕССИОНАЛЬНОГО ОБРАЗОВАНИЯ ХАНТЫ-МАНСИЙСКОГО АВТОНОМНОГО ОКРУГА - ЮГРЫ "НИЖНЕВАРТОВСКИЙ СОЦИАЛЬНО-ГУМАНИТАРНЫЙ КОЛЛЕДЖ"; 8601018945/860101001 - 04528 - БЮДЖЕТНОЕ ОБЩЕОБРАЗОВАТЕЛЬНОЕ УЧРЕЖДЕНИЕ ХАНТЫ-МАНСИЙСКОГО АВТОНОМНОГО ОКРУГА - ЮГРЫ "ЮГОРСКИЙ ФИЗИКО-МАТЕМАТИЧЕСКИЙ ЛИЦЕЙ-ИНТЕРНАТ"; 8601018945/860101001 - 04528 - БЮДЖЕТНОЕ ОБЩЕОБРАЗОВАТЕЛЬНОЕ УЧРЕЖДЕНИЕ ХАНТЫ-МАНСИЙСКОГО АВТОНОМНОГО ОКРУГА - ЮГРЫ "ЮГОРСКИЙ ФИЗИКО-МАТЕМАТИЧЕСКИЙ ЛИЦЕЙ-ИНТЕРНАТ"; 8603068853/860301001 - 04530 - БЮДЖЕТНОЕ УЧРЕЖДЕНИЕ ПРОФЕССИОНАЛЬНОГО ОБРАЗОВАНИЯ ХАНТЫ-МАНСИЙСКОГО АВТОНОМНОГО ОКРУГА - ЮГРЫ "НИЖНЕВАРТОВСКИЙ СОЦИАЛЬНО-ГУМАНИТАРНЫЙ КОЛЛЕДЖ"; 8602200072/860201001 - 01509 - АВТОНОМНОЕ УЧРЕЖДЕНИЕ ПРОФЕССИОНАЛЬНОГО ОБРАЗОВАНИЯ ХАНТЫ-МАНСИЙСКОГО АВТОНОМНОГО ОКРУГА - ЮГРЫ "СУРГУТСКИЙ ПОЛИТЕХНИЧЕСКИЙ КОЛЛЕДЖ"; 8601001660/860101001 - D0147 - АВТОНОМНОЕ УЧРЕЖДЕНИЕ ДОПОЛНИТЕЛЬНОГО ПРОФЕССИОНАЛЬНОГО ОБРАЗОВАНИЯ ХАНТЫ-МАНСИЙСКОГО АВТОНОМНОГО ОКРУГА - ЮГРЫ "ИНСТИТУТ РАЗВИТИЯ ОБРАЗОВАНИЯ"; 8601026336/860101001 - 04532 - БЮДЖЕТНОЕ УЧРЕЖДЕНИЕ ХАНТЫ-МАНСИЙСКОГО АВТОНОМНОГО ОКРУГА - ЮГРЫ "ОБСКО-УГОРСКИЙ ИНСТИТУТ ПРИКЛАДНЫХ ИССЛЕДОВАНИЙ И РАЗРАБОТОК"; 8601035637/860101001 - D0146 - АВТОНОМНОЕ УЧРЕЖДЕНИЕ ХАНТЫ-МАНСИЙСКОГО АВТОНОМНОГО ОКРУГА - ЮГРЫ "РЕГИОНАЛЬНЫЙ МОЛОДЕЖНЫЙ ЦЕНТР"; 8601012485/860101001 - D0026 - АВТОНОМНОЕ УЧРЕЖДЕНИЕ ХАНТЫ-МАНСИЙСКОГО АВТОНОМНОГО ОКРУГА - ЮГРЫ "ЦЕНТР ВОЕННО-ПАТРИОТИЧЕСКОГО ВОСПИТАНИЯ И ПОДГОТОВКИ ГРАЖДАН К ВОЕННОЙ СЛУЖБЕ"; 8602200001/860201001 - 00023 - БЮДЖЕТНОЕ УЧРЕЖДЕНИЕ ВЫСШЕГО ОБРАЗОВАНИЯ ХАНТЫ-МАНСИЙСКОГО АВТОНОМНОГО ОКРУГА - ЮГРЫ "СУРГУТСКИЙ ГОСУДАРСТВЕННЫЙ УНИВЕРСИТЕТ"; 8602200530/860201001 - 04513 - БЮДЖЕТНОЕ УЧРЕЖДЕНИЕ ВЫСШЕГО ОБРАЗОВАНИЯ ХАНТЫ-МАНСИЙСКОГО АВТОНОМНОГО ОКРУГА - ЮГРЫ "СУРГУТСКИЙ ГОСУДАРСТВЕННЫЙ ПЕДАГОГИЧЕСКИЙ УНИВЕРСИТЕТ"; 8602200530/860201001 - 04513 - БЮДЖЕТНОЕ УЧРЕЖДЕНИЕ ВЫСШЕГО ОБРАЗОВАНИЯ ХАНТЫ-МАНСИЙСКОГО АВТОНОМНОГО ОКРУГА - ЮГРЫ "СУРГУТСКИЙ ГОСУДАРСТВЕННЫЙ ПЕДАГОГИЧЕСКИЙ УНИВЕРСИТЕТ"; 8602200001/860201001 - 00023 - БЮДЖЕТНОЕ УЧРЕЖДЕНИЕ ВЫСШЕГО ОБРАЗОВАНИЯ ХАНТЫ-МАНСИЙСКОГО АВТОНОМНОГО ОКРУГА - ЮГРЫ "СУРГУТСКИЙ ГОСУДАРСТВЕННЫЙ УНИВЕРСИТЕТ"; 8601012485/860101001 - D0026 - АВТОНОМНОЕ УЧРЕЖДЕНИЕ ХАНТЫ-МАНСИЙСКОГО АВТОНОМНОГО ОКРУГА - ЮГРЫ "ЦЕНТР ВОЕННО-ПАТРИОТИЧЕСКОГО ВОСПИТАНИЯ И ПОДГОТОВКИ ГРАЖДАН К ВОЕННОЙ СЛУЖБЕ"; 8601035637/860101001 - D0146 - АВТОНОМНОЕ УЧРЕЖДЕНИЕ ХАНТЫ-МАНСИЙСКОГО АВТОНОМНОГО ОКРУГА - ЮГРЫ "РЕГИОНАЛЬНЫЙ МОЛОДЕЖНЫЙ ЦЕНТР"; 8601026336/860101001 - 04532 - БЮДЖЕТНОЕ УЧРЕЖДЕНИЕ ХАНТЫ-МАНСИЙСКОГО АВТОНОМНОГО ОКРУГА - ЮГРЫ "ОБСКО-УГОРСКИЙ ИНСТИТУТ ПРИКЛАДНЫХ ИССЛЕДОВАНИЙ И РАЗРАБОТОК"; 8601001660/860101001 - D0147 - АВТОНОМНОЕ УЧРЕЖДЕНИЕ ДОПОЛНИТЕЛЬНОГО ПРОФЕССИОНАЛЬНОГО ОБРАЗОВАНИЯ ХАНТЫ-МАНСИЙСКОГО АВТОНОМНОГО ОКРУГА - ЮГРЫ "ИНСТИТУТ РАЗВИТИЯ ОБРАЗОВАНИЯ"; 8602200072/860201001 - 01509 - АВТОНОМНОЕ УЧРЕЖДЕНИЕ ПРОФЕССИОНАЛЬНОГО ОБРАЗОВАНИЯ ХАНТЫ-МАНСИЙСКОГО АВТОНОМНОГО ОКРУГА - ЮГРЫ "СУРГУТСКИЙ ПОЛИТЕХНИЧЕСКИЙ КОЛЛЕДЖ"; 8603068853/860301001 - 04530 - БЮДЖЕТНОЕ УЧРЕЖДЕНИЕ ПРОФЕССИОНАЛЬНОГО ОБРАЗОВАНИЯ ХАНТЫ-МАНСИЙСКОГО АВТОНОМНОГО ОКРУГА - ЮГРЫ "НИЖНЕВАРТОВСКИЙ СОЦИАЛЬНО-ГУМАНИТАРНЫЙ КОЛЛЕДЖ"; 8601018945/860101001 - 04528 - БЮДЖЕТНОЕ ОБЩЕОБРАЗОВАТЕЛЬНОЕ УЧРЕЖДЕНИЕ ХАНТЫ-МАНСИЙСКОГО АВТОНОМНОГО ОКРУГА - ЮГРЫ "ЮГОРСКИЙ ФИЗИКО-МАТЕМАТИЧЕСКИЙ ЛИЦЕЙ-ИНТЕРНАТ"; 8601018945/860101001 - 04528 - БЮДЖЕТНОЕ ОБЩЕОБРАЗОВАТЕЛЬНОЕ УЧРЕЖДЕНИЕ ХАНТЫ-МАНСИЙСКОГО АВТОНОМНОГО ОКРУГА - ЮГРЫ "ЮГОРСКИЙ ФИЗИКО-МАТЕМАТИЧЕСКИЙ ЛИЦЕЙ-ИНТЕРНАТ"; 8603068853/860301001 - 04530 - БЮДЖЕТНОЕ УЧРЕЖДЕНИЕ ПРОФЕССИОНАЛЬНОГО ОБРАЗОВАНИЯ ХАНТЫ-МАНСИЙСКОГО АВТОНОМНОГО ОКРУГА - ЮГРЫ "НИЖНЕВАРТОВСКИЙ СОЦИАЛЬНО-ГУМАНИТАРНЫЙ КОЛЛЕДЖ"; 8602200072/860201001 - 01509 - АВТОНОМНОЕ УЧРЕЖДЕНИЕ ПРОФЕССИОНАЛЬНОГО ОБРАЗОВАНИЯ ХАНТЫ-МАНСИЙСКОГО АВТОНОМНОГО ОКРУГА - ЮГРЫ "СУРГУТСКИЙ ПОЛИТЕХНИЧЕСКИЙ КОЛЛЕДЖ"; 8601001660/860101001 - D0147 - АВТОНОМНОЕ УЧРЕЖДЕНИЕ ДОПОЛНИТЕЛЬНОГО ПРОФЕССИОНАЛЬНОГО ОБРАЗОВАНИЯ ХАНТЫ-МАНСИЙСКОГО АВТОНОМНОГО ОКРУГА - ЮГРЫ "ИНСТИТУТ РАЗВИТИЯ ОБРАЗОВАНИЯ"; 8601026336/860101001 - 04532 - БЮДЖЕТНОЕ УЧРЕЖДЕНИЕ ХАНТЫ-МАНСИЙСКОГО АВТОНОМНОГО ОКРУГА - ЮГРЫ "ОБСКО-УГОРСКИЙ ИНСТИТУТ ПРИКЛАДНЫХ ИССЛЕДОВАНИЙ И РАЗРАБОТОК"; 8601035637/860101001 - D0146 - АВТОНОМНОЕ УЧРЕЖДЕНИЕ ХАНТЫ-МАНСИЙСКОГО АВТОНОМНОГО ОКРУГА - ЮГРЫ "РЕГИОНАЛЬНЫЙ МОЛОДЕЖНЫЙ ЦЕНТР"; 8601012485/860101001 - D0026 - АВТОНОМНОЕ УЧРЕЖДЕНИЕ ХАНТЫ-МАНСИЙСКОГО АВТОНОМНОГО ОКРУГА - ЮГРЫ "ЦЕНТР ВОЕННО-ПАТРИОТИЧЕСКОГО ВОСПИТАНИЯ И ПОДГОТОВКИ ГРАЖДАН К ВОЕННОЙ СЛУЖБЕ"; 8602200001/860201001 - 00023 - БЮДЖЕТНОЕ УЧРЕЖДЕНИЕ ВЫСШЕГО ОБРАЗОВАНИЯ ХАНТЫ-МАНСИЙСКОГО АВТОНОМНОГО ОКРУГА - ЮГРЫ "СУРГУТСКИЙ ГОСУДАРСТВЕННЫЙ УНИВЕРСИТЕТ"; 8602200530/860201001 - 04513 - БЮДЖЕТНОЕ УЧРЕЖДЕНИЕ ВЫСШЕГО ОБРАЗОВАНИЯ ХАНТЫ-МАНСИЙСКОГО АВТОНОМНОГО ОКРУГА - ЮГРЫ "СУРГУТСКИЙ ГОСУДАРСТВЕННЫЙ ПЕДАГОГИЧЕСКИЙ УНИВЕРСИТЕТ"; 8602200530/860201001 - 04513 - БЮДЖЕТНОЕ УЧРЕЖДЕНИЕ ВЫСШЕГО ОБРАЗОВАНИЯ ХАНТЫ-МАНСИЙСКОГО АВТОНОМНОГО ОКРУГА - ЮГРЫ "СУРГУТСКИЙ ГОСУДАРСТВЕННЫЙ ПЕДАГОГИЧЕСКИЙ УНИВЕРСИТЕТ"; 8602200001/860201001 - 00023 - БЮДЖЕТНОЕ УЧРЕЖДЕНИЕ ВЫСШЕГО ОБРАЗОВАНИЯ ХАНТЫ-МАНСИЙСКОГО АВТОНОМНОГО ОКРУГА - ЮГРЫ "СУРГУТСКИЙ ГОСУДАРСТВЕННЫЙ УНИВЕРСИТЕТ"; 8601012485/860101001 - D0026 - АВТОНОМНОЕ УЧРЕЖДЕНИЕ ХАНТЫ-МАНСИЙСКОГО АВТОНОМНОГО ОКРУГА - ЮГРЫ "ЦЕНТР ВОЕННО-ПАТРИОТИЧЕСКОГО ВОСПИТАНИЯ И ПОДГОТОВКИ ГРАЖДАН К ВОЕННОЙ СЛУЖБЕ"; 8601035637/860101001 - D0146 - АВТОНОМНОЕ УЧРЕЖДЕНИЕ ХАНТЫ-МАНСИЙСКОГО АВТОНОМНОГО ОКРУГА - ЮГРЫ "РЕГИОНАЛЬНЫЙ МОЛОДЕЖНЫЙ ЦЕНТР"; 8601026336/860101001 - 04532 - БЮДЖЕТНОЕ УЧРЕЖДЕНИЕ ХАНТЫ-МАНСИЙСКОГО АВТОНОМНОГО ОКРУГА - ЮГРЫ "ОБСКО-УГОРСКИЙ ИНСТИТУТ ПРИКЛАДНЫХ ИССЛЕДОВАНИЙ И РАЗРАБОТОК"; 8601001660/860101001 - D0147 - АВТОНОМНОЕ УЧРЕЖДЕНИЕ ДОПОЛНИТЕЛЬНОГО ПРОФЕССИОНАЛЬНОГО ОБРАЗОВАНИЯ ХАНТЫ-МАНСИЙСКОГО АВТОНОМНОГО ОКРУГА - ЮГРЫ "ИНСТИТУТ РАЗВИТИЯ ОБРАЗОВАНИЯ"; 8602200072/860201001 - 01509 - АВТОНОМНОЕ УЧРЕЖДЕНИЕ ПРОФЕССИОНАЛЬНОГО ОБРАЗОВАНИЯ ХАНТЫ-МАНСИЙСКОГО АВТОНОМНОГО ОКРУГА - ЮГРЫ "СУРГУТСКИЙ ПОЛИТЕХНИЧЕСКИЙ КОЛЛЕДЖ"; 8603068853/860301001 - 04530 - БЮДЖЕТНОЕ УЧРЕЖДЕНИЕ ПРОФЕССИОНАЛЬНОГО ОБРАЗОВАНИЯ ХАНТЫ-МАНСИЙСКОГО АВТОНОМНОГО ОКРУГА - ЮГРЫ "НИЖНЕВАРТОВСКИЙ СОЦИАЛЬНО-ГУМАНИТАРНЫЙ КОЛЛЕДЖ"; 8601018945/860101001 - 04528 - БЮДЖЕТНОЕ ОБЩЕОБРАЗОВАТЕЛЬНОЕ УЧРЕЖДЕНИЕ ХАНТЫ-МАНСИЙСКОГО АВТОНОМНОГО ОКРУГА - ЮГРЫ "ЮГОРСКИЙ ФИЗИКО-МАТЕМАТИЧЕСКИЙ ЛИЦЕЙ-ИНТЕРНАТ"; | AH20: Нет | AI20: Нет | AK20: 16.11.2021 | AL20: 01.01.2099
A21: =M21&N21&O21&P21 -> Не указано | B21: 16 | C21: 230 | D21: Департамент образования и молодежной политики Ханты-Мансийского автономного округа - Югры | E21: Общероссийский | F21: 34 | G21: Начальное общее образование | H21: 880900О.99.0.БА84АА00000 | J21: БА84 | K21: Психолого-медико-педагогическое обследование детей | L21: Услуга | P21: Не указано | R21: Бесплатная | S21: Физические лица | T21: 88.9; 96.09 | U21: 88.9 | V21: 004 - Число обучающихся (Человек); | Y21: Российская Федерация; субъект Российской Федерации; Муниципальное образование; | AB21: Федеральный закон Государственная Дума РФ от 24.06.1999 №120-ФЗ Об основах системы профилактики безнадзорности и правонарушений несовершеннолетних; Федеральный закон Государственная Дума РФ от 29.12.2012 №273-ФЗ Об образовании в Российской Федерации; | AE21: 2 - Бюджетное; 1 - Казенное; 3 - Автономное; | AF21: 8601001660/860101001 - D0147 - АВТОНОМНОЕ УЧРЕЖДЕНИЕ ДОПОЛНИТЕЛЬНОГО ПРОФЕССИОНАЛЬНОГО ОБРАЗОВАНИЯ ХАНТЫ-МАНСИЙСКОГО АВТОНОМНОГО ОКРУГА - ЮГРЫ "ИНСТИТУТ РАЗВИТИЯ ОБРАЗОВАНИЯ"; | AH21: Нет | AI21: Нет | AK21: 05.12.2017 | AL21: 31.12.2099
A22: =M22&N22&O22&P22 -> Не указано | B22: 17 | C22: 230 | D22: Департамент образования и молодежной политики Ханты-Мансийского автономного округа - Югры | E22: Общероссийский | F22: 35 | G22: Основные общее образование | H22: 880900О.99.0.БА98АА00000 | J22: БА98 | K22: Психолого-медико-педагогическое обследование детей | L22: Услуга | P22: Не указано | R22: Бесплатная | S22: Физические лица | T22: 88.9; 96.09 | U22: 88.9 | V22: 001 - Число обучающихся (Человек); | Y22: Российская Федерация; субъект Российской Федерации; Муниципальное образование; | AB22: Федеральный закон Государственная Дума РФ от 29.12.2012 №273-ФЗ Об образовании в Российской Федерации; | AE22: 2 - Бюджетное; 1 - Казенное; 3 - Автономное; | AF22: 8601001660/860101001 - D0147 - АВТОНОМНОЕ УЧРЕЖДЕНИЕ ДОПОЛНИТЕЛЬНОГО ПРОФЕССИОНАЛЬНОГО ОБРАЗОВАНИЯ ХАНТЫ-МАНСИЙСКОГО АВТОНОМНОГО ОКРУГА - ЮГРЫ "ИНСТИТУТ РАЗВИТИЯ ОБРАЗОВАНИЯ"; | AH22: Нет | AI22: Нет | AK22: 06.12.2017 | AL22: 31.12.2099
A23: =M23&N23&O23&P23 -> Не указано | B23: 18 | C23: 230 | D23: Департамент образования и молодежной политики Ханты-Мансийского автономного округа - Югры | E23: Общероссийский | F23: 36 | G23: Среднее общее образование | H23: 559019О.99.0.ББ12АА03000 | J23: ББ12 | K23: Содержание детей | L23: Услуга | M23: Не указано | R23: Бесплатная | S23: Физические лица | T23: 55.90 | U23: 55.90.19 | V23: 001 - Число обучающихся (Человек); | Y23: Российская Федерация; субъект Российской Федерации; Муниципальное образование; | AB23: Федеральный закон Государственная Дума РФ от 24.06.1999 №120-ФЗ Об основах системы профилактики безнадзорности и правонарушений несовершеннолетних; Федеральный закон Государственная Дума РФ от 29.12.2012 №273-ФЗ Об образовании в Российской Федерации; | AE23: 2 - Бюджетное; 1 - Казенное; 3 - Автономное; | AF23: 8601018945/860101001 - 04528 - БЮДЖЕТНОЕ ОБЩЕОБРАЗОВАТЕЛЬНОЕ УЧРЕЖДЕНИЕ ХАНТЫ-МАНСИЙСКОГО АВТОНОМНОГО ОКРУГА - ЮГРЫ "ЮГОРСКИЙ ФИЗИКО-МАТЕМАТИЧЕСКИЙ ЛИЦЕЙ-ИНТЕРНАТ"; | AH23: Нет | AI23: Нет | AK23: 05.12.2017 | AL23: 31.12.2099
A24: =M24&N24&O24&P24 | B24: 19 | C24: 230 | D24: Департамент образования и молодежной политики Ханты-Мансийского автономного округа - Югры | E24: Общероссийский | F24: 36 | G24: Среднее общее образование | H24: 560200О.99.0.ББ18АА00000 | J24: ББ18 | K24: Предоставление питания | L24: Услуга | R24: Бесплатная | S24: Физические лица | T24: 56.2 | U24: 56.2 | V24: 001 - Число обучающихся (Человек); | Y24: Российская Федерация; субъект Российской Федерации; Муниципальное образование; | AB24: Федеральный закон Государственная Дума РФ от 29.12.2012 №273-ФЗ Об образовании в Российской Федерации; | AE24: 2 - Бюджетное; 1 - Казенное; 3 - Автономное; | AF24: 8601018945/860101001 - 04528 - БЮДЖЕТНОЕ ОБЩЕОБРАЗОВАТЕЛЬНОЕ УЧРЕЖДЕНИЕ ХАНТЫ-МАНСИЙСКОГО АВТОНОМНОГО ОКРУГА - ЮГРЫ "ЮГОРСКИЙ ФИЗИКО-МАТЕМАТИЧЕСКИЙ ЛИЦЕЙ-ИНТЕРНАТ"; | AH24: Нет | AI24: Нет | AK24: 06.12.2017 | AL24: 31.12.2099
A25: =M25&N25&O25&P25 -> обучающиеся за исключением обучающихся с ограниченными возможностями здоровья (ОВЗ) и детей-инвалидовобразовательная программа, обеспечивающая углубленное изучение отдельных учебных предметов, предметных областей (профильное обучение)не указаноОчная | B25: 20 | C25: 230 | D25: Департамент образования и молодежной политики Ханты-Мансийского автономного округа - Югры | E25: Общероссийский | F25: 36 | G25: Среднее общее образование | H25: 802112О.99.0.ББ11АЛ26001 | J25: ББ11 | K25: Реализация основных общеобразовательных программ среднего общего образования | L25: Услуга | M25: обучающиеся за исключением обучающихся с ограниченными возможностями здоровья (ОВЗ) и детей-инвалидов | N25: образовательная программа, обеспечивающая углубленное изучение отдельных учебных предметов, предметных областей (профильное обучение) | O25: не указано | P25: Очная | R25: Бесплатная | S25: Физические лица | T25: 85.14 | U25: 80.21.12 | V25: 001 - Число обучающихся (Человек); | Y25: Российская Федерация; субъект Российской Федерации; Муниципальное образование; | AB25: Федеральный закон Государственная Дума РФ от 29.12.2012 №273-ФЗ Об образовании в Российской Федерации; Федеральный закон Государственная Дума РФ от 06.10.1999 №184-ФЗ Об общих принципах организации законодательных (представительных) и исполнительных органов государственной власти субъектов Российской Федерации; Федеральный закон Государственная Дума РФ от 24.06.1999 №120-ФЗ Об основах системы профилактики безнадзорности и правонарушений несовершеннолетних; Федеральный закон Государственная Дума РФ от 06.10.2003 №131-ФЗ Об общих принципах организации местного самоуправления в Российской Федерации; | AF25: 8601018945/860101001 - 04528 - БЮДЖЕТНОЕ ОБЩЕОБРАЗОВАТЕЛЬНОЕ УЧРЕЖДЕНИЕ ХАНТЫ-МАНСИЙСКОГО АВТОНОМНОГО ОКРУГА - ЮГРЫ "ЮГОРСКИЙ ФИЗИКО-МАТЕМАТИЧЕСКИЙ ЛИЦЕЙ-ИНТЕРНАТ"; | AH25: Нет | AI25: Нет | AK25: 01.12.2015 | AL25: 31.12.2099
A26: =M26&N26&O26&P26 -> В форме основного государственного экзамена с использование контрольных измерительных приборовНе указаноЗдание (сооружение), которое используется для проведения ГИА | B26: 21 | C26: 230 | D26: Департамент образования и молодежной политики Ханты-Мансийского автономного округа - Югры | E26: Общероссийский | F26: 36 | G26: Среднее общее образование | H26: 851300О.99.0.ББ16АА02000 | J26: ББ16 | K26: Проведение государственной итоговой аттестации лиц, осваивающих основную образовательную программу в форме самообразования или семейного образования либо обучавшихся по не имеющей государственной аккредитации образовательной программе | L26: Услуга | M26: В форме основного государственного экзамена с использование контрольных измерительных приборов | N26: Не указано | P26: Здание (сооружение), которое используется для проведения ГИА | R26: Бесплатная | S26: Физические лица | T26: 85.13 | U26: 85.13 | V26: 002 - Число экзаменационных работ (Единица); | Y26: Муниципальное образование; субъект Российской Федерации; Российская Федерация; | AB26: Приказ Министерство образования и науки Российской Федерации от 26.12.2013 №1400 Об утверждении порядка проведения государственной итоговой аттестации по образовательным программам среднего общего образования; Приказ Министерство образования и науки Российской Федерации от 26.12.2013 №1394 Об утверждении Порядка проведения государственной итоговой аттестации по образовательным программам основного общего образования; Федеральный закон Государственная Дума РФ от 29.12.2012 №273-ФЗ Об образовании в Российской Федерации; | AE26: 3 - Автономное; 1 - Казенное; 2 - Бюджетное; | AF26: 8601010181/860101001 - 01524 - АВТОНОМНОЕ УЧРЕЖДЕНИЕ ПРОФЕССИОНАЛЬНОГО ОБРАЗОВАНИЯ ХАНТЫ-МАНСИЙСКОГО АВТОНОМНОГО ОКРУГА - ЮГРЫ "ХАНТЫ-МАНСИЙСКИЙ ТЕХНОЛОГО-ПЕДАГОГИЧЕСКИЙ КОЛЛЕДЖ"; | AH26: Нет | AI26: Нет | AK26: 06.12.2017 | AL26: 31.12.2099
A27: =M27&N27&O27&P27 -> Не указано | B27: 22 | C27: 230 | D27: Департамент образования и молодежной политики Ханты-Мансийского автономного округа - Югры | E27: Общероссийский | F27: 36 | G27: Среднее общее образование | H27: 880900О.99.0.ББ13АА00000 | J27: ББ13 | K27: Психолого-медико-педагогическое обследование детей | L27: Услуга | P27: Не указано | R27: Бесплатная | S27: Физические лица | T27: 88.9 | U27: 88.9 | V27: 001 - Число обучающихся (Человек); | Y27: Российская Федерация; субъект Российской Федерации; Муниципальное образование; | AB27: Федеральный закон Государственная Дума РФ от 29.12.2012 №273-ФЗ Об образовании в Российской Федерации; | AE27: 2 - Бюджетное; 1 - Казенное; 3 - Автономное; | AF27: 8601001660/860101001 - D0147 - АВТОНОМНОЕ УЧРЕЖДЕНИЕ ДОПОЛНИТЕЛЬНОГО ПРОФЕССИОНАЛЬНОГО ОБРАЗОВАНИЯ ХАНТЫ-МАНСИЙСКОГО АВТОНОМНОГО ОКРУГА - ЮГРЫ "ИНСТИТУТ РАЗВИТИЯ ОБРАЗОВАНИЯ"; | AH27: Нет | AI27: Нет | AK27: 06.12.2017 | AL27: 31.12.2099
A28: =M28&N28&O28&P28 -> В организации, осуществляющей образовательную деятельность | B28: 23 | C28: 230 | D28: Департамент образования и молодежной политики Ханты-Мансийского автономного округа - Югры | E28: Общероссийский | F28: 36 | G28: Среднее общее образование | H28: 880900О.99.0.ББ14АА01000 | J28: ББ14 | K28: Психолого-педагогическое консультирование обучающихся, их родителей (законных представителей) и педагогических работников | L28: Услуга | P28: В организации, осуществляющей образовательную деятельность | R28: Бесплатная | S28: Физические лица | T28: 88.9 | U28: 88.9 | V28: 003 - Число обучающихся, их родителей (законных представителей) и педагогических работников (Человек); | Y28: Российская Федерация; субъект Российской Федерации; Муниципальное образование; | AB28: Федеральный закон Государственная Дума РФ от 29.12.2012 №273-ФЗ Об образовании в Российской Федерации; | AE28: 2 - Бюджетное; 1 - Казенное; 3 - Автономное; | AF28: 8602200530/860201001 - 04513 - БЮДЖЕТНОЕ УЧРЕЖДЕНИЕ ВЫСШЕГО ОБРАЗОВАНИЯ ХАНТЫ-МАНСИЙСКОГО АВТОНОМНОГО ОКРУГА - ЮГРЫ "СУРГУТСКИЙ ГОСУДАРСТВЕННЫЙ ПЕДАГОГИЧЕСКИЙ УНИВЕРСИТЕТ"; | AH28: Нет | AI28: Нет | AK28: 06.12.2017 | AL28: 31.12.2099
A29: =M29&N29&O29&P29 -> Физические лица за исключением лиц с ОВЗ и инвалидов08.02.01 Строительство и эксплуатация зданий и сооруженийОсновное общее образованиеОчная | B29: 24 | C29: 230 | D29: Департамент образования и молодежной политики Ханты-Мансийского автономного округа - Югры | E29: Общероссийский | F29: 37 | G29: Среднее профессиональное образование | H29: 852101О.99.0.ББ28АР12000 | J29: ББ28 | K29: Реализация образовательных программ среднего профессионального образования - программ подготовки специалистов среднего звена | L29: Услуга | M29: Физические лица за исключением лиц с ОВЗ и инвалидов | N29: 08.02.01 Строительство и эксплуатация зданий и сооружений | O29: Основное общее образование | P29: Очная | R29: Бесплатная | S29: физические лица, имеющие основное общее образование | T29: 85.21 | U29: 85.21.1 | V29: 001 - Численность обучающихся (Человек); | Y29: Муниципальное образование; субъект Российской Федерации; Российская Федерация; | AB29: Федеральный закон Государственная Дума РФ от 29.12.2012 №273-ФЗ Об образовании в Российской Федерации; Федеральный закон Государственная Дума РФ от 06.10.1999 №184-ФЗ Об общих принципах организации законодательных (представительных) и исполнительных органов государственной власти субъектов Российской Федерации; Федеральный закон Государственная Дума РФ от 06.10.2003 №131-ФЗ Об общих принципах организации местного самоуправления в Российской Федерации; Приказ Министерство образования и науки РФ от 29.10.2013 №1199 Об утверждении перечней профессий и специальностей среднего профессионального образования; | AF29: 8601010181/860101001 - 01524 - АВТОНОМНОЕ УЧРЕЖДЕНИЕ ПРОФЕССИОНАЛЬНОГО ОБРАЗОВАНИЯ ХАНТЫ-МАНСИЙСКОГО АВТОНОМНОГО ОКРУГА - ЮГРЫ "ХАНТЫ-МАНСИЙСКИЙ ТЕХНОЛОГО-ПЕДАГОГИЧЕСКИЙ КОЛЛЕДЖ"; 8610010220/861001001 - 04504 - БЮДЖЕТНОЕ УЧРЕЖДЕНИЕ ПРОФЕССИОНАЛЬНОГО ОБРАЗОВАНИЯ ХАНТЫ-МАНСИЙСКОГО АВТОНОМНОГО ОКРУГА - ЮГРЫ "НЯГАНСКИЙ ТЕХНОЛОГИЧЕСКИЙ КОЛЛЕДЖ"; 8622007951/862201001 - 04510 - БЮДЖЕТНОЕ УЧРЕЖДЕНИЕ ПРОФЕССИОНАЛЬНОГО ОБРАЗОВАНИЯ ХАНТЫ- МАНСИЙСКОГО АВТОНОМНОГО ОКРУГА - ЮГРЫ "ЮГОРСКИЙ ПОЛИТЕХНИЧЕСКИЙ КОЛЛЕДЖ"; 8603033000/860301001 - 04531 - БЮДЖЕТНОЕ УЧРЕЖДЕНИЕ ПРОФЕССИОНАЛЬНОГО ОБРАЗОВАНИЯ ХАНТЫ-МАНСИЙСКОГО АВТОНОМНОГО ОКРУГА - ЮГРЫ "НИЖНЕВАРТОВСКИЙ СТРОИТЕЛЬНЫЙ КОЛЛЕДЖ"; 8611006120/861101001 - 04508 - БЮДЖЕТНОЕ УЧРЕЖДЕНИЕ ПРОФЕССИОНАЛЬНОГО ОБРАЗОВАНИЯ ХАНТЫ-МАНСИЙСКОГО АВТОНОМНОГО ОКРУГА-ЮГРЫ "БЕЛОЯРСКИЙ ПОЛИТЕХНИЧЕСКИЙ КОЛЛЕДЖ"; 8602200072/860201001 - 01509 - АВТОНОМНОЕ УЧРЕЖДЕНИЕ ПРОФЕССИОНАЛЬНОГО ОБРАЗОВАНИЯ ХАНТЫ-МАНСИЙСКОГО АВТОНОМНОГО ОКРУГА - ЮГРЫ "СУРГУТСКИЙ ПОЛИТЕХНИЧЕСКИЙ КОЛЛЕДЖ"; | AH29: Нет | AI29: Нет | AK29: 01.01.2021 | AL29: 31.12.2099
A30: =M30&N30&O30&P30 -> Физические лица за исключением лиц с ОВЗ и инвалидов08.02.01 Строительство и эксплуатация зданий и сооруженийСреднее общее образованиеОчная | B30: 25 | C30: 230 | D30: Департамент образования и молодежной политики Ханты-Мансийского автономного округа - Югры | E30: Общероссийский | F30: 37 | G30: Среднее профессиональное образование | H30: 852101О.99.0.ББ28АР36000 | J30: ББ28 | K30: Реализация образовательных программ среднего профессионального образования - программ подготовки специалистов среднего звена | L30: Услуга | M30: Физические лица за исключением лиц с ОВЗ и инвалидов | N30: 08.02.01 Строительство и эксплуатация зданий и сооружений | O30: Среднее общее образование | P30: Очная | R30: Бесплатная | S30: физические лица, имеющие основное общее образование | T30: 85.21 | U30: 85.21.1 | V30: 001 - Численность обучающихся (Человек); | Y30: Муниципальное образование; Российская Федерация; субъект Российской Федерации; | AB30: Приказ Министерство образования и науки РФ от 29.10.2013 №1199 Об утверждении перечней профессий и специальностей среднего профессионального образования; Федеральный закон Государственная Дума РФ от 06.10.2003 №131-ФЗ Об общих принципах организации местного самоуправления в Российской Федерации; Федеральный закон Государственная Дума РФ от 06.10.1999 №184-ФЗ Об общих принципах организации законодательных (представительных) и исполнительных органов государственной власти субъектов Российской Федерации; Федеральный закон Государственная Дума РФ от 29.12.2012 №273-ФЗ Об образовании в Российской Федерации; | AF30: 8603033000/860301001 - 04531 - БЮДЖЕТНОЕ УЧРЕЖДЕНИЕ ПРОФЕССИОНАЛЬНОГО ОБРАЗОВАНИЯ ХАНТЫ-МАНСИЙСКОГО АВТОНОМНОГО ОКРУГА - ЮГРЫ "НИЖНЕВАРТОВСКИЙ СТРОИТЕЛЬНЫЙ КОЛЛЕДЖ"; 8601010181/860101001 - 01524 - АВТОНОМНОЕ УЧРЕЖДЕНИЕ ПРОФЕССИОНАЛЬНОГО ОБРАЗОВАНИЯ ХАНТЫ-МАНСИЙСКОГО АВТОНОМНОГО ОКРУГА - ЮГРЫ "ХАНТЫ-МАНСИЙСКИЙ ТЕХНОЛОГО-ПЕДАГОГИЧЕСКИЙ КОЛЛЕДЖ"; | AH30: Нет | AI30: Нет | AK30: 01.01.2017 | AL30: 31.12.2099
A31: =M31&N31&O31&P31 -> Физические лица с ОВЗ и инвалиды08.02.01 Строительство и эксплуатация зданий и сооруженийОсновное общее образованиеОчная | B31: 26 | C31: 230 | D31: Департамент образования и молодежной политики Ханты-Мансийского автономного округа - Югры | E31: Общероссийский | F31: 37 | G31: Среднее профессиональное образование | H31: 852101О.99.0.ББ28АР84000 | J31: ББ28 | K31: Реализация образовательных программ среднего профессионального образования - программ подготовки специалистов среднего звена | L31: Услуга | M31: Физические лица с ОВЗ и инвалиды | N31: 08.02.01 Строительство и эксплуатация зданий и сооружений | O31: Основное общее образование | P31: Очная | R31: Бесплатная | S31: физические лица, имеющие основное общее образование | T31: 85.21 | U31: 85.21.1 | V31: 001 - Численность обучающихся (Человек); | Y31: Муниципальное образование; субъект Российской Федерации; Российская Федерация; | AB31: Федеральный закон Государственная Дума РФ от 29.12.2012 №273-ФЗ Об образовании в Российской Федерации; Федеральный закон Государственная Дума РФ от 06.10.1999 №184-ФЗ Об общих принципах организации законодательных (представительных) и исполнительных органов государственной власти субъектов Российской Федерации; Федеральный закон Государственная Дума РФ от 06.10.2003 №131-ФЗ Об общих принципах организации местного самоуправления в Российской Федерации; Приказ Министерство образования и науки РФ от 29.10.2013 №1199 Об утверждении перечней профессий и специальностей среднего профессионального образования; | AF31: 8611006120/861101001 - 04508 - БЮДЖЕТНОЕ УЧРЕЖДЕНИЕ ПРОФЕССИОНАЛЬНОГО ОБРАЗОВАНИЯ ХАНТЫ-МАНСИЙСКОГО АВТОНОМНОГО ОКРУГА-ЮГРЫ "БЕЛОЯРСКИЙ ПОЛИТЕХНИЧЕСКИЙ КОЛЛЕДЖ"; | AH31: Нет | AI31: Нет | AK31: 01.01.2021 | AL31: 31.12.2999
A32: =M32&N32&O32&P32 -> Физические лица за исключением лиц с ОВЗ и инвалидов08.02.05 Строительство и эксплуатация автомобильных дорог и аэродромовОсновное общее образованиеОчная | B32: 27 | C32: 230 | D32: Департамент образования и молодежной политики Ханты-Мансийского автономного округа - Югры | E32: Общероссийский | F32: 37 | G32: Среднее профессиональное образование | H32: 852101О.99.0.ББ28АШ76000 | J32: ББ28 | K32: Реализация образовательных программ среднего профессионального образования - программ подготовки специалистов среднего звена | L32: Услуга | M32: Физические лица за исключением лиц с ОВЗ и инвалидов | N32: 08.02.05 Строительство и эксплуатация автомобильных дорог и аэродромов | O32: Основное общее образование | P32: Очная | R32: Бесплатная | S32: физические лица, имеющие основное общее образование | T32: 85.21 | U32: 85.21.1 | V32: 001 - Численность обучающихся (Человек); | Y32: Российская Федерация; субъект Российской Федерации; Муниципальное образование; | AB32: Приказ Министерство образования и науки РФ от 29.10.2013 №1199 Об утверждении перечней профессий и специальностей среднего профессионального образования; Федеральный закон Государственная Дума РФ от 06.10.2003 №131-ФЗ Об общих принципах организации местного самоуправления в Российской Федерации; Федеральный закон Государственная Дума РФ от 06.10.1999 №184-ФЗ Об общих принципах организации законодательных (представительных) и исполнительных органов государственной власти субъектов Российской Федерации; Федеральный закон Государственная Дума РФ от 29.12.2012 №273-ФЗ Об образовании в Российской Федерации; | AF32: 8601010181/860101001 - 01524 - АВТОНОМНОЕ УЧРЕЖДЕНИЕ ПРОФЕССИОНАЛЬНОГО ОБРАЗОВАНИЯ ХАНТЫ-МАНСИЙСКОГО АВТОНОМНОГО ОКРУГА - ЮГРЫ "ХАНТЫ-МАНСИЙСКИЙ ТЕХНОЛОГО-ПЕДАГОГИЧЕСКИЙ КОЛЛЕДЖ"; 8603033000/860301001 - 04531 - БЮДЖЕТНОЕ УЧРЕЖДЕНИЕ ПРОФЕССИОНАЛЬНОГО ОБРАЗОВАНИЯ ХАНТЫ-МАНСИЙСКОГО АВТОНОМНОГО ОКРУГА - ЮГРЫ "НИЖНЕВАРТОВСКИЙ СТРОИТЕЛЬНЫЙ КОЛЛЕДЖ"; | AH32: Нет | AI32: Нет | AK32: 01.01.2017 | AL32: 31.12.2099
A33: =M33&N33&O33&P33 -> Физические лица за исключением лиц с ОВЗ и инвалидов09.02.01 Компьютерные системы и комплексыОсновное общее образованиеОчная | B33: 28 | C33: 230 | D33: Департамент образования и молодежной политики Ханты-Мансийского автономного округа - Югры | E33: Общероссийский | F33: 37 | G33: Среднее профессиональное образование | H33: 852101О.99.0.ББ28БО04000 | J33: ББ28 | K33: Реализация образовательных программ среднего профессионального образования - программ подготовки специалистов среднего звена | L33: Услуга | M33: Физические лица за исключением лиц с ОВЗ и инвалидов | N33: 09.02.01 Компьютерные системы и комплексы | O33: Основное общее образование | P33: Очная | R33: Бесплатная | S33: физические лица, имеющие основное общее образование | T33: 85.21 | U33: 85.21.1 | V33: 001 - Численность обучающихся (Человек); | Y33: Российская Федерация; субъект Российской Федерации; Муниципальное образование; | AB33: Приказ Министерство образования и науки РФ от 29.10.2013 №1199 Об утверждении перечней профессий и специальностей среднего профессионального образования; Федеральный закон Государственная Дума РФ от 06.10.2003 №131-ФЗ Об общих принципах организации местного самоуправления в Российской Федерации; Федеральный закон Государственная Дума РФ от 06.10.1999 №184-ФЗ Об общих принципах организации законодательных (представительных) и исполнительных органов государственной власти субъектов Российской Федерации; Федеральный закон Государственная Дума РФ от 29.12.2012 №273-ФЗ Об образовании в Российской Федерации; | AF33: 8607004794/860701001 - 04441 - БЮДЖЕТНОЕ УЧРЕЖДЕНИЕ ПРОФЕССИОНАЛЬНОГО ОБРАЗОВАНИЯ ХАНТЫ-МАНСИЙСКОГО АВТОНОМНОГО ОКРУГА - ЮГРЫ "ЛАНГЕПАССКИЙ ПОЛИТЕХНИЧЕСКИЙ КОЛЛЕДЖ"; 8602200072/860201001 - 01509 - АВТОНОМНОЕ УЧРЕЖДЕНИЕ ПРОФЕССИОНАЛЬНОГО ОБРАЗОВАНИЯ ХАНТЫ-МАНСИЙСКОГО АВТОНОМНОГО ОКРУГА - ЮГРЫ "СУРГУТСКИЙ ПОЛИТЕХНИЧЕСКИЙ КОЛЛЕДЖ"; | AH33: Нет | AI33: Нет | AK33: 01.01.2017 | AL33: 31.12.2099
A34: =M34&N34&O34&P34 -> Физические лица с ОВЗ и инвалиды09.02.01 Компьютерные системы и комплексыОсновное общее образованиеОчная | B34: 29 | C34: 230 | D34: Департамент образования и молодежной политики Ханты-Мансийского автономного округа - Югры | E34: Общероссийский | F34: 37 | G34: Среднее профессиональное образование | H34: 852101О.99.0.ББ28БО76000 | J34: ББ28 | K34: Реализация образовательных программ среднего профессионального образования - программ подготовки специалистов среднего звена | L34: Услуга | M34: Физические лица с ОВЗ и инвалиды | N34: 09.02.01 Компьютерные системы и комплексы | O34: Основное общее образование | P34: Очная | R34: Бесплатная | S34: физические лица, имеющие основное общее образование | T34: 85.21 | U34: 85.21.1 | V34: 001 - Численность обучающихся (Человек); | Y34: Российская Федерация; субъект Российской Федерации; Муниципальное образование; | AB34: Федеральный закон Государственная Дума РФ от 29.12.2012 №273-ФЗ Об образовании в Российской Федерации; Федеральный закон Государственная Дума РФ от 06.10.1999 №184-ФЗ Об общих принципах организации законодательных (представительных) и исполнительных органов государственной власти субъектов Российской Федерации; Федеральный закон Государственная Дума РФ от 06.10.2003 №131-ФЗ Об общих принципах организации местного самоуправления в Российской Федерации; Приказ Министерство образования и науки РФ от 29.10.2013 №1199 Об утверждении перечней профессий и специальностей среднего профессионального образования; | AF34: 8607004794/860701001 - 04441 - БЮДЖЕТНОЕ УЧРЕЖДЕНИЕ ПРОФЕССИОНАЛЬНОГО ОБРАЗОВАНИЯ ХАНТЫ-МАНСИЙСКОГО АВТОНОМНОГО ОКРУГА - ЮГРЫ "ЛАНГЕПАССКИЙ ПОЛИТЕХНИЧЕСКИЙ КОЛЛЕДЖ"; 8602200072/860201001 - 01509 - АВТОНОМНОЕ УЧРЕЖДЕНИЕ ПРОФЕССИОНАЛЬНОГО ОБРАЗОВАНИЯ ХАНТЫ-МАНСИЙСКОГО АВТОНОМНОГО ОКРУГА - ЮГРЫ "СУРГУТСКИЙ ПОЛИТЕХНИЧЕСКИЙ КОЛЛЕДЖ"; | AH34: Нет | AI34: Нет | AK34: 01.01.2021 | AL34: 31.12.2099
A35: =M35&N35&O35&P35 -> Физические лица за исключением лиц с ОВЗ и инвалидов09.02.02 Компьютерные сетиОсновное общее образованиеОчная | B35: 30 | C35: 230 | D35: Департамент образования и молодежной политики Ханты-Мансийского автономного округа - Югры | E35: Общероссийский | F35: 37 | G35: Среднее профессиональное образование | H35: 852101О.99.0.ББ28БР20000 | J35: ББ28 | K35: Реализация образовательных программ среднего профессионального образования - программ подготовки специалистов среднего звена | L35: Услуга | M35: Физические лица за исключением лиц с ОВЗ и инвалидов | N35: 09.02.02 Компьютерные сети | O35: Основное общее образование | P35: Очная | R35: Бесплатная | S35: физические лица, имеющие основное общее образование | T35: 85.21 | U35: 85.21.1 | V35: 001 - Численность обучающихся (Человек); | Y35: Российская Федерация; субъект Российской Федерации; Муниципальное образование; | AB35: Приказ Министерство образования и науки РФ от 29.10.2013 №1199 Об утверждении перечней профессий и специальностей среднего профессионального образования; Федеральный закон Государственная Дума РФ от 06.10.2003 №131-ФЗ Об общих принципах организации местного самоуправления в Российской Федерации; Федеральный закон Государственная Дума РФ от 06.10.1999 №184-ФЗ Об общих принципах организации законодательных (представительных) и исполнительных органов государственной власти субъектов Российской Федерации; Федеральный закон Государственная Дума РФ от 29.12.2012 №273-ФЗ Об образовании в Российской Федерации; | AF35: 8607004794/860701001 - 04441 - БЮДЖЕТНОЕ УЧРЕЖДЕНИЕ ПРОФЕССИОНАЛЬНОГО ОБРАЗОВАНИЯ ХАНТЫ-МАНСИЙСКОГО АВТОНОМНОГО ОКРУГА - ЮГРЫ "ЛАНГЕПАССКИЙ ПОЛИТЕХНИЧЕСКИЙ КОЛЛЕДЖ"; 8610010220/861001001 - 04504 - БЮДЖЕТНОЕ УЧРЕЖДЕНИЕ ПРОФЕССИОНАЛЬНОГО ОБРАЗОВАНИЯ ХАНТЫ-МАНСИЙСКОГО АВТОНОМНОГО ОКРУГА - ЮГРЫ "НЯГАНСКИЙ ТЕХНОЛОГИЧЕСКИЙ КОЛЛЕДЖ"; | AH35: Нет | AI35: Нет | AK35: 01.01.2021 | AL35: 31.12.2099
A36: =M36&N36&O36&P36 -> Физические лица за исключением лиц с ОВЗ и инвалидов09.02.03 Программирование в компьютерных системахОсновное общее образованиеОчная | B36: 31 | C36: 230 | D36: Департамент образования и молодежной политики Ханты-Мансийского автономного округа - Югры | E36: Общероссийский | F36: 37 | G36: Среднее профессиональное образование | H36: 852101О.99.0.ББ28БТ36000 | J36: ББ28 | K36: Реализация образовательных программ среднего профессионального образования - программ подготовки специалистов среднего звена | L36: Услуга | M36: Физические лица за исключением лиц с ОВЗ и инвалидов | N36: 09.02.03 Программирование в компьютерных системах | O36: Основное общее образование | P36: Очная | R36: Бесплатная | S36: физические лица, имеющие основное общее образование | T36: 85.21 | U36: 85.21.1 | V36: 001 - Численность обучающихся (Человек); | Y36: Российская Федерация; субъект Российской Федерации; Муниципальное образование; | AB36: Приказ Министерство образования и науки РФ от 29.10.2013 №1199 Об утверждении перечней профессий и специальностей среднего профессионального образования; Федеральный закон Государственная Дума РФ от 06.10.2003 №131-ФЗ Об общих принципах организации местного самоуправления в Российской Федерации; Федеральный закон Государственная Дума РФ от 06.10.1999 №184-ФЗ Об общих принципах организации законодательных (представительных) и исполнительных органов государственной власти субъектов Российской Федерации; Федеральный закон Государственная Дума РФ от 29.12.2012 №273-ФЗ Об образовании в Российской Федерации; | AF36: 8606004015/860601001 - 04506 - БЮДЖЕТНОЕ УЧРЕЖДЕНИЕ ПРОФЕССИОНАЛЬНОГО ОБРАЗОВАНИЯ ХАНТЫ-МАНСИЙСКОГО АВТОНОМНОГО ОКРУГА - ЮГРЫ "УРАЙСКИЙ ПОЛИТЕХНИЧЕСКИЙ КОЛЛЕДЖ"; 8602200072/860201001 - 01509 - АВТОНОМНОЕ УЧРЕЖДЕНИЕ ПРОФЕССИОНАЛЬНОГО ОБРАЗОВАНИЯ ХАНТЫ-МАНСИЙСКОГО АВТОНОМНОГО ОКРУГА - ЮГРЫ "СУРГУТСКИЙ ПОЛИТЕХНИЧЕСКИЙ КОЛЛЕДЖ"; 8603068853/860301001 - 04530 - БЮДЖЕТНОЕ УЧРЕЖДЕНИЕ ПРОФЕССИОНАЛЬНОГО ОБРАЗОВАНИЯ ХАНТЫ-МАНСИЙСКОГО АВТОНОМНОГО ОКРУГА - ЮГРЫ "НИЖНЕВАРТОВСКИЙ СОЦИАЛЬНО-ГУМАНИТАРНЫЙ КОЛЛЕДЖ"; 8603031660/860301001 - 04526 - БЮДЖЕТНОЕ УЧРЕЖДЕНИЕ ПРОФЕССИОНАЛЬНОГО ОБРАЗОВАНИЯ ХАНТЫ-МАНСИЙСКОГО АВТОНОМНОГО ОКРУГА - ЮГРЫ "НИЖНЕВАРТОВСКИЙ ПОЛИТЕХНИЧЕСКИЙ КОЛЛЕДЖ"; 8616001655/861601001 - 00030 - БЮДЖЕТНОЕ УЧРЕЖДЕНИЕ ПРОФЕССИОНАЛЬНОГО ОБРАЗОВАНИЯ ХАНТЫ-МАНСИЙСКОГО АВТОНОМНОГО ОКРУГА - ЮГРЫ "МЕЖДУРЕЧЕНСКИЙ АГРОПРОМЫШЛЕННЫЙ КОЛЛЕДЖ"; | AH36: Нет | AI36: Нет | AK36: 01.01.2021 | AL36: 31.12.2099
A37: =M37&N37&O37&P37 -> Физические лица с ОВЗ и инвалиды09.02.03 Программирование в компьютерных системахОсновное общее образованиеОчная | B37: 32 | C37: 230 | D37: Департамент образования и молодежной политики Ханты-Мансийского автономного округа - Югры | E37: Общероссийский | F37: 37 | G37: Среднее профессиональное образование | H37: 852101О.99.0.ББ28БУ08000 | J37: ББ28 | K37: Реализация образовательных программ среднего профессионального образования - программ подготовки специалистов среднего звена | L37: Услуга | M37: Физические лица с ОВЗ и инвалиды | N37: 09.02.03 Программирование в компьютерных системах | O37: Основное общее образование | P37: Очная | R37: Бесплатная | S37: физические лица, имеющие основное общее образование | T37: 85.21 | U37: 85.21.1 | V37: 001 - Численность обучающихся (Человек); | Y37: Российская Федерация; субъект Российской Федерации; Муниципальное образование; | AB37: Приказ Министерство образования и науки РФ от 29.10.2013 №1199 Об утверждении перечней профессий и специальностей среднего профессионального образования; Федеральный закон Государственная Дума РФ от 06.10.2003 №131-ФЗ Об общих принципах организации местного самоуправления в Российской Федерации; Федеральный закон Государственная Дума РФ от 06.10.1999 №184-ФЗ Об общих принципах организации законодательных (представительных) и исполнительных органов государственной власти субъектов Российской Федерации; Федеральный закон Государственная Дума РФ от 29.12.2012 №273-ФЗ Об образовании в Российской Федерации; | AF37: 8605015800/860501001 - 04525 - БЮДЖЕТНОЕ УЧРЕЖДЕНИЕ ПРОФЕССИОНАЛЬНОГО ОБРАЗОВАНИЯ ХАНТЫ-МАНСИЙСКОГО АВТОНОМНОГО ОКРУГА - ЮГРЫ "МЕГИОНСКИЙ ПОЛИТЕХНИЧЕСКИЙ КОЛЛЕДЖ"; 8603068853/860301001 - 04530 - БЮДЖЕТНОЕ УЧРЕЖДЕНИЕ ПРОФЕССИОНАЛЬНОГО ОБРАЗОВАНИЯ ХАНТЫ-МАНСИЙСКОГО АВТОНОМНОГО ОКРУГА - ЮГРЫ "НИЖНЕВАРТОВСКИЙ СОЦИАЛЬНО-ГУМАНИТАРНЫЙ КОЛЛЕДЖ"; 8606004015/860601001 - 04506 - БЮДЖЕТНОЕ УЧРЕЖДЕНИЕ ПРОФЕССИОНАЛЬНОГО ОБРАЗОВАНИЯ ХАНТЫ-МАНСИЙСКОГО АВТОНОМНОГО ОКРУГА - ЮГРЫ "УРАЙСКИЙ ПОЛИТЕХНИЧЕСКИЙ КОЛЛЕДЖ"; 8611006120/861101001 - 04508 - БЮДЖЕТНОЕ УЧРЕЖДЕНИЕ ПРОФЕССИОНАЛЬНОГО ОБРАЗОВАНИЯ ХАНТЫ-МАНСИЙСКОГО АВТОНОМНОГО ОКРУГА-ЮГРЫ "БЕЛОЯРСКИЙ ПОЛИТЕХНИЧЕСКИЙ КОЛЛЕДЖ"; 8603031660/860301001 - 04526 - БЮДЖЕТНОЕ УЧРЕЖДЕНИЕ ПРОФЕССИОНАЛЬНОГО ОБРАЗОВАНИЯ ХАНТЫ-МАНСИЙСКОГО АВТОНОМНОГО ОКРУГА - ЮГРЫ "НИЖНЕВАРТОВСКИЙ ПОЛИТЕХНИЧЕСКИЙ КОЛЛЕДЖ"; | AH37: Нет | AI37: Нет | AK37: 01.01.2017 | AL37: 31.12.2099
A38: =M38&N38&O38&P38 -> Физические лица за исключением лиц с ОВЗ и инвалидов09.02.04 Информационные системы (по отраслям)Основное общее образованиеОчная | B38: 33 | C38: 230 | D38: Департамент образования и молодежной политики Ханты-Мансийского автономного округа - Югры | E38: Общероссийский | F38: 37 | G38: Среднее профессиональное образование | H38: 852101О.99.0.ББ28БФ52000 | J38: ББ28 | K38: Реализация образовательных программ среднего профессионального образования - программ подготовки специалистов среднего звена | L38: Услуга | M38: Физические лица за исключением лиц с ОВЗ и инвалидов | N38: 09.02.04 Информационные системы (по отраслям) | O38: Основное общее образование | P38: Очная | R38: Бесплатная | S38: физические лица, имеющие основное общее образование | T38: 85.21 | U38: 85.21.1 | V38: 001 - Численность обучающихся (Человек); | Y38: Российская Федерация; субъект Российской Федерации; Муниципальное образование; | AB38: Приказ Министерство образования и науки РФ от 29.10.2013 №1199 Об утверждении перечней профессий и специальностей среднего профессионального образования; Федеральный закон Государственная Дума РФ от 06.10.2003 №131-ФЗ Об общих принципах организации местного самоуправления в Российской Федерации; Федеральный закон Государственная Дума РФ от 06.10.1999 №184-ФЗ Об общих принципах организации законодательных (представительных) и исполнительных органов государственной власти субъектов Российской Федерации; Федеральный закон Государственная Дума РФ от 29.12.2012 №273-ФЗ Об образовании в Российской Федерации; | AF38: 8605015800/860501001 - 04525 - БЮДЖЕТНОЕ УЧРЕЖДЕНИЕ ПРОФЕССИОНАЛЬНОГО ОБРАЗОВАНИЯ ХАНТЫ-МАНСИЙСКОГО АВТОНОМНОГО ОКРУГА - ЮГРЫ "МЕГИОНСКИЙ ПОЛИТЕХНИЧЕСКИЙ КОЛЛЕДЖ"; 8601010181/860101001 - 01524 - АВТОНОМНОЕ УЧРЕЖДЕНИЕ ПРОФЕССИОНАЛЬНОГО ОБРАЗОВАНИЯ ХАНТЫ-МАНСИЙСКОГО АВТОНОМНОГО ОКРУГА - ЮГРЫ "ХАНТЫ-МАНСИЙСКИЙ ТЕХНОЛОГО-ПЕДАГОГИЧЕСКИЙ КОЛЛЕДЖ"; 8622007951/862201001 - 04510 - БЮДЖЕТНОЕ УЧРЕЖДЕНИЕ ПРОФЕССИОНАЛЬНОГО ОБРАЗОВАНИЯ ХАНТЫ- МАНСИЙСКОГО АВТОНОМНОГО ОКРУГА - ЮГРЫ "ЮГОРСКИЙ ПОЛИТЕХНИЧЕСКИЙ КОЛЛЕДЖ"; | AH38: Нет | AI38: Нет | AK38: 01.01.2017 | AL38: 31.12.2099
